Workbook

Sheet SNA 01-2018
B1: STB THAMEUR | C1: STB MEGRINE | D1: BTK | G1: MEG EURO | I1: MEG $
A2: SOLDE 31/12/2017 | B2: -1091.385 | C2: -2708598.4 | D2: 21951.634 | E2: =SUM(B2:D2) -> -2687738.2 | G2: 417021.86 | I2: 2124.54
A3: RECETTE | B3: =SUM(B4:B12) -> 10000 | C3: =SUM(C4:C12) -> 1950000 | D3: =SUM(D4:D12) -> 0 | E3: =SUM(B3:D3) -> 1960000 | G3: =SUM(G4:G12) -> 122000 | I3: =SUM(I4:I12) -> 0
A4: SND CHEQUE | B4: 10000 | C4: 1950000 | E4: =SUM(B4:D4) -> 1960000
A5: SND TRAITE | E5: =SUM(B5:D5) -> 0
A6: INTERETESCOMPTE TRAITE | E6: =SUM(B6:D6) -> 0
A7: BATTERIEDENIEST | E7: =SUM(B7:D7) -> 0
A8: ERRAFIK EL DAYEM | E8: =SUM(B8:D8) -> 0 | G8: 122000
A9: COTE D'IVOIR | E9: =SUM(B9:D9) -> 0
A10: MED ENERGY | E10: =SUM(B10:D10) -> 0
A11: NOUR GERMANY | E11: =SUM(B11:D11) -> 0
A12: VIREMENT RECU | E12: =SUM(B12:D12) -> 0
A13: AUTRES RECETTE | B13: =SUM(B14:B21) -> 0 | C13: =SUM(C14:C21) -> 427102.6 | D13: =SUM(D14:D21) -> 0 | E13: =SUM(B13:D13) -> 427102.6 | G13: =SUM(G14:G21) -> 0 | I13: =SUM(I14:I21) -> 0
A14: AUGMENTATION CAPITAL | E14: =SUM(B14:D14) -> 0
A15: DEBLOCAGE CMT | E15: =SUM(B15:D15) -> 0
A16: BLOCAGE | C16: -72897.4 | E16: =SUM(B16:D16) -> -72897.4
A17: BILLET DE TRESORERIE | E17: =SUM(B17:D17) -> 0
A18: PLACEMENT | C18: 500000 | E18: =SUM(B18:D18) -> 500000
A19: RESTITUTION TVA | E19: =SUM(B19:D19) -> 0
A20: VENTE DOLLARS | E20: =SUM(B20:D20) -> 0
A21: VENTE EURO | E21: =SUM(B21:D21) -> 0
A22: ENGAGEMENT BANCAIRE | B22: =SUM(B23:B43) -> -2921.181 | C22: =SUM(C23:C43) -> -306989.52 | D22: =SUM(D23:D43) -> -21930.277 | E22: =SUM(B22:D22) -> -331840.98 | G22: =SUM(G23:G43) -> 0 | I22: =SUM(I23:I43) -> 0
A23: CMT 1000 | E23: =SUM(B23:D23) -> 0
A24: CMT 1000 1 | C24: -71428.571 | E24: =SUM(B24:D24) -> -71428.571
A25: CMT 1150 | E25: =SUM(B25:D25) -> 0
A26: CMT 1250 | E26: =SUM(B26:D26) -> 0
A27: CMT 2418 | C27: -152000.28 | E27: =SUM(B27:D27) -> -152000.28
A28: CMT 2500 | E28: =SUM(B28:D28) -> 0
A29: CMT 350 | E29: =SUM(B29:D29) -> 0
A30: CMT 500 | E30: =SUM(B30:D30) -> 0
A31: CMT BTK | D31: =-10722-1625.716 -> -12347.716 | E31: =SUM(B31:D31) -> -12347.716
A32: CREDIT DE GESTION | E32: =SUM(B32:D32) -> 0
A33: INTERET CMT 1000 | C33: -17515.565 | E33: =SUM(B33:D33) -> -17515.565
A34: INTERET CMT 1000 1 | C34: -2820.968 | E34: =SUM(B34:D34) -> -2820.968
A35: INTERET CMT 1150 | C35: -20142.9 | E35: =SUM(B35:D35) -> -20142.9
A36: INTERET CMT 1250 | E36: =SUM(B36:D36) -> 0
A37: INTERET CMT 2418 | C37: -14565.571 | E37: =SUM(B37:D37) -> -14565.571
A38: INTERET CMT 2500 | E38: =SUM(B38:D38) -> 0
A39: INTERET CMT 350 | C39: -6130.448 | E39: =SUM(B39:D39) -> -6130.448
A40: INTERET CMT 500 | C40: -17515.564 | E40: =SUM(B40:D40) -> -17515.564
A41: INTERET CMT BTK | D41: =-9370.857-211.704 -> -9582.561 | E41: =SUM(B41:D41) -> -9582.561
A42: INTERET CREDIT DE GESTION | E42: =SUM(B42:D42) -> 0
A43: LEASING | B43: -2921.181 | C43: -4869.653 | E43: =SUM(B43:D43) -> -7790.834
A44: FRAIS BANQUE | B44: =SUM(B45:B81) -> -157.034 | C44: =SUM(C45:C81) -> -100489.58 | D44: =SUM(D45:D81) -> -28.497 | E44: =SUM(B44:D44) -> -100675.11 | G44: =SUM(G45:G81) -> -488 | I44: =SUM(I45:I81) -> 0
A45: AFFRANCHISSEMENT | C45: -5 | E45: =SUM(B45:D45) -> -5
A46: AGIOS DEBITEURS | B46: -144.612 | C46: -96271.656 | E46: =SUM(B46:D46) -> -96416.268
A47: COMMISION OBLIGATION | C47: -904.862 | E47: =SUM(B47:D47) -> -904.862
A48: COMMISSION / VERS CHQ | C48: -0.405 | E48: =SUM(B48:D48) -> -0.405
A49: COMMISSION ADMISSION TEMPORAIRE | C49: -776.398 | E49: =SUM(B49:D49) -> -776.398
A50: COMMISSION CAUTION DEF | C50: -87.889 | E50: =SUM(B50:D50) -> -87.889
A51: COMMISSION CHQ CERTIFIE | C51: -42.84 | E51: =SUM(B51:D51) -> -42.84
A52: COMMISSION D'ADHESION | C52: -119 | D52: =-7.14-7.14 -> -14.28 | E52: =SUM(B52:D52) -> -133.28
A53: COMMISSION DE CHANGE | E53: =SUM(B53:D53) -> 0
A54: COMMISSION DE DOMICILIATION | C54: -144.5 | E54: =SUM(B54:D54) -> -144.5
A55: COMMISSION DE MODIFICATION | C55: -30 | E55: =SUM(B55:D55) -> -30
A56: COMMISSION DE NOTIFICATION | E56: =SUM(B56:D56) -> 0
A57: COMMISSION DE REALISATION L/C IMP | E57: =SUM(B57:D57) -> 0
A58: COMMISSION DE TRANSMISSION | E58: =SUM(B58:D58) -> 0
A59: COMMISSION DELIVRANCE BON A PAYER | E59: =SUM(B59:D59) -> 0
A60: COMMISSION DEMANDE DE DEPASSEMENT | B60: -10.28 | C60: -35.7 | E60: =SUM(B60:D60) -> -45.98
A61: COMMISSION D'ENGAGEMENT SUR CREDI | E61: =SUM(B61:D61) -> 0
A62: COMMISSION D'ENVOI A L'ENCAISSEME | C62: -40 | E62: =SUM(B62:D62) -> -40
A63: COMMISSION D'ETUDE | C63: -20 | E63: =SUM(B63:D63) -> -20
A64: COMMISSION ESCOMPTE | E64: =SUM(B64:D64) -> 0
A65: COMMISSION PREAVIS | E65: =SUM(B65:D65) -> 0
A66: COMMISSION REGLEMENT EFFET | C66: -28.56 | D66: -6 | E66: =SUM(B66:D66) -> -34.56
A67: COMMISSION REGLEMENT EFFET FINANC | C67: -15.96 | E67: =SUM(B67:D67) -> -15.96
A68: COMMISSION REJET | E68: =SUM(B68:D68) -> 0
A69: COMMISSION SUR PRELEVEMENT | B69: -2.142 | C69: -2.142 | E69: =SUM(B69:D69) -> -4.284
A70: COMMISSION VERSEMENT ESPECE | E70: =SUM(B70:D70) -> 0 | G70: -488
A71: COMMISSION VIREMENT | C71: -14.28 | E71: =SUM(B71:D71) -> -14.28
A72: COMMISSION VIREMENT EMIS | E72: =SUM(B72:D72) -> 0
A73: COMMISSION VIREMENT RECU EN DINAR | E73: =SUM(B73:D73) -> 0
A74: FRAIS OBLIGATION | C74: -59.5 | E74: =SUM(B74:D74) -> -59.5
A75: FRAIS TELECOMPENSATION | C75: -0.19 | E75: =SUM(B75:D75) -> -0.19
A76: INETERET DE RETARD | C76: -109.52 | D76: -7.107 | E76: =SUM(B76:D76) -> -116.627
A77: PENALITE DE RETARD | C77: -13.626 | E77: =SUM(B77:D77) -> -13.626
A78: S B E | C78: -1691.463 | E78: =SUM(B78:D78) -> -1691.463
A79: RECUPERATION FRAIS SUR DOMICILIAT | E79: =SUM(B79:D79) -> 0
A80: SWIFT | C80: -27 | E80: =SUM(B80:D80) -> -27
A81: TVA | C81: -49.085 | D81: =-0.54-0.57 -> -1.11 | E81: =SUM(B81:D81) -> -50.195
A82: CHARGE PERSONNEL | B82: =SUM(B83:B86) -> 0 | C82: =SUM(C83:C86) -> -266368.44 | D82: =SUM(D83:D86) -> 0 | E82: =SUM(B82:D82) -> -266368.44 | G82: =SUM(G83:G86) -> 0 | I82: =SUM(I83:I86) -> 0
A83: AVANCE | C83: -5350 | E83: =SUM(B83:D83) -> -5350
A84: PRÊT | C84: -3100 | E84: =SUM(B84:D84) -> -3100
A85: SALAIRE | C85: -143838.37 | E85: =SUM(B85:D85) -> -143838.37
A86: CNSS | C86: -114080.07 | E86: =SUM(B86:D86) -> -114080.07
A87: SOCIETE DU GROUPE | B87: =SUM(B88:B94) -> 0 | C87: =SUM(C88:C94) -> -134176.25 | D87: =SUM(D88:D94) -> 0 | E87: =SUM(B87:D87) -> -134176.25 | G87: =SUM(G88:G94) -> 0 | I87: =SUM(I88:I94) -> 0
A88: DIVIDENDES | E88: =SUM(B88:D88) -> 0
A89: FONDERIE HNAYA | E89: =SUM(B89:D89) -> 0
A90: ALPHA MEDIA | E90: =SUM(B90:D90) -> 0
A91: NOUR HEMP | E91: =SUM(B91:D91) -> 0
A92: PHENICIA | E92: =SUM(B92:D92) -> 0
A93: STA NOUR | C93: 882.55 | E93: =SUM(B93:D93) -> 882.55
A94: TIP | C94: -135058.8 | E94: =SUM(B94:D94) -> -135058.8
A95: FOURNISSEURS ETRANGER | B95: =SUM(B96:B114) -> 0 | C95: =SUM(C96:C114) -> 0 | D95: =SUM(D96:D114) -> 0 | E95: =SUM(B95:D95) -> 0 | G95: =SUM(G96:G114) -> -34957.98 | I95: =SUM(I96:I114) -> 0
A96: ACCUMA | E96: =SUM(B96:D96) -> 0
A97: AKUMSAN | E97: =SUM(B97:D97) -> 0
A98: BIASIN | E98: =SUM(B98:D98) -> 0
A99: NIZI | E99: =SUM(B99:D99) -> 0
A100: DARAMIC | E100: =SUM(B100:D100) -> 0
...

Sheet SNA 02-2018
B1: STB THAMEUR | C1: STB MEGRINE | D1: BTK | G1: MEG EURO | I1: MEG $
A2: SOLDE 31/01/2018 | B2: ='SNA 01-2018'!B365 -> 4424.805 | C2: ='SNA 01-2018'!C365 -> -2698755.6 | D2: ='SNA 01-2018'!D365 -> -7.14 | E2: =SUM(B2:D2) -> -2694337.9 | G2: ='SNA 01-2018'!G365 -> 503575.88 | I2: ='SNA 01-2018'!I365 -> 2124.54
A3: RECETTE | B3: =SUM(B4:B12) -> 0 | C3: =SUM(C4:C12) -> 1550000 | D3: =SUM(D4:D12) -> 10000 | E3: =SUM(B3:D3) -> 1560000 | G3: =SUM(G4:G12) -> 70000 | I3: =SUM(I4:I12) -> 0
A4: SND CHEQUE | C4: 1550000 | D4: 10000 | E4: =SUM(B4:D4) -> 1560000
A5: SND TRAITE | E5: =SUM(B5:D5) -> 0
A6: INTERETESCOMPTE TRAITE | E6: =SUM(B6:D6) -> 0
A7: BATTERIEDENIEST | E7: =SUM(B7:D7) -> 0
A8: ERRAFIK EL DAYEM | E8: =SUM(B8:D8) -> 0 | G8: 70000
A9: COTE D'IVOIR | E9: =SUM(B9:D9) -> 0
A10: MED ENERGY | E10: =SUM(B10:D10) -> 0
A11: NOUR GERMANY | E11: =SUM(B11:D11) -> 0
A12: VIREMENT RECU | E12: =SUM(B12:D12) -> 0
A13: AUTRES RECETTE | B13: =SUM(B14:B21) -> 0 | C13: =SUM(C14:C21) -> 0 | D13: =SUM(D14:D21) -> 0 | E13: =SUM(B13:D13) -> 0 | G13: =SUM(G14:G21) -> 0 | I13: =SUM(I14:I21) -> 0
A14: AUGMENTATION CAPITAL | E14: =SUM(B14:D14) -> 0
A15: DEBLOCAGE CMT | E15: =SUM(B15:D15) -> 0
A16: BLOCAGE | E16: =SUM(B16:D16) -> 0
A17: BILLET DE TRESORERIE | E17: =SUM(B17:D17) -> 0
A18: PLACEMENT | E18: =SUM(B18:D18) -> 0
A19: RESTITUTION TVA | E19: =SUM(B19:D19) -> 0
A20: VENTE DOLLARS | E20: =SUM(B20:D20) -> 0
A21: VENTE EURO | E21: =SUM(B21:D21) -> 0
A22: ENGAGEMENT BANCAIRE | B22: =SUM(B23:B43) -> -2921.181 | C22: =SUM(C23:C43) -> -25583.657 | D22: =SUM(D23:D43) -> -9058.984 | E22: =SUM(B22:D22) -> -37563.822 | G22: =SUM(G23:G43) -> 0 | I22: =SUM(I23:I43) -> 0
A23: CMT 1000 | E23: =SUM(B23:D23) -> 0
A24: CMT 1000 1 | E24: =SUM(B24:D24) -> 0
A25: CMT 1150 | E25: =SUM(B25:D25) -> 0
A26: CMT 1250 | E26: =SUM(B26:D26) -> 0
A27: CMT 2418 | C27: -20714.004 | E27: =SUM(B27:D27) -> -20714.004
A28: CMT 2500 | E28: =SUM(B28:D28) -> 0
A29: CMT 350 | E29: =SUM(B29:D29) -> 0
A30: CMT 500 | E30: =SUM(B30:D30) -> 0
A31: CMT BTK | D31: -9058.984 | E31: =SUM(B31:D31) -> -9058.984
A32: CREDIT DE GESTION | E32: =SUM(B32:D32) -> 0
A33: INTERET CMT 1000 | E33: =SUM(B33:D33) -> 0
A34: INTERET CMT 1000 1 | E34: =SUM(B34:D34) -> 0
A35: INTERET CMT 1150 | E35: =SUM(B35:D35) -> 0
A36: INTERET CMT 1250 | E36: =SUM(B36:D36) -> 0
A37: INTERET CMT 2418 | E37: =SUM(B37:D37) -> 0
A38: INTERET CMT 2500 | E38: =SUM(B38:D38) -> 0
A39: INTERET CMT 350 | E39: =SUM(B39:D39) -> 0
A40: INTERET CMT 500 | E40: =SUM(B40:D40) -> 0
A41: INTERET CMT BTK | E41: =SUM(B41:D41) -> 0
A42: INTERET CREDIT DE GESTION | E42: =SUM(B42:D42) -> 0
A43: LEASING | B43: -2921.181 | C43: -4869.653 | E43: =SUM(B43:D43) -> -7790.834
A44: FRAIS BANQUE | B44: =SUM(B45:B81) -> -2.142 | C44: =SUM(C45:C81) -> -1863.549 | D44: =SUM(D45:D81) -> -941.016 | E44: =SUM(B44:D44) -> -2806.707 | G44: =SUM(G45:G81) -> -280 | I44: =SUM(I45:I81) -> 0
A45: AFFRANCHISSEMENT | C45: -3 | E45: =SUM(B45:D45) -> -3
A46: AGIOS DEBITEURS | E46: =SUM(B46:D46) -> 0
A47: COMMISION OBLIGATION | C47: -478.001 | E47: =SUM(B47:D47) -> -478.001
A48: COMMISSION / VERS CHQ | C48: -0.357 | D48: -0.714 | E48: =SUM(B48:D48) -> -1.071
A49: COMMISSION ADMISSION TEMPORAIRE | C49: -389.838 | E49: =SUM(B49:D49) -> -389.838
A50: COMMISSION CAUTION DEF | C50: -44.13 | E50: =SUM(B50:D50) -> -44.13
A51: COMMISSION CHQ CERTIFIE | C51: -24.99 | E51: =SUM(B51:D51) -> -24.99
A52: COMMISSION D'ADHESION | D52: -7.14 | E52: =SUM(B52:D52) -> -7.14
A53: COMMISSION DE CHANGE | E53: =SUM(B53:D53) -> 0
A54: COMMISSION DE DOMICILIATION | C54: -120 | E54: =SUM(B54:D54) -> -120
A55: COMMISSION DE MODIFICATION | E55: =SUM(B55:D55) -> 0
A56: COMMISSION DE NOTIFICATION | E56: =SUM(B56:D56) -> 0
A57: COMMISSION DE REALISATION L/C IMP | E57: =SUM(B57:D57) -> 0
A58: COMMISSION DE TRANSMISSION | E58: =SUM(B58:D58) -> 0
A59: COMMISSION DELIVRANCE BON A PAYER | E59: =SUM(B59:D59) -> 0
A60: COMMISSION DEMANDE DE DEPASSEMENT | E60: =SUM(B60:D60) -> 0
A61: COMMISSION D'ENGAGEMENT SUR CREDI | E61: =SUM(B61:D61) -> 0
A62: COMMISSION D'ENVOI A L'ENCAISSEME | E62: =SUM(B62:D62) -> 0
A63: COMMISSION D'ETUDE | C63: -10 | E63: =SUM(B63:D63) -> -10
A64: COMMISSION ESCOMPTE | E64: =SUM(B64:D64) -> 0
A65: COMMISSION PREAVIS | E65: =SUM(B65:D65) -> 0
A66: COMMISSION REGLEMENT EFFET | C66: -23.8 | E66: =SUM(B66:D66) -> -23.8
A67: COMMISSION REGLEMENT EFFET FINANC | E67: =SUM(B67:D67) -> 0
A68: COMMISSION REJET | C68: -5.95 | E68: =SUM(B68:D68) -> -5.95
A69: COMMISSION SUR PRELEVEMENT | B69: -2.142 | C69: -2.142 | E69: =SUM(B69:D69) -> -4.284
A70: COMMISSION VERSEMENT ESPECE | E70: =SUM(B70:D70) -> 0 | G70: -280
A71: COMMISSION VIREMENT | E71: =SUM(B71:D71) -> 0
A72: COMMISSION VIREMENT EMIS | C72: -30 | E72: =SUM(B72:D72) -> -30
A73: COMMISSION VIREMENT RECU EN DINAR | E73: =SUM(B73:D73) -> 0
A74: FRAIS OBLIGATION | E74: =SUM(B74:D74) -> 0
A75: FRAIS TELECOMPENSATION | E75: =SUM(B75:D75) -> 0
A76: INETERET DE RETARD | C76: -115.941 | D76: -933.162 | E76: =SUM(B76:D76) -> -1049.103
A77: PENALITE DE RETARD | C77: -17.837 | E77: =SUM(B77:D77) -> -17.837
A78: PRELEVEMENT MANUEL | C78: -548.123 | E78: =SUM(B78:D78) -> -548.123
A79: RECUPERATION FRAIS SUR DOMICILIAT | E79: =SUM(B79:D79) -> 0
A80: SWIFT | C80: -16 | E80: =SUM(B80:D80) -> -16
A81: TVA | C81: -33.44 | E81: =SUM(B81:D81) -> -33.44
A82: CHARGE PERSONNEL | B82: =SUM(B83:B86) -> 0 | C82: =SUM(C83:C86) -> -7558.957 | D82: =SUM(D83:D86) -> 0 | E82: =SUM(B82:D82) -> -7558.957 | G82: =SUM(G83:G86) -> 0 | I82: =SUM(I83:I86) -> 0
A83: AVANCE | C83: -6850 | E83: =SUM(B83:D83) -> -6850
A84: PRÊT | C84: 350 | E84: =SUM(B84:D84) -> 350
A85: SALAIRE | C85: -523.396 | E85: =SUM(B85:D85) -> -523.396
A86: CNSS | C86: -535.561 | E86: =SUM(B86:D86) -> -535.561
A87: SOCIETE DU GROUPE | B87: =SUM(B88:B94) -> 0 | C87: =SUM(C88:C94) -> -47550 | D87: =SUM(D88:D94) -> 0 | E87: =SUM(B87:D87) -> -47550 | G87: =SUM(G88:G94) -> 0 | I87: =SUM(I88:I94) -> 0
A88: DIVIDENDES | E88: =SUM(B88:D88) -> 0
A89: FONDERIE HNAYA | E89: =SUM(B89:D89) -> 0
A90: ALPHA MEDIA | E90: =SUM(B90:D90) -> 0
A91: NOUR HEMP | E91: =SUM(B91:D91) -> 0
A92: PHENICIA | E92: =SUM(B92:D92) -> 0
A93: STA NOUR | E93: =SUM(B93:D93) -> 0
A94: TIP | C94: -47550 | E94: =SUM(B94:D94) -> -47550
A95: FOURNISSEURS ETRANGER | B95: =SUM(B96:B114) -> 0 | C95: =SUM(C96:C114) -> 0 | D95: =SUM(D96:D114) -> 0 | E95: =SUM(B95:D95) -> 0 | G95: =SUM(G96:G114) -> -237207.31 | I95: =SUM(I96:I114) -> 0
A96: ACCUMA | E96: =SUM(B96:D96) -> 0
A97: AKUMSAN | E97: =SUM(B97:D97) -> 0
A98: BIASIN | E98: =SUM(B98:D98) -> 0
A99: NIZI | E99: =SUM(B99:D99) -> 0
A100: DARAMIC | E100: =SUM(B100:D100) -> 0 | G100: -47512.84
...

Sheet SNA 03-2018
B1: STB THAMEUR | C1: STB MEGRINE | D1: BTK | G1: MEG EURO | I1: MEG $
A2: SOLDE 28/02/2018 | B2: ='SNA 02-2018'!B365 -> 1501.482 | C2: ='SNA 02-2018'!C365 -> -3030011.5 | D2: ='SNA 02-2018'!D365 -> -7.14 | E2: =SUM(B2:D2) -> -3028517.2 | G2: ='SNA 02-2018'!G365 -> 336088.57 | I2: ='SNA 02-2018'!I365 -> 2124.54
A3: RECETTE | B3: =SUM(B4:B12) -> 21328.709 | C3: =SUM(C4:C12) -> 1440000 | D3: =SUM(D4:D12) -> 99296.339 | E3: =SUM(B3:D3) -> 1560625 | G3: =SUM(G4:G12) -> 210000 | I3: =SUM(I4:I12) -> 0
A4: SND CHEQUE | C4: 1440000 | E4: =SUM(B4:D4) -> 1440000
A5: SND TRAITE | D5: 100000 | E5: =SUM(B5:D5) -> 100000
A6: INTERETESCOMPTE TRAITE | D6: -703.661 | E6: =SUM(B6:D6) -> -703.661
A7: BATTERIEDENIEST | E7: =SUM(B7:D7) -> 0
A8: ERRAFIK EL DAYEM | E8: =SUM(B8:D8) -> 0 | G8: 210000
A9: COTE D'IVOIR | E9: =SUM(B9:D9) -> 0
A10: MED ENERGY | E10: =SUM(B10:D10) -> 0
A11: NOUR GERMANY | E11: =SUM(B11:D11) -> 0
A12: VIREMENT RECU | B12: 21328.709 | E12: =SUM(B12:D12) -> 21328.709
A13: AUTRES RECETTE | B13: =SUM(B14:B21) -> 0 | C13: =SUM(C14:C21) -> 53022.691 | D13: =SUM(D14:D21) -> 0 | E13: =SUM(B13:D13) -> 53022.691 | G13: =SUM(G14:G21) -> 0 | I13: =SUM(I14:I21) -> 0
A14: AUGMENTATION CAPITAL | E14: =SUM(B14:D14) -> 0
A15: DEBLOCAGE CMT | E15: =SUM(B15:D15) -> 0
A16: BLOCAGE | C16: 53022.691 | E16: =SUM(B16:D16) -> 53022.691
A17: BILLET DE TRESORERIE | E17: =SUM(B17:D17) -> 0
A18: PLACEMENT | E18: =SUM(B18:D18) -> 0
A19: RESTITUTION TVA | E19: =SUM(B19:D19) -> 0
A20: VENTE DOLLARS | E20: =SUM(B20:D20) -> 0
A21: VENTE EURO | E21: =SUM(B21:D21) -> 0
A22: ENGAGEMENT BANCAIRE | B22: =SUM(B23:B43) -> -2921.181 | C22: =SUM(C23:C43) -> -4869.653 | D22: =SUM(D23:D43) -> -95601.014 | E22: =SUM(B22:D22) -> -103391.85 | G22: =SUM(G23:G43) -> 0 | I22: =SUM(I23:I43) -> 0
A23: CMT 1000 | E23: =SUM(B23:D23) -> 0
A24: CMT 1000 1 | E24: =SUM(B24:D24) -> 0
A25: CMT 1150 | E25: =SUM(B25:D25) -> 0
A26: CMT 1250 | E26: =SUM(B26:D26) -> 0
A27: CMT 2418 | E27: =SUM(B27:D27) -> 0
A28: CMT 2500 | E28: =SUM(B28:D28) -> 0
A29: CMT 350 | E29: =SUM(B29:D29) -> 0
A30: CMT 500 | E30: =SUM(B30:D30) -> 0
A31: CMT BTK | D31: -95601.014 | E31: =SUM(B31:D31) -> -95601.014
A32: CREDIT DE GESTION | E32: =SUM(B32:D32) -> 0
A33: INTERET CMT 1000 | E33: =SUM(B33:D33) -> 0
A34: INTERET CMT 1000 1 | E34: =SUM(B34:D34) -> 0
A35: INTERET CMT 1150 | E35: =SUM(B35:D35) -> 0
A36: INTERET CMT 1250 | E36: =SUM(B36:D36) -> 0
A37: INTERET CMT 2418 | E37: =SUM(B37:D37) -> 0
A38: INTERET CMT 2500 | E38: =SUM(B38:D38) -> 0
A39: INTERET CMT 350 | E39: =SUM(B39:D39) -> 0
A40: INTERET CMT 500 | E40: =SUM(B40:D40) -> 0
A41: INTERET CMT BTK | E41: =SUM(B41:D41) -> 0
A42: INTERET CREDIT DE GESTION | E42: =SUM(B42:D42) -> 0
A43: LEASING | B43: -2921.181 | C43: -4869.653 | E43: =SUM(B43:D43) -> -7790.834
A44: FRAIS BANQUE | B44: =SUM(B45:B81) -> -51.886 | C44: =SUM(C45:C81) -> -16701.795 | D44: =SUM(D45:D81) -> -115.076 | E44: =SUM(B44:D44) -> -16868.757 | G44: =SUM(G45:G81) -> -865 | I44: =SUM(I45:I81) -> 0
A45: AFFRANCHISSEMENT | B45: -5 | C45: -2.5 | E45: =SUM(B45:D45) -> -7.5
A46: AGIOS DEBITEURS | D46: -58.057 | E46: =SUM(B46:D46) -> -58.057
A47: COMMISION OBLIGATION | C47: -70.897 | E47: =SUM(B47:D47) -> -70.897
A48: COMMISSION / VERS CHQ | C48: -0.357 | E48: =SUM(B48:D48) -> -0.357
A49: COMMISSION ADMISSION TEMPORAIRE | E49: =SUM(B49:D49) -> 0
A50: COMMISSION CAUTION DEF | E50: =SUM(B50:D50) -> 0
A51: COMMISSION CHQ CERTIFIE | C51: -35.7 | E51: =SUM(B51:D51) -> -35.7
A52: COMMISSION D'ADHESION | E52: =SUM(B52:D52) -> 0
A53: COMMISSION DE CHANGE | E53: =SUM(B53:D53) -> 0
A54: COMMISSION DE DOMICILIATION | C54: -104.5 | E54: =SUM(B54:D54) -> -104.5
A55: COMMISSION DE MODIFICATION | E55: =SUM(B55:D55) -> 0
A56: COMMISSION DE NOTIFICATION | C56: -15 | E56: =SUM(B56:D56) -> -15
A57: COMMISSION DE REALISATION L/C IMP | C57: -350 | E57: =SUM(B57:D57) -> -350
A58: COMMISSION DE TRANSMISSION | C58: -30 | E58: =SUM(B58:D58) -> -30
A59: COMMISSION DELIVRANCE BON A PAYER | C59: -17.85 | E59: =SUM(B59:D59) -> -17.85
A60: COMMISSION DEMANDE DE DEPASSEMENT | E60: =SUM(B60:D60) -> 0
A61: COMMISSION D'ENGAGEMENT SUR CREDI | E61: =SUM(B61:D61) -> 0
A62: COMMISSION D'ENVOI A L'ENCAISSEME | C62: -80 | E62: =SUM(B62:D62) -> -80
A63: COMMISSION D'ETUDE | B63: -20 | C63: -14895 | E63: =SUM(B63:D63) -> -14915
A64: COMMISSION ESCOMPTE | E64: =SUM(B64:D64) -> 0
A65: COMMISSION PREAVIS | C65: -41.65 | E65: =SUM(B65:D65) -> -41.65
A66: COMMISSION REGLEMENT EFFET | C66: -27.37 | E66: =SUM(B66:D66) -> -27.37
A67: COMMISSION REGLEMENT EFFET FINANC | C67: -2.38 | E67: =SUM(B67:D67) -> -2.38
A68: COMMISSION REJET | E68: =SUM(B68:D68) -> 0
A69: COMMISSION SUR PRELEVEMENT | B69: -2.142 | C69: -2.856 | E69: =SUM(B69:D69) -> -4.998
A70: COMMISSION VERSEMENT ESPECE | E70: =SUM(B70:D70) -> 0 | G70: -840
A71: COMMISSION VIREMENT | C71: -14.28 | E71: =SUM(B71:D71) -> -14.28
A72: COMMISSION VIREMENT EMIS | E72: =SUM(B72:D72) -> 0 | G72: -25
A73: COMMISSION VIREMENT RECU EN DINAR | B73: -1.904 | E73: =SUM(B73:D73) -> -1.904
A74: FRAIS OBLIGATION | E74: =SUM(B74:D74) -> 0
A75: FRAIS TELECOMPENSATION | E75: =SUM(B75:D75) -> 0
A76: INETERET DE RETARD | D76: -57.019 | E76: =SUM(B76:D76) -> -57.019
A77: PENALITE DE RETARD | E77: =SUM(B77:D77) -> 0
A78: PRELEVEMENT MANUEL | C78: -859.47 | E78: =SUM(B78:D78) -> -859.47
A79: RECUPERATION FRAIS SUR DOMICILIAT | E79: =SUM(B79:D79) -> 0
A80: SWIFT | B80: -16 | C80: -32 | E80: =SUM(B80:D80) -> -48
A81: TVA | B81: -6.84 | C81: -119.985 | E81: =SUM(B81:D81) -> -126.825
A82: CHARGE PERSONNEL | B82: =SUM(B83:B86) -> 0 | C82: =SUM(C83:C86) -> -191444.81 | D82: =SUM(D83:D86) -> 0 | E82: =SUM(B82:D82) -> -191444.81 | G82: =SUM(G83:G86) -> 0 | I82: =SUM(I83:I86) -> 0
A83: AVANCE | C83: -11680 | E83: =SUM(B83:D83) -> -11680
A84: PRÊT | C84: 1180.254 | E84: =SUM(B84:D84) -> 1180.254
A85: SALAIRE | C85: -180215.14 | E85: =SUM(B85:D85) -> -180215.14
A86: CNSS | C86: -729.919 | E86: =SUM(B86:D86) -> -729.919
A87: SOCIETE DU GROUPE | B87: =SUM(B88:B94) -> 0 | C87: =SUM(C88:C94) -> -100662.8 | D87: =SUM(D88:D94) -> 0 | E87: =SUM(B87:D87) -> -100662.8 | G87: =SUM(G88:G94) -> 0 | I87: =SUM(I88:I94) -> 0
A88: DIVIDENDES | C88: -21000 | E88: =SUM(B88:D88) -> -21000
A89: FONDERIE HNAYA | E89: =SUM(B89:D89) -> 0
A90: ALPHA MEDIA | E90: =SUM(B90:D90) -> 0
A91: NOUR HEMP | E91: =SUM(B91:D91) -> 0
A92: PHENICIA | E92: =SUM(B92:D92) -> 0
A93: STA NOUR | E93: =SUM(B93:D93) -> 0
A94: TIP | C94: -79662.8 | E94: =SUM(B94:D94) -> -79662.8
A95: FOURNISSEURS ETRANGER | B95: =SUM(B96:B114) -> 0 | C95: =SUM(C96:C114) -> -3404505.6 | D95: =SUM(D96:D114) -> 0 | E95: =SUM(B95:D95) -> -3404505.6 | G95: =SUM(G96:G114) -> -139395.75 | I95: =SUM(I96:I114) -> 0
A96: ACCUMA | E96: =SUM(B96:D96) -> 0 | G96: -92315.03
A97: AKUMSAN | E97: =SUM(B97:D97) -> 0
A98: BIASIN | E98: =SUM(B98:D98) -> 0
A99: NIZI | E99: =SUM(B99:D99) -> 0
A100: DARAMIC | E100: =SUM(B100:D100) -> 0 | G100: -46793.72
...

Sheet SNA 04-2018
B1: STB THAMEUR | C1: STB MEGRINE | D1: BTK | G1: MEG EURO | I1: MEG $
A2: SOLDE 31/03/2018 | B2: ='SNA 03-2018'!B365 -> 19857.124 | C2: ='SNA 03-2018'!C365 -> -7334342.9 | D2: ='SNA 03-2018'!D365 -> 3573.109 | E2: =SUM(B2:D2) -> -7310912.7 | G2: ='SNA 03-2018'!G365 -> 405827.82 | I2: ='SNA 03-2018'!I365 -> 2124.54
A3: RECETTE | B3: =SUM(B4:B12) -> 0 | C3: =SUM(C4:C12) -> 1792521.5 | D3: =SUM(D4:D12) -> 0 | E3: =SUM(B3:D3) -> 1792521.5 | G3: =SUM(G4:G12) -> 9960 | I3: =SUM(I4:I12) -> 0
A4: SND CHEQUE | C4: 1350000 | E4: =SUM(B4:D4) -> 1350000
A5: SND TRAITE | C5: 450000 | E5: =SUM(B5:D5) -> 450000
A6: INTERET ESCOMPTE TRAITE | C6: -7478.459 | E6: =SUM(B6:D6) -> -7478.459
A7: BATTERIEDENIEST | E7: =SUM(B7:D7) -> 0
A8: ERRAFIK EL DAYEM | E8: =SUM(B8:D8) -> 0
A9: COTE D'IVOIR | E9: =SUM(B9:D9) -> 0
A10: MED ENERGY | E10: =SUM(B10:D10) -> 0 | G10: 9960
A11: NOUR GERMANY | E11: =SUM(B11:D11) -> 0
A12: VIREMENT RECU | E12: =SUM(B12:D12) -> 0
A13: AUTRES RECETTE | B13: =SUM(B14:B21) -> 0 | C13: =SUM(C14:C21) -> 2961833.7 | D13: =SUM(D14:D21) -> 0 | E13: =SUM(B13:D13) -> 2961833.7 | G13: =SUM(G14:G21) -> 0 | I13: =SUM(I14:I21) -> 0
A14: AUGMENTATION CAPITAL | E14: =SUM(B14:D14) -> 0
A15: DEBLOCAGE CMT | C15: 2500000 | E15: =SUM(B15:D15) -> 2500000
A16: BLOCAGE | C16: -30000 | E16: =SUM(B16:D16) -> -30000
A17: BILLET DE TRESORERIE | C17: 491833.7 | E17: =SUM(B17:D17) -> 491833.7
A18: PLACEMENT | E18: =SUM(B18:D18) -> 0
A19: RESTITUTION TVA | E19: =SUM(B19:D19) -> 0
A20: VENTE DOLLARS | E20: =SUM(B20:D20) -> 0
A21: VENTE EURO | E21: =SUM(B21:D21) -> 0
A22: ENGAGEMENT BANCAIRE | B22: =SUM(B23:B43) -> -2921.181 | C22: =SUM(C23:C43) -> -91655.208 | D22: =SUM(D23:D43) -> 0 | E22: =SUM(B22:D22) -> -94576.389 | G22: =SUM(G23:G43) -> 0 | I22: =SUM(I23:I43) -> 0
A23: CMT 1000 | E23: =SUM(B23:D23) -> 0
A24: CMT 1000 1 | E24: =SUM(B24:D24) -> 0
A25: CMT 1150 | E25: =SUM(B25:D25) -> 0
A26: CMT 1250 | E26: =SUM(B26:D26) -> 0
A27: CMT 2418 | E27: =SUM(B27:D27) -> 0
A28: CMT 2500 | E28: =SUM(B28:D28) -> 0
A29: CMT 350 | E29: =SUM(B29:D29) -> 0
A30: CMT 500 | E30: =SUM(B30:D30) -> 0
A31: CMT BTK | E31: =SUM(B31:D31) -> 0
A32: CREDIT DE GESTION | E32: =SUM(B32:D32) -> 0
A33: INTERET CMT 1000 | E33: =SUM(B33:D33) -> 0
A34: INTERET CMT 1000 1 | E34: =SUM(B34:D34) -> 0
... A41: INTERET CMT BTK | E41: =SUM(B41:D41) -> 0
A42: INTERET CREDIT DE GESTION | C42: -86785.555 | E42: =SUM(B42:D42) -> -86785.555
A43: LEASING | B43: -2921.181 | C43: -4869.653 | E43: =SUM(B43:D43) -> -7790.834
A44: FRAIS BANQUE | B44: =SUM(B45:B81) -> -44.171 | C44: =SUM(C45:C81) -> -104471.69 | D44: =SUM(D45:D81) -> -14.28 | E44: =SUM(B44:D44) -> -104530.14 | G44: =SUM(G45:G81) -> -50 | I44: =SUM(I45:I81) -> 0
A45: AFFRANCHISSEMENT | C45: -7 | E45: =SUM(B45:D45) -> -7
A46: AGIOS DEBITEURS | B46: -27.45 | C46: -100683.46 | E46: =SUM(B46:D46) -> -100710.91
A47: COMMISION OBLIGATION | C47: -563.891 | E47: =SUM(B47:D47) -> -563.891
A48: COMMISSION / VERS CHQ | C48: -0.357 | E48: =SUM(B48:D48) -> -0.357
A49: COMMISSION ADMISSION TEMPORAIRE | C49: -779.676 | E49: =SUM(B49:D49) -> -779.676
A50: COMMISSION CAUTION DEF | C50: -88.26 | E50: =SUM(B50:D50) -> -88.26
A51: COMMISSION CHQ CERTIFIE | C51: -14.28 | E51: =SUM(B51:D51) -> -14.28
A52: COMMISSION D'ADHESION | D52: =-7.14-7.14 -> -14.28 | E52: =SUM(B52:D52) -> -14.28
A53: COMMISSION DE CHANGE | E53: =SUM(B53:D53) -> 0
A54: COMMISSION DE DOMICILIATION | C54: -100 | E54: =SUM(B54:D54) -> -100
A55: COMMISSION DE MODIFICATION | E55: =SUM(B55:D55) -> 0
A56: COMMISSION DE NOTIFICATION | E56: =SUM(B56:D56) -> 0
A57: COMMISSION DE REALISATION L/C IMP | E57: =SUM(B57:D57) -> 0
A58: COMMISSION DE TRANSMISSION | E58: =SUM(B58:D58) -> 0
A59: COMMISSION DELIVRANCE BON A PAYER | C59: -5.95 | E59: =SUM(B59:D59) -> -5.95
A60: COMMISSION DEMANDE DE DEPASSEMENT | B60: -0.299 | C60: -499.8 | E60: =SUM(B60:D60) -> -500.099
A61: COMMISSION D'ENGAGEMENT SUR CREDI | C61: -702.431 | E61: =SUM(B61:D61) -> -702.431
A62: COMMISSION D'ENVOI A L'ENCAISSEME | B62: -12 | E62: =SUM(B62:D62) -> -12
A63: COMMISSION D'ETUDE | C63: -10 | E63: =SUM(B63:D63) -> -10
A64: COMMISSION ESCOMPTE | C64: -8.568 | E64: =SUM(B64:D64) -> -8.568
A65: COMMISSION PREAVIS | E65: =SUM(B65:D65) -> 0
A66: COMMISSION REGLEMENT EFFET | C66: -21.42 | E66: =SUM(B66:D66) -> -21.42
A67: COMMISSION REGLEMENT EFFET FINANC | C67: -19.635 | E67: =SUM(B67:D67) -> -19.635
A68: COMMISSION REJET | E68: =SUM(B68:D68) -> 0
A69: COMMISSION SUR PRELEVEMENT | B69: -2.142 | C69: -1.428 | E69: =SUM(B69:D69) -> -3.57
A70: COMMISSION VERSEMENT ESPECE | E70: =SUM(B70:D70) -> 0
A71: COMMISSION VIREMENT | C71: -3.57 | E71: =SUM(B71:D71) -> -3.57
A72: COMMISSION VIREMENT EMIS | C72: -270.952 | E72: =SUM(B72:D72) -> -270.952 | G72: -50
A73: COMMISSION VIREMENT RECU EN DINAR | C73: -20.952 | E73: =SUM(B73:D73) -> -20.952
A74: FRAIS OBLIGATION | E74: =SUM(B74:D74) -> 0
A75: FRAIS TELECOMPENSATION | E75: =SUM(B75:D75) -> 0
A76: INETERET DE RETARD | E76: =SUM(B76:D76) -> 0
A77: PENALITE DE RETARD | E77: =SUM(B77:D77) -> 0
A78: PRELEVEMENT MANUEL | C78: -488.153 | E78: =SUM(B78:D78) -> -488.153
A79: RECUPERATION FRAIS SUR DOMICILIAT | C79: -9 | E79: =SUM(B79:D79) -> -9
A80: SWIFT | C80: -80 | E80: =SUM(B80:D80) -> -80
A81: TVA | B81: -2.28 | C81: -92.91 | E81: =SUM(B81:D81) -> -95.19
A82: CHARGE PERSONNEL | B82: =SUM(B83:B86) -> 0 | C82: =SUM(C83:C86) -> -126133.75 | D82: =SUM(D83:D86) -> 0 | E82: =SUM(B82:D82) -> -126133.75 | G82: =SUM(G83:G86) -> 0 | I82: =SUM(I83:I86) -> 0
A83: AVANCE | C83: -6250 | E83: =SUM(B83:D83) -> -6250
A84: PRÊT | C84: -444.746 | E84: =SUM(B84:D84) -> -444.746
A85: SALAIRE | C85: -27193.091 | E85: =SUM(B85:D85) -> -27193.091
A86: CNSS | C86: -92245.915 | E86: =SUM(B86:D86) -> -92245.915
A87: SOCIETE DU GROUPE | B87: =SUM(B88:B94) -> 0 | C87: =SUM(C88:C94) -> 0 | D87: =SUM(D88:D94) -> 0 | E87: =SUM(B87:D87) -> 0 | G87: =SUM(G88:G94) -> 0 | I87: =SUM(I88:I94) -> 0
A88: DIVIDENDES | E88: =SUM(B88:D88) -> 0
A89: FONDERIE HNAYA | E89: =SUM(B89:D89) -> 0
A90: ALPHA MEDIA | E90: =SUM(B90:D90) -> 0
A91: NOUR HEMP | E91: =SUM(B91:D91) -> 0
A92: PHENICIA | E92: =SUM(B92:D92) -> 0
A93: STA NOUR | E93: =SUM(B93:D93) -> 0
A94: TIP | E94: =SUM(B94:D94) -> 0
A95: FOURNISSEURS ETRANGER | B95: =SUM(B96:B114) -> 0 | C95: =SUM(C96:C114) -> 0 | D95: =SUM(D96:D114) -> 0 | E95: =SUM(B95:D95) -> 0 | G95: =SUM(G96:G114) -> -57997.63 | I95: =SUM(I96:I114) -> 0
A96: ACCUMA | E96: =SUM(B96:D96) -> 0 | G96: -17967.63
A97: AKUMSAN | E97: =SUM(B97:D97) -> 0
A98: BIASIN | E98: =SUM(B98:D98) -> 0
A99: NIZI | E99: =SUM(B99:D99) -> 0
A100: DARAMIC | E100: =SUM(B100:D100) -> 0
A101: GLATFELTER | E101: =SUM(B101:D101) -> 0
A102: GOONVEAN | E102: =SUM(B102:D102) -> 0
A103: HB FULLER | E103: =SUM(B103:D103) -> 0
A104: JIANGHSU | E104: =SUM(B104:D104) -> 0
A105: POWER CON | E105: =SUM(B105:D105) -> 0
A106: METACONCEPT | E106: =SUM(B106:D106) -> 0
...

Sheet SNA 05-2018
B1: STB THAMEUR | C1: STB MEGRINE | D1: BTK | G1: MEG EURO | I1: MEG $
A2: SOLDE 30/04/2018 | B2: ='SNA 04-2018'!B365 -> 16891.772 | C2: ='SNA 04-2018'!C365 -> -4632752 | D2: ='SNA 04-2018'!D365 -> 3558.829 | E2: =SUM(B2:D2) -> -4612301.4 | G2: ='SNA 04-2018'!G365 -> 357740.19 | I2: ='SNA 04-2018'!I365 -> 2124.54
A3: RECETTE | B3: =SUM(B4:B12) -> 9117 | C3: =SUM(C4:C12) -> 1250000 | D3: =SUM(D4:D12) -> 0 | E3: =SUM(B3:D3) -> 1259117 | G3: =SUM(G4:G12) -> 317500 | I3: =SUM(I4:I12) -> 0
A4: SND CHEQUE | C4: 1250000 | E4: =SUM(B4:D4) -> 1250000
A5: SND TRAITE | E5: =SUM(B5:D5) -> 0
A6: INTERETESCOMPTE TRAITE | E6: =SUM(B6:D6) -> 0
A7: BATTERIEDENIEST | E7: =SUM(B7:D7) -> 0
A8: ERRAFIK EL DAYEM | E8: =SUM(B8:D8) -> 0 | G8: 317500
A9: COTE D'IVOIR | E9: =SUM(B9:D9) -> 0
A10: MED ENERGY | E10: =SUM(B10:D10) -> 0
A11: NOUR GERMANY | E11: =SUM(B11:D11) -> 0
A12: VIREMENT RECU | B12: 9117 | E12: =SUM(B12:D12) -> 9117
A13: AUTRES RECETTE | B13: =SUM(B14:B21) -> 0 | C13: =SUM(C14:C21) -> -27504.027 | D13: =SUM(D14:D21) -> 0 | E13: =SUM(B13:D13) -> -27504.027 | G13: =SUM(G14:G21) -> 1626.02 | I13: =SUM(I14:I21) -> -1977.68
A14: AUGMENTATION CAPITAL | E14: =SUM(B14:D14) -> 0
A15: DEBLOCAGE CMT | E15: =SUM(B15:D15) -> 0
A16: BLOCAGE | C16: -27504.027 | E16: =SUM(B16:D16) -> -27504.027
A17: BILLET DE TRESORERIE | E17: =SUM(B17:D17) -> 0
A18: PLACEMENT | E18: =SUM(B18:D18) -> 0
A19: RESTITUTION TVA | E19: =SUM(B19:D19) -> 0
A20: VENTE DOLLARS | E20: =SUM(B20:D20) -> 0 | G20: 1626.02 | I20: -1977.68
A21: VENTE EURO | E21: =SUM(B21:D21) -> 0
A22: ENGAGEMENT BANCAIRE | B22: =SUM(B23:B43) -> -2034.793 | C22: =SUM(C23:C43) -> -7937.618 | D22: =SUM(D23:D43) -> 0 | E22: =SUM(B22:D22) -> -9972.411 | G22: =SUM(G23:G43) -> 0 | I22: =SUM(I23:I43) -> 0
A23: CMT 1000 | E23: =SUM(B23:D23) -> 0
A24: CMT 1000 1 | E24: =SUM(B24:D24) -> 0
A25: CMT 1150 | E25: =SUM(B25:D25) -> 0
A26: CMT 1250 | E26: =SUM(B26:D26) -> 0
A27: CMT 2418 | E27: =SUM(B27:D27) -> 0
A28: CMT 2500 | E28: =SUM(B28:D28) -> 0
A29: CMT 350 | E29: =SUM(B29:D29) -> 0
A30: CMT 500 | E30: =SUM(B30:D30) -> 0
A31: CMT BTK | E31: =SUM(B31:D31) -> 0
A32: CREDIT DE GESTION | E32: =SUM(B32:D32) -> 0
A33: INTERET CMT 1000 | E33: =SUM(B33:D33) -> 0
A34: INTERET CMT 1000 1 | E34: =SUM(B34:D34) -> 0
... A42: INTERET CREDIT DE GESTION | E42: =SUM(B42:D42) -> 0
A43: LEASING | B43: -2034.793 | C43: -7937.618 | E43: =SUM(B43:D43) -> -9972.411
A44: FRAIS BANQUE | B44: =SUM(B45:B81) -> -160.532 | C44: =SUM(C45:C81) -> -6651.945 | D44: =SUM(D45:D81) -> -7.14 | E44: =SUM(B44:D44) -> -6819.617 | G44: =SUM(G45:G81) -> -1345 | I44: =SUM(I45:I81) -> 0
A45: AFFRANCHISSEMENT | B45: -2.5 | C45: -4.5 | E45: =SUM(B45:D45) -> -7
A46: AGIOS DEBITEURS | E46: =SUM(B46:D46) -> 0
A47: COMMISION OBLIGATION | C47: -57.338 | E47: =SUM(B47:D47) -> -57.338
A48: COMMISSION / VERS CHQ | C48: -0.357 | E48: =SUM(B48:D48) -> -0.357
A49: COMMISSION ADMISSION TEMPORAIRE | C49: -389.838 | E49: =SUM(B49:D49) -> -389.838
A50: COMMISSION CAUTION DEF | C50: -44.13 | E50: =SUM(B50:D50) -> -44.13
A51: COMMISSION CHQ CERTIFIE | C51: -24.99 | E51: =SUM(B51:D51) -> -24.99
A52: COMMISSION D'ADHESION | B52: -119 | D52: -7.14 | E52: =SUM(B52:D52) -> -126.14
A53: COMMISSION DE CHANGE | E53: =SUM(B53:D53) -> 0
A54: COMMISSION DE DOMICILIATION | C54: -110 | E54: =SUM(B54:D54) -> -110
A55: COMMISSION DE MODIFICATION | E55: =SUM(B55:D55) -> 0
A56: COMMISSION DE NOTIFICATION | E56: =SUM(B56:D56) -> 0
A57: COMMISSION DE REALISATION L/C IMP | E57: =SUM(B57:D57) -> 0
A58: COMMISSION DE TRANSMISSION | E58: =SUM(B58:D58) -> 0
A59: COMMISSION DELIVRANCE BON A PAYER | C59: -11.9 | E59: =SUM(B59:D59) -> -11.9
A60: COMMISSION DEMANDE DE DEPASSEMENT | C60: -285.6 | E60: =SUM(B60:D60) -> -285.6
A61: COMMISSION D'ENGAGEMENT SUR CREDI | E61: =SUM(B61:D61) -> 0
A62: COMMISSION D'ENVOI A L'ENCAISSEME | B62: -12 | C62: -40 | E62: =SUM(B62:D62) -> -52
A63: COMMISSION D'ETUDE | B63: -10 | E63: =SUM(B63:D63) -> -10
A64: COMMISSION ESCOMPTE | E64: =SUM(B64:D64) -> 0
A65: COMMISSION PREAVIS | C65: -41.65 | E65: =SUM(B65:D65) -> -41.65
A66: COMMISSION REGLEMENT EFFET | C66: -22.61 | E66: =SUM(B66:D66) -> -22.61
A67: COMMISSION REGLEMENT EFFET FINANC | E67: =SUM(B67:D67) -> 0
A68: COMMISSION REJET | E68: =SUM(B68:D68) -> 0
A69: COMMISSION SUR PRELEVEMENT | B69: -1.428 | C69: -2.856 | E69: =SUM(B69:D69) -> -4.284
A70: COMMISSION VERSEMENT ESPECE | E70: =SUM(B70:D70) -> 0 | G70: -1270
A71: COMMISSION VIREMENT | C71: -7.14 | E71: =SUM(B71:D71) -> -7.14
A72: COMMISSION VIREMENT EMIS | C72: -270 | E72: =SUM(B72:D72) -> -270 | G72: -75
A73: COMMISSION VIREMENT RECU EN DINAR | B73: -1.904 | C73: -0.952 | E73: =SUM(B73:D73) -> -2.856
A74: FRAIS OBLIGATION | C74: -29.75 | E74: =SUM(B74:D74) -> -29.75
A75: FRAIS TELECOMPENSATION | E75: =SUM(B75:D75) -> 0
A76: INETERET DE RETARD | C76: -4010.744 | E76: =SUM(B76:D76) -> -4010.744
A77: PENALITE DE RETARD | C77: -662.65 | E77: =SUM(B77:D77) -> -662.65
A78: PRELEVEMENT MANUEL | C78: -469.46 | E78: =SUM(B78:D78) -> -469.46
A79: RECUPERATION FRAIS SUR DOMICILIAT | E79: =SUM(B79:D79) -> 0
A80: SWIFT | B80: -8 | C80: -72 | E80: =SUM(B80:D80) -> -80
A81: TVA | B81: -5.7 | C81: -93.48 | E81: =SUM(B81:D81) -> -99.18
A82: CHARGE PERSONNEL | B82: =SUM(B83:B86) -> 0 | C82: =SUM(C83:C86) -> -83257.571 | D82: =SUM(D83:D86) -> 0 | E82: =SUM(B82:D82) -> -83257.571 | G82: =SUM(G83:G86) -> 0 | I82: =SUM(I83:I86) -> 0
A83: AVANCE | C83: -5848.811 | E83: =SUM(B83:D83) -> -5848.811
A84: PRÊT | C84: -1016.667 | E84: =SUM(B84:D84) -> -1016.667
A85: SALAIRE | C85: -76392.093 | E85: =SUM(B85:D85) -> -76392.093
A86: CNSS | E86: =SUM(B86:D86) -> 0
A87: SOCIETE DU GROUPE | B87: =SUM(B88:B94) -> 0 | C87: =SUM(C88:C94) -> -30000 | D87: =SUM(D88:D94) -> 0 | E87: =SUM(B87:D87) -> -30000 | G87: =SUM(G88:G94) -> 0 | I87: =SUM(I88:I94) -> 0
A88: DIVIDENDES | E88: =SUM(B88:D88) -> 0
A89: FONDERIE HNAYA | E89: =SUM(B89:D89) -> 0
A90: ALPHA MEDIA | C90: -30000 | E90: =SUM(B90:D90) -> -30000
A91: NOUR HEMP | E91: =SUM(B91:D91) -> 0
A92: PHENICIA | E92: =SUM(B92:D92) -> 0
A93: STA NOUR | E93: =SUM(B93:D93) -> 0
A94: TIP | E94: =SUM(B94:D94) -> 0
A95: FOURNISSEURS ETRANGER | B95: =SUM(B96:B114) -> 0 | C95: =SUM(C96:C114) -> 0 | D95: =SUM(D96:D114) -> 0 | E95: =SUM(B95:D95) -> 0 | G95: =SUM(G96:G114) -> -623686.73 | I95: =SUM(I96:I114) -> 0
A96: ACCUMA | E96: =SUM(B96:D96) -> 0 | G96: -147220.7
A97: AKUMSAN | E97: =SUM(B97:D97) -> 0 | G97: -17182.36
A98: BIASIN | E98: =SUM(B98:D98) -> 0
A99: NIZI | E99: =SUM(B99:D99) -> 0
A100: DARAMIC | E100: =SUM(B100:D100) -> 0
A101: GLATFELTER | E101: =SUM(B101:D101) -> 0
A102: GOONVEAN | E102: =SUM(B102:D102) -> 0
A103: HB FULLER | E103: =SUM(B103:D103) -> 0 | G103: -7067.2
A104: JIANGHSU | E104: =SUM(B104:D104) -> 0
A105: POWER CON | E105: =SUM(B105:D105) -> 0
A106: METACONCEPT | E106: =SUM(B106:D106) -> 0
A107: T P I | E107: =SUM(B107:D107) -> 0
...

Sheet SNA 06-2018
B1: STB THAMEUR | C1: STB MEGRINE | D1: BTK | G1: MEG EURO | I1: MEG $
A2: SOLDE 31/05/2018 | B2: ='SNA 05-2018'!B365 -> 23813.447 | C2: ='SNA 05-2018'!C365 -> -5232629.1 | D2: ='SNA 05-2018'!D365 -> 3551.689 | E2: =SUM(B2:D2) -> -5205263.9 | G2: ='SNA 05-2018'!G365 -> 51834.48 | I2: ='SNA 05-2018'!I365 -> 146.86
A3: RECETTE | B3: =SUM(B4:B12) -> 21575 | C3: =SUM(C4:C12) -> 1840636.9 | D3: =SUM(D4:D12) -> 0 | E3: =SUM(B3:D3) -> 1862211.9 | G3: =SUM(G4:G12) -> 237257.2 | I3: =SUM(I4:I12) -> 0
A4: SND CHEQUE | B4: 15000 | C4: 1350000 | E4: =SUM(B4:D4) -> 1365000
A5: SND TRAITE | E5: =SUM(B5:D5) -> 0
A6: INTERETESCOMPTE TRAITE | E6: =SUM(B6:D6) -> 0
A7: BATTERIEDENIEST | E7: =SUM(B7:D7) -> 0
A8: ERRAFIK EL DAYEM | C8: 490636.9 | E8: =SUM(B8:D8) -> 490636.9 | G8: 218000
A9: COTE D'IVOIR | E9: =SUM(B9:D9) -> 0
A10: MED ENERGY | E10: =SUM(B10:D10) -> 0 | G10: 9266.92
A11: NOUR GERMANY | E11: =SUM(B11:D11) -> 0 | G11: 9990.28
A12: VIREMENT RECU | B12: 6575 | E12: =SUM(B12:D12) -> 6575
A13: AUTRES RECETTE | B13: =SUM(B14:B21) -> 0 | C13: =SUM(C14:C21) -> 814503.3 | D13: =SUM(D14:D21) -> 0 | E13: =SUM(B13:D13) -> 814503.3 | G13: =SUM(G14:G21) -> 0 | I13: =SUM(I14:I21) -> 0
A14: AUGMENTATION CAPITAL | E14: =SUM(B14:D14) -> 0
A15: DEBLOCAGE CMT | E15: =SUM(B15:D15) -> 0
A16: BLOCAGE | C16: -26921.894 | E16: =SUM(B16:D16) -> -26921.894
A17: BILLET DE TRESORERIE | C17: -9115.035 | E17: =SUM(B17:D17) -> -9115.035
A18: PLACEMENT | E18: =SUM(B18:D18) -> 0
A19: RESTITUTION TVA | C19: 850540.23 | E19: =SUM(B19:D19) -> 850540.23
A20: VENTE DOLLARS | E20: =SUM(B20:D20) -> 0
A21: VENTE EURO | E21: =SUM(B21:D21) -> 0
A22: ENGAGEMENT BANCAIRE | B22: =SUM(B23:B43) -> -2034.793 | C22: =SUM(C23:C43) -> -321320.82 | D22: =SUM(D23:D43) -> 0 | E22: =SUM(B22:D22) -> -323355.61 | G22: =SUM(G23:G43) -> 0 | I22: =SUM(I23:I43) -> 0
A23: CMT 1000 | C23: -83333.333 | E23: =SUM(B23:D23) -> -83333.333
A24: CMT 1000 1 | E24: =SUM(B24:D24) -> 0
A25: CMT 1150 | C25: -95833.333 | E25: =SUM(B25:D25) -> -95833.333
A26: CMT 1250 | E26: =SUM(B26:D26) -> 0
A27: CMT 2418 | E27: =SUM(B27:D27) -> 0
A28: CMT 2500 | E28: =SUM(B28:D28) -> 0
A29: CMT 350 | E29: =SUM(B29:D29) -> 0
A30: CMT 500 | E30: =SUM(B30:D30) -> 0
A31: CMT BTK | E31: =SUM(B31:D31) -> 0
A32: CREDIT DE GESTION | E32: =SUM(B32:D32) -> 0
A33: INTERET CMT 1000 | C33: -17655 | E33: =SUM(B33:D33) -> -17655
A34: INTERET CMT 1000 1 | E34: =SUM(B34:D34) -> 0
A35: INTERET CMT 1150 | C35: -20303.25 | E35: =SUM(B35:D35) -> -20303.25
A36: INTERET CMT 1250 | E36: =SUM(B36:D36) -> 0
A37: INTERET CMT 2418 | E37: =SUM(B37:D37) -> 0
A38: INTERET CMT 2500 | E38: =SUM(B38:D38) -> 0
A39: INTERET CMT 350 | E39: =SUM(B39:D39) -> 0
A40: INTERET CMT 500 | E40: =SUM(B40:D40) -> 0
A41: INTERET CMT BTK | E41: =SUM(B41:D41) -> 0
A42: INTERET CREDIT DE GESTION | C42: -99326.25 | E42: =SUM(B42:D42) -> -99326.25
A43: LEASING | B43: -2034.793 | C43: -4869.653 | E43: =SUM(B43:D43) -> -6904.446
A44: FRAIS BANQUE | B44: =SUM(B45:B81) -> -8.092 | C44: =SUM(C45:C81) -> -13739.128 | D44: =SUM(D45:D81) -> -23.8 | E44: =SUM(B44:D44) -> -13771.02 | G44: =SUM(G45:G81) -> -947 | I44: =SUM(I45:I81) -> 0
A45: AFFRANCHISSEMENT | C45: -10.5 | E45: =SUM(B45:D45) -> -10.5
A46: AGIOS DEBITEURS | D46: -23.8 | E46: =SUM(B46:D46) -> -23.8
A47: COMMISION OBLIGATION | E47: =SUM(B47:D47) -> 0
A48: COMMISSION / VERS CHQ | C48: -0.357 | E48: =SUM(B48:D48) -> -0.357
A49: COMMISSION ADMISSION TEMPORAIRE | E49: =SUM(B49:D49) -> 0
A50: COMMISSION CAUTION DEF | E50: =SUM(B50:D50) -> 0
A51: COMMISSION CHQ CERTIFIE | C51: -21.42 | E51: =SUM(B51:D51) -> -21.42
A52: COMMISSION D'ADHESION | E52: =SUM(B52:D52) -> 0
A53: COMMISSION DE CHANGE | E53: =SUM(B53:D53) -> 0
A54: COMMISSION DE DOMICILIATION | B54: -4 | C54: -90 | E54: =SUM(B54:D54) -> -94
A55: COMMISSION DE MODIFICATION | E55: =SUM(B55:D55) -> 0
A56: COMMISSION DE NOTIFICATION | E56: =SUM(B56:D56) -> 0
A57: COMMISSION DE REALISATION L/C IMP | E57: =SUM(B57:D57) -> 0
A58: COMMISSION DE TRANSMISSION | E58: =SUM(B58:D58) -> 0
A59: COMMISSION DELIVRANCE BON A PAYER | C59: -11.9 | E59: =SUM(B59:D59) -> -11.9
A60: COMMISSION DEMANDE DE DEPASSEMENT | C60: -142.8 | E60: =SUM(B60:D60) -> -142.8
A61: COMMISSION D'ENGAGEMENT SUR CREDI | E61: =SUM(B61:D61) -> 0
A62: COMMISSION D'ENVOI A L'ENCAISSEME | C62: -80 | E62: =SUM(B62:D62) -> -80
A63: COMMISSION D'ETUDE | C63: -7467.5 | E63: =SUM(B63:D63) -> -7467.5
A64: COMMISSION ESCOMPTE | E64: =SUM(B64:D64) -> 0
A65: COMMISSION PREAVIS | E65: =SUM(B65:D65) -> 0
A66: COMMISSION REGLEMENT EFFET | C66: -20.23 | E66: =SUM(B66:D66) -> -20.23
A67: COMMISSION REGLEMENT EFFET FINANC | C67: -2.38 | E67: =SUM(B67:D67) -> -2.38
A68: COMMISSION REJET | E68: =SUM(B68:D68) -> 0
A69: COMMISSION SUR PRELEVEMENT | B69: -1.428 | C69: -4.284 | E69: =SUM(B69:D69) -> -5.712
A70: COMMISSION VERSEMENT ESPECE | E70: =SUM(B70:D70) -> 0 | G70: -872
A71: COMMISSION VIREMENT | C71: -10.71 | E71: =SUM(B71:D71) -> -10.71
A72: COMMISSION VIREMENT EMIS | C72: -180 | E72: =SUM(B72:D72) -> -180 | G72: -75
A73: COMMISSION VIREMENT RECU EN DINAR | B73: -1.904 | C73: -40.952 | E73: =SUM(B73:D73) -> -42.856
A74: FRAIS OBLIGATION | E74: =SUM(B74:D74) -> 0
A75: FRAIS TELECOMPENSATION | E75: =SUM(B75:D75) -> 0
A76: INETERET DE RETARD | C76: -4592.43 | E76: =SUM(B76:D76) -> -4592.43
A77: PENALITE DE RETARD | C77: -536.781 | E77: =SUM(B77:D77) -> -536.781
A78: PRELEVEMENT MANUEL | C78: -350.694 | E78: =SUM(B78:D78) -> -350.694
A79: RECUPERATION FRAIS SUR DOMICILIAT | C79: -9 | E79: =SUM(B79:D79) -> -9
A80: SWIFT | C80: -72 | E80: =SUM(B80:D80) -> -72
A81: TVA | B81: -0.76 | C81: -95.19 | E81: =SUM(B81:D81) -> -95.95
A82: CHARGE PERSONNEL | B82: =SUM(B83:B86) -> 0 | C82: =SUM(C83:C86) -> -116896.33 | D82: =SUM(D83:D86) -> 0 | E82: =SUM(B82:D82) -> -116896.33 | G82: =SUM(G83:G86) -> 0 | I82: =SUM(I83:I86) -> 0
A83: AVANCE | C83: -7700 | E83: =SUM(B83:D83) -> -7700
A84: PRÊT | C84: -17300 | E84: =SUM(B84:D84) -> -17300
A85: SALAIRE | C85: -91333.585 | E85: =SUM(B85:D85) -> -91333.585
A86: CNSS | C86: -562.741 | E86: =SUM(B86:D86) -> -562.741
A87: SOCIETE DU GROUPE | B87: =SUM(B88:B94) -> 0 | C87: =SUM(C88:C94) -> -196561.92 | D87: =SUM(D88:D94) -> 0 | E87: =SUM(B87:D87) -> -196561.92 | G87: =SUM(G88:G94) -> 0 | I87: =SUM(I88:I94) -> 0
A88: DIVIDENDES | E88: =SUM(B88:D88) -> 0
A89: FONDERIE HNAYA | E89: =SUM(B89:D89) -> 0
A90: ALPHA MEDIA | C90: -30000 | E90: =SUM(B90:D90) -> -30000
A91: NOUR HEMP | E91: =SUM(B91:D91) -> 0
A92: PHENICIA | E92: =SUM(B92:D92) -> 0
A93: STA NOUR | E93: =SUM(B93:D93) -> 0
A94: TIP | C94: -166561.92 | E94: =SUM(B94:D94) -> -166561.92
A95: FOURNISSEURS ETRANGER | B95: =SUM(B96:B114) -> 0 | C95: =SUM(C96:C114) -> 0 | D95: =SUM(D96:D114) -> 0 | E95: =SUM(B95:D95) -> 0 | G95: =SUM(G96:G114) -> -270419.51 | I95: =SUM(I96:I114) -> 0
A96: ACCUMA | E96: =SUM(B96:D96) -> 0 | G96: -100326.52
A97: AKUMSAN | E97: =SUM(B97:D97) -> 0
A98: BIASIN | E98: =SUM(B98:D98) -> 0 | G98: -5957.21
A99: NIZI | E99: =SUM(B99:D99) -> 0 | G99: -51449.6
A100: DARAMIC | E100: =SUM(B100:D100) -> 0
...

Sheet SNA 07-2018
B1: STB THAMEUR | C1: STB MEGRINE | D1: BTK | G1: MEG EURO | I1: MEG $
A2: SOLDE 30/06/2018 | B2: ='SNA 06-2018'!B365 -> 16142.251 | C2: ='SNA 06-2018'!C365 -> -4174399.8 | D2: ='SNA 06-2018'!D365 -> 3527.889 | E2: =SUM(B2:D2) -> -4154729.6 | G2: ='SNA 06-2018'!G365 -> 17725.17 | I2: ='SNA 06-2018'!I365 -> 146.86
A3: RECETTE | B3: =SUM(B4:B12) -> 0 | C3: =SUM(C4:C12) -> 1341985.3 | D3: =SUM(D4:D12) -> 110000 | E3: =SUM(B3:D3) -> 1451985.3 | G3: =SUM(G4:G12) -> 70000 | I3: =SUM(I4:I12) -> 0
A4: SND CHEQUE | C4: 900000 | D4: 110000 | E4: =SUM(B4:D4) -> 1010000
A5: SND TRAITE | C5: 450000 | E5: =SUM(B5:D5) -> 450000
A6: INTERETESCOMPTE TRAITE | C6: -8014.708 | E6: =SUM(B6:D6) -> -8014.708
A7: BATTERIEDENIEST | E7: =SUM(B7:D7) -> 0 | G7: 70000
A8: ERRAFIK EL DAYEM | E8: =SUM(B8:D8) -> 0
A9: COTE D'IVOIR | E9: =SUM(B9:D9) -> 0
A10: MED ENERGY | E10: =SUM(B10:D10) -> 0
A11: NOUR GERMANY | E11: =SUM(B11:D11) -> 0
A12: VIREMENT RECU | E12: =SUM(B12:D12) -> 0
A13: AUTRES RECETTE | B13: =SUM(B14:B21) -> 0 | C13: =SUM(C14:C21) -> 1252879 | D13: =SUM(D14:D21) -> 0 | E13: =SUM(B13:D13) -> 1252879 | G13: =SUM(G14:G21) -> 0 | I13: =SUM(I14:I21) -> 0
A14: AUGMENTATION CAPITAL | E14: =SUM(B14:D14) -> 0
A15: DEBLOCAGE CMT | C15: 1250000 | E15: =SUM(B15:D15) -> 1250000
A16: BLOCAGE | C16: 2879.027 | E16: =SUM(B16:D16) -> 2879.027
A17: BILLET DE TRESORERIE | E17: =SUM(B17:D17) -> 0
A18: PLACEMENT | E18: =SUM(B18:D18) -> 0
A19: RESTITUTION TVA | E19: =SUM(B19:D19) -> 0
A20: VENTE DOLLARS | E20: =SUM(B20:D20) -> 0
A21: VENTE EURO | E21: =SUM(B21:D21) -> 0
A22: ENGAGEMENT BANCAIRE | B22: =SUM(B23:B43) -> -2034.793 | C22: =SUM(C23:C43) -> -281839.4 | D22: =SUM(D23:D43) -> -112431.1 | E22: =SUM(B22:D22) -> -396305.29 | G22: =SUM(G23:G43) -> 0 | I22: =SUM(I23:I43) -> 0
A23: CMT 1000 | E23: =SUM(B23:D23) -> 0
A24: CMT 1000 1 | C24: -71428.577 | E24: =SUM(B24:D24) -> -71428.577
A25: CMT 1150 | E25: =SUM(B25:D25) -> 0
A26: CMT 1250 | E26: =SUM(B26:D26) -> 0
A27: CMT 2418 | E27: =SUM(B27:D27) -> 0
A28: CMT 2500 | E28: =SUM(B28:D28) -> 0
A29: CMT 350 | C29: -29166.667 | E29: =SUM(B29:D29) -> -29166.667
A30: CMT 500 | C30: -83333.334 | E30: =SUM(B30:D30) -> -83333.334
A31: CMT BTK | D31: -106285.71 | E31: =SUM(B31:D31) -> -106285.71
A32: CREDIT DE GESTION | E32: =SUM(B32:D32) -> 0
A33: INTERET CMT 1000 | C33: -18035.694 | E33: =SUM(B33:D33) -> -18035.694
A34: INTERET CMT 1000 1 | C34: -3011.413 | E34: =SUM(B34:D34) -> -3011.413
A35: INTERET CMT 1150 | C35: -20741.049 | E35: =SUM(B35:D35) -> -20741.049
A36: INTERET CMT 1250 | E36: =SUM(B36:D36) -> 0
A37: INTERET CMT 2418 | E37: =SUM(B37:D37) -> 0
A38: INTERET CMT 2500 | E38: =SUM(B38:D38) -> 0
A39: INTERET CMT 350 | C39: -12491.743 | E39: =SUM(B39:D39) -> -12491.743
A40: INTERET CMT 500 | C40: -35690.694 | E40: =SUM(B40:D40) -> -35690.694
A41: INTERET CMT BTK | D41: =+-2628.202-3517.179 -> -6145.381 | E41: =SUM(B41:D41) -> -6145.381
A42: INTERET CREDIT DE GESTION | E42: =SUM(B42:D42) -> 0
A43: LEASING | B43: -2034.793 | C43: -7940.233 | E43: =SUM(B43:D43) -> -9975.026
A44: FRAIS BANQUE | B44: =SUM(B45:B81) -> -31.178 | C44: =SUM(C45:C81) -> -151730.12 | D44: =SUM(D45:D81) -> -143.607 | E44: =SUM(B44:D44) -> -151904.91 | G44: =SUM(G45:G81) -> -25 | I44: =SUM(I45:I81) -> 0
A45: AFFRANCHISSEMENT | C45: -11.5 | E45: =SUM(B45:D45) -> -11.5
A46: AGIOS DEBITEURS | B46: -29.75 | C46: -144208.26 | E46: =SUM(B46:D46) -> -144238.01
A47: COMMISION OBLIGATION | C47: -233.174 | E47: =SUM(B47:D47) -> -233.174
A48: COMMISSION / VERS CHQ | C48: -0.357 | D48: -0.714 | E48: =SUM(B48:D48) -> -1.071
A49: COMMISSION ADMISSION TEMPORAIRE | C49: -779.672 | E49: =SUM(B49:D49) -> -779.672
A50: COMMISSION CAUTION DEF | C50: -88.26 | E50: =SUM(B50:D50) -> -88.26
A51: COMMISSION CHQ CERTIFIE | C51: -35.7 | E51: =SUM(B51:D51) -> -35.7
A52: COMMISSION D'ADHESION | D52: =-7.14-7.14 -> -14.28 | E52: =SUM(B52:D52) -> -14.28
A53: COMMISSION DE CHANGE | C53: -155.285 | E53: =SUM(B53:D53) -> -155.285
A54: COMMISSION DE DOMICILIATION | C54: -50 | E54: =SUM(B54:D54) -> -50
A55: COMMISSION DE MODIFICATION | E55: =SUM(B55:D55) -> 0
A56: COMMISSION DE NOTIFICATION | E56: =SUM(B56:D56) -> 0
A57: COMMISSION DE REALISATION L/C IMP | E57: =SUM(B57:D57) -> 0
A58: COMMISSION DE TRANSMISSION | E58: =SUM(B58:D58) -> 0
A59: COMMISSION DELIVRANCE BON A PAYER | E59: =SUM(B59:D59) -> 0
A60: COMMISSION DEMANDE DE DEPASSEMENT | C60: -71.4 | E60: =SUM(B60:D60) -> -71.4
A61: COMMISSION D'ENGAGEMENT SUR CREDI | C61: -619.793 | E61: =SUM(B61:D61) -> -619.793
A62: COMMISSION D'ENVOI A L'ENCAISSEME | C62: -160 | E62: =SUM(B62:D62) -> -160
A63: COMMISSION D'ETUDE | C63: -40 | E63: =SUM(B63:D63) -> -40
A64: COMMISSION ESCOMPTE | C64: -10.71 | E64: =SUM(B64:D64) -> -10.71
A65: COMMISSION PREAVIS | E65: =SUM(B65:D65) -> 0
A66: COMMISSION REGLEMENT EFFET | C66: -35.7 | D66: -3.57 | E66: =SUM(B66:D66) -> -39.27
A67: COMMISSION REGLEMENT EFFET FINANC | C67: -17.255 | E67: =SUM(B67:D67) -> -17.255
A68: COMMISSION REJET | E68: =SUM(B68:D68) -> 0
A69: COMMISSION SUR PRELEVEMENT | B69: -1.428 | C69: -2.142 | E69: =SUM(B69:D69) -> -3.57
A70: COMMISSION VERSEMENT ESPECE | E70: =SUM(B70:D70) -> 0
A71: COMMISSION VIREMENT | C71: =-14.28-0.952 -> -15.232 | E71: =SUM(B71:D71) -> -15.232
A72: COMMISSION VIREMENT EMIS | C72: -90 | E72: =SUM(B72:D72) -> -90 | G72: -25
A73: COMMISSION VIREMENT RECU EN DINAR | C73: -40.952 | E73: =SUM(B73:D73) -> -40.952
A74: FRAIS OBLIGATION | E74: =SUM(B74:D74) -> 0
A75: FRAIS TELECOMPENSATION | E75: =SUM(B75:D75) -> 0
A76: INETERET DE RETARD | C76: -3807.486 | D76: -125.043 | E76: =SUM(B76:D76) -> -3932.529
A77: PENALITE DE RETARD | C77: -439.513 | E77: =SUM(B77:D77) -> -439.513
A78: PRELEVEMENT MANUEL | C78: -638.677 | E78: =SUM(B78:D78) -> -638.677
A79: RECUPERATION FRAIS SUR DOMICILIAT | C79: -9 | E79: =SUM(B79:D79) -> -9
A80: SWIFT | C80: -56 | E80: =SUM(B80:D80) -> -56
A81: TVA | C81: -114.054 | E81: =SUM(B81:D81) -> -114.054
A82: CHARGE PERSONNEL | B82: =SUM(B83:B86) -> 0 | C82: =SUM(C83:C86) -> -293350 | D82: =SUM(D83:D86) -> 0 | E82: =SUM(B82:D82) -> -293350 | G82: =SUM(G83:G86) -> 0 | I82: =SUM(I83:I86) -> 0
A83: AVANCE | E83: =SUM(B83:D83) -> 0
A84: PRÊT | C84: 250 | E84: =SUM(B84:D84) -> 250
A85: SALAIRE | C85: -201273.54 | E85: =SUM(B85:D85) -> -201273.54
A86: CNSS | C86: -92326.458 | E86: =SUM(B86:D86) -> -92326.458
A87: SOCIETE DU GROUPE | B87: =SUM(B88:B94) -> 0 | C87: =SUM(C88:C94) -> 0 | D87: =SUM(D88:D94) -> 0 | E87: =SUM(B87:D87) -> 0 | G87: =SUM(G88:G94) -> 0 | I87: =SUM(I88:I94) -> 0
A88: DIVIDENDES | E88: =SUM(B88:D88) -> 0
A89: FONDERIE HNAYA | E89: =SUM(B89:D89) -> 0
A90: ALPHA MEDIA | E90: =SUM(B90:D90) -> 0
A91: NOUR HEMP | E91: =SUM(B91:D91) -> 0
A92: PHENICIA | E92: =SUM(B92:D92) -> 0
A93: STA NOUR | E93: =SUM(B93:D93) -> 0
A94: TIP | E94: =SUM(B94:D94) -> 0
A95: FOURNISSEURS ETRANGER | B95: =SUM(B96:B114) -> 0 | C95: =SUM(C96:C114) -> -56467.136 | D95: =SUM(D96:D114) -> 0 | E95: =SUM(B95:D95) -> -56467.136 | G95: =SUM(G96:G114) -> -86256.04 | I95: =SUM(I96:I114) -> 0
A96: ACCUMA | C96: -56467.136 | E96: =SUM(B96:D96) -> -56467.136 | G96: -9120.35
A97: AKUMSAN | E97: =SUM(B97:D97) -> 0
A98: BIASIN | E98: =SUM(B98:D98) -> 0
A99: NIZI | E99: =SUM(B99:D99) -> 0 | G99: -13288.8
A100: DARAMIC | E100: =SUM(B100:D100) -> 0 | G100: -46478.61
...

Sheet SNA 08-2018
B1: STB THAMEUR | C1: STB MEGRINE | D1: BTK | G1: MEG EURO | I1: MEG $
A2: SOLDE 31/07/2018 | B2: ='SNA 07-2018'!B365 -> 14076.28 | C2: ='SNA 07-2018'!C365 -> -3301911.5 | D2: ='SNA 07-2018'!D365 -> 953.187 | E2: =SUM(B2:D2) -> -3286882.1 | G2: ='SNA 07-2018'!G365 -> 1444.13 | I2: ='SNA 07-2018'!I365 -> 146.86
A3: RECETTE | B3: =SUM(B4:B12) -> 13672 | C3: =SUM(C4:C12) -> 1748845.1 | D3: =SUM(D4:D12) -> 0 | E3: =SUM(B3:D3) -> 1762517.1 | G3: =SUM(G4:G12) -> 199168.87 | I3: =SUM(I4:I12) -> 0
A4: SND CHEQUE | C4: 1738700 | E4: =SUM(B4:D4) -> 1738700
A5: SND TRAITE | E5: =SUM(B5:D5) -> 0
A6: INTERETESCOMPTE TRAITE | E6: =SUM(B6:D6) -> 0
A7: BATTERIEDENIEST | E7: =SUM(B7:D7) -> 0
A8: ERRAFIK EL DAYEM | E8: =SUM(B8:D8) -> 0 | G8: 54980
A9: COTE D'IVOIR | E9: =SUM(B9:D9) -> 0
A10: MED ENERGY | E10: =SUM(B10:D10) -> 0
A11: NOUR GERMANY | E11: =SUM(B11:D11) -> 0 | G11: 144188.87
A12: VIREMENT RECU | B12: 13672 | C12: 10145.131 | E12: =SUM(B12:D12) -> 23817.131
A13: AUTRES RECETTE | B13: =SUM(B14:B21) -> 0 | C13: =SUM(C14:C21) -> 0 | D13: =SUM(D14:D21) -> 0 | E13: =SUM(B13:D13) -> 0 | G13: =SUM(G14:G21) -> 0 | I13: =SUM(I14:I21) -> 0
A14: AUGMENTATION CAPITAL | E14: =SUM(B14:D14) -> 0
A15: DEBLOCAGE CMT | E15: =SUM(B15:D15) -> 0
A16: MARGE DE GARANTIE | E16: =SUM(B16:D16) -> 0
A17: BILLET DE TRESORERIE | E17: =SUM(B17:D17) -> 0
A18: PLACEMENT | E18: =SUM(B18:D18) -> 0
A19: RESTITUTION TVA | E19: =SUM(B19:D19) -> 0
A20: VENTE DOLLARS | E20: =SUM(B20:D20) -> 0
A21: VENTE EURO | E21: =SUM(B21:D21) -> 0
A22: ENGAGEMENT BANCAIRE | B22: =SUM(B23:B43) -> -2034.793 | C22: =SUM(C23:C43) -> -7940.233 | D22: =SUM(D23:D43) -> 0 | E22: =SUM(B22:D22) -> -9975.026 | G22: =SUM(G23:G43) -> 0 | I22: =SUM(I23:I43) -> 0
A23: CMT 1000 | E23: =SUM(B23:D23) -> 0
A24: CMT 1000 1 | E24: =SUM(B24:D24) -> 0
A25: CMT 1150 | E25: =SUM(B25:D25) -> 0
A26: CMT 1250 | E26: =SUM(B26:D26) -> 0
A27: CMT 2418 | E27: =SUM(B27:D27) -> 0
A28: CMT 2500 | E28: =SUM(B28:D28) -> 0
A29: CMT 350 | E29: =SUM(B29:D29) -> 0
A30: CMT 500 | E30: =SUM(B30:D30) -> 0
A31: CMT BTK | E31: =SUM(B31:D31) -> 0
A32: CREDIT DE GESTION | E32: =SUM(B32:D32) -> 0
A33: INTERET CMT 1000 | E33: =SUM(B33:D33) -> 0
A34: INTERET CMT 1000 1 | E34: =SUM(B34:D34) -> 0
... A42: INTERET CREDIT DE GESTION | E42: =SUM(B42:D42) -> 0
A43: LEASING | B43: -2034.793 | C43: -7940.233 | E43: =SUM(B43:D43) -> -9975.026
A44: FRAIS BANQUE | B44: =SUM(B45:B81) -> -48.1 | C44: =SUM(C45:C81) -> -2128.75 | D44: =SUM(D45:D81) -> -7.14 | E44: =SUM(B44:D44) -> -2183.99 | G44: =SUM(G45:G81) -> -25 | I44: =SUM(I45:I81) -> 0
A45: AFFRANCHISSEMENT | B45: -0.5 | C45: -15.5 | E45: =SUM(B45:D45) -> -16
A46: AGIOS DEBITEURS | E46: =SUM(B46:D46) -> 0
A47: COMMISION OBLIGATION | C47: -118.844 | E47: =SUM(B47:D47) -> -118.844
A48: COMMISSION / VERS CHQ | C48: -8.545 | E48: =SUM(B48:D48) -> -8.545
A49: COMMISSION ADMISSION TEMPORAIRE | C49: -389.836 | E49: =SUM(B49:D49) -> -389.836
A50: COMMISSION CAUTION DEF | C50: -44.13 | E50: =SUM(B50:D50) -> -44.13
A51: COMMISSION CHQ CERTIFIE | C51: -23.8 | E51: =SUM(B51:D51) -> -23.8
A52: COMMISSION D'ADHESION | D52: -7.14 | E52: =SUM(B52:D52) -> -7.14
A53: COMMISSION DE CHANGE | E53: =SUM(B53:D53) -> 0
A54: COMMISSION DE DOMICILIATION | C54: -70 | E54: =SUM(B54:D54) -> -70
A55: COMMISSION DE MODIFICATION | E55: =SUM(B55:D55) -> 0
A56: COMMISSION DE NOTIFICATION | E56: =SUM(B56:D56) -> 0
A57: COMMISSION DE REALISATION L/C IMP | E57: =SUM(B57:D57) -> 0
A58: COMMISSION DE TRANSMISSION | E58: =SUM(B58:D58) -> 0
A59: COMMISSION DELIVRANCE BON A PAYER | E59: =SUM(B59:D59) -> 0
A60: COMMISSION DEMANDE DE DEPASSEMENT | C60: -142.8 | E60: =SUM(B60:D60) -> -142.8
A61: COMMISSION D'ENGAGEMENT SUR CREDI | E61: =SUM(B61:D61) -> 0
A62: COMMISSION D'ENVOI A L'ENCAISSEME | C62: -200 | E62: =SUM(B62:D62) -> -200
A63: COMMISSION D'ETUDE | C63: -60 | E63: =SUM(B63:D63) -> -60
A64: COMMISSION ESCOMPTE | E64: =SUM(B64:D64) -> 0
A65: COMMISSION PREAVIS | E65: =SUM(B65:D65) -> 0
A66: COMMISSION REGLEMENT EFFET | C66: -28.56 | E66: =SUM(B66:D66) -> -28.56
A67: COMMISSION REGLEMENT EFFET FINANC | E67: =SUM(B67:D67) -> 0
A68: COMMISSION REJET | E68: =SUM(B68:D68) -> 0
A69: COMMISSION SUR PRELEVEMENT | B69: -1.428 | C69: -3.57 | E69: =SUM(B69:D69) -> -4.998
A70: COMMISSION VERSEMENT ESPECE | E70: =SUM(B70:D70) -> 0
A71: COMMISSION VIREMENT | C71: -14.28 | E71: =SUM(B71:D71) -> -14.28 | G71: -25
A72: COMMISSION VIREMENT EMIS | B72: -20 | C72: -30 | E72: =SUM(B72:D72) -> -50
A73: COMMISSION VIREMENT RECU EN DINAR | B73: -10.952 | C73: -240 | E73: =SUM(B73:D73) -> -250.952
A74: FRAIS OBLIGATION | C74: -29.75 | E74: =SUM(B74:D74) -> -29.75
A75: FRAIS TELECOMPENSATION | C75: -0.38 | E75: =SUM(B75:D75) -> -0.38
A76: INETERET DE RETARD | E76: =SUM(B76:D76) -> 0
A77: PENALITE DE RETARD | E77: =SUM(B77:D77) -> 0
A78: SBE | C78: -528.115 | E78: =SUM(B78:D78) -> -528.115
A79: RECUPERATION FRAIS SUR DOMICILIAT | E79: =SUM(B79:D79) -> 0
A80: SWIFT | B80: -8 | C80: -56 | E80: =SUM(B80:D80) -> -64
A81: TVA | B81: -7.22 | C81: -124.64 | E81: =SUM(B81:D81) -> -131.86
A82: CHARGE PERSONNEL | B82: =SUM(B83:B86) -> 0 | C82: =SUM(C83:C86) -> -149043.95 | D82: =SUM(D83:D86) -> 0 | E82: =SUM(B82:D82) -> -149043.95 | G82: =SUM(G83:G86) -> 0 | I82: =SUM(I83:I86) -> 0
A83: AVANCE | E83: =SUM(B83:D83) -> 0
A84: PRÊT | C84: -28400 | E84: =SUM(B84:D84) -> -28400
A85: SALAIRE | C85: =-190.658-119890.546 -> -120081.2 | E85: =SUM(B85:D85) -> -120081.2
A86: CNSS | C86: -562.741 | E86: =SUM(B86:D86) -> -562.741
A87: SOCIETE DU GROUPE | B87: =SUM(B88:B94) -> 0 | C87: =SUM(C88:C94) -> -158221.83 | D87: =SUM(D88:D94) -> 0 | E87: =SUM(B87:D87) -> -158221.83 | G87: =SUM(G88:G94) -> 0 | I87: =SUM(I88:I94) -> 0
A88: DIVIDENDES | E88: =SUM(B88:D88) -> 0
A89: FONDERIE HNAYA | E89: =SUM(B89:D89) -> 0
A90: ALPHA MEDIA | E90: =SUM(B90:D90) -> 0
A91: NOUR HEMP | E91: =SUM(B91:D91) -> 0
A92: PHENICIA | E92: =SUM(B92:D92) -> 0
A93: STA NOUR | E93: =SUM(B93:D93) -> 0
A94: TIP | C94: -158221.83 | E94: =SUM(B94:D94) -> -158221.83
A95: FOURNISSEURS ETRANGER | B95: =SUM(B96:B114) -> 0 | C95: =SUM(C96:C114) -> 0 | D95: =SUM(D96:D114) -> 0 | E95: =SUM(B95:D95) -> 0 | G95: =SUM(G96:G114) -> -185996.01 | I95: =SUM(I96:I114) -> 0
A96: ACCUMA | E96: =SUM(B96:D96) -> 0 | G96: -70856.09
A97: AKUMSAN | E97: =SUM(B97:D97) -> 0
A98: BIASIN | E98: =SUM(B98:D98) -> 0
A99: NIZI | E99: =SUM(B99:D99) -> 0
A100: DARAMIC | E100: =SUM(B100:D100) -> 0
A101: GLATFELTER | E101: =SUM(B101:D101) -> 0
A102: GOONVEAN | E102: =SUM(B102:D102) -> 0
A103: HB FULLER | E103: =SUM(B103:D103) -> 0 | G103: -6574.6
A104: JIANGHSU | E104: =SUM(B104:D104) -> 0
A105: POWER CON | E105: =SUM(B105:D105) -> 0
A106: METACONCEPT | E106: =SUM(B106:D106) -> 0
A107: T P I | E107: =SUM(B107:D107) -> 0
...

Sheet SNA 09-2018
B1: STB THAMEUR | C1: STB MEGRINE | D1: BTK | G1: MEG EURO | I1: MEG $
A2: SOLDE 31/08/2018 | B2: ='SNA 08-2018'!B365 -> 25665.387 | C2: ='SNA 08-2018'!C365 -> -3311032.9 | D2: ='SNA 08-2018'!D365 -> 946.047 | E2: =SUM(B2:D2) -> -3284421.5 | G2: ='SNA 08-2018'!G365 -> 14591.99 | I2: ='SNA 08-2018'!I365 -> 146.86
A3: RECETTE | B3: =SUM(B4:B12) -> 0 | C3: =SUM(C4:C12) -> 2591112.5 | D3: =SUM(D4:D12) -> 0 | E3: =SUM(B3:D3) -> 2591112.5 | G3: =SUM(G4:G12) -> 109524.5 | I3: =SUM(I4:I12) -> 0
A4: SND CHEQUE | C4: 2296000 | E4: =SUM(B4:D4) -> 2296000
A5: SND TRAITE | C5: 300000 | E5: =SUM(B5:D5) -> 300000
A6: INTERETESCOMPTE TRAITE | C6: -4887.5 | E6: =SUM(B6:D6) -> -4887.5
A7: BATTERIEDENIEST | E7: =SUM(B7:D7) -> 0
A8: ERRAFIK EL DAYEM | E8: =SUM(B8:D8) -> 0 | G8: 49985
A9: COTE D'IVOIR | E9: =SUM(B9:D9) -> 0
A10: MED ENERGY | E10: =SUM(B10:D10) -> 0
A11: NOUR GERMANY | E11: =SUM(B11:D11) -> 0 | G11: 59539.5
A12: VIREMENT RECU | E12: =SUM(B12:D12) -> 0
A13: AUTRES RECETTE | B13: =SUM(B14:B21) -> 0 | C13: =SUM(C14:C21) -> -500000 | D13: =SUM(D14:D21) -> 0 | E13: =SUM(B13:D13) -> -500000 | G13: =SUM(G14:G21) -> 0 | I13: =SUM(I14:I21) -> 0
A14: AUGMENTATION CAPITAL | E14: =SUM(B14:D14) -> 0
A15: DEBLOCAGE CMT | E15: =SUM(B15:D15) -> 0
A16: MARGE DE GARANTIE | E16: =SUM(B16:D16) -> 0
A17: BILLET DE TRESORERIE | C17: -500000 | E17: =SUM(B17:D17) -> -500000
A18: PLACEMENT | E18: =SUM(B18:D18) -> 0
A19: RESTITUTION TVA | E19: =SUM(B19:D19) -> 0
A20: VENTE DOLLARS | E20: =SUM(B20:D20) -> 0
A21: VENTE EURO | E21: =SUM(B21:D21) -> 0
A22: ENGAGEMENT BANCAIRE | B22: =SUM(B23:B43) -> -2034.793 | C22: =SUM(C23:C43) -> -375050.74 | D22: =SUM(D23:D43) -> 0 | E22: =SUM(B22:D22) -> -377085.54 | G22: =SUM(G23:G43) -> 0 | I22: =SUM(I23:I43) -> 0
A23: CMT 1000 | E23: =SUM(B23:D23) -> 0
A24: CMT 1000 1 | E24: =SUM(B24:D24) -> 0
A25: CMT 1150 | E25: =SUM(B25:D25) -> 0
A26: CMT 1250 | E26: =SUM(B26:D26) -> 0
A27: CMT 2418 | C27: -172714.29 | E27: =SUM(B27:D27) -> -172714.29
A28: CMT 2500 | E28: =SUM(B28:D28) -> 0
A29: CMT 350 | E29: =SUM(B29:D29) -> 0
A30: CMT 500 | E30: =SUM(B30:D30) -> 0
A31: CMT BTK | E31: =SUM(B31:D31) -> 0
A32: CREDIT DE GESTION | E32: =SUM(B32:D32) -> 0
A33: INTERET CMT 1000 | E33: =SUM(B33:D33) -> 0
A34: INTERET CMT 1000 1 | E34: =SUM(B34:D34) -> 0
A35: INTERET CMT 1150 | E35: =SUM(B35:D35) -> 0
A36: INTERET CMT 1250 | E36: =SUM(B36:D36) -> 0
A37: INTERET CMT 2418 | C37: -9552.059 | E37: =SUM(B37:D37) -> -9552.059
A38: INTERET CMT 2500 | C38: -67083.75 | E38: =SUM(B38:D38) -> -67083.75
A39: INTERET CMT 350 | E39: =SUM(B39:D39) -> 0
A40: INTERET CMT 500 | E40: =SUM(B40:D40) -> 0
A41: INTERET CMT BTK | E41: =SUM(B41:D41) -> 0
A42: INTERET CREDIT DE GESTION | C42: -117760.42 | E42: =SUM(B42:D42) -> -117760.42
A43: LEASING | B43: =-890.345-1144.448 -> -2034.793 | C43: -7940.233 | E43: =SUM(B43:D43) -> -9975.026
A44: FRAIS BANQUE | B44: =SUM(B45:B81) -> -1.428 | C44: =SUM(C45:C81) -> -17812.271 | D44: =SUM(D45:D81) -> 0 | E44: =SUM(B44:D44) -> -17813.699 | G44: =SUM(G45:G81) -> -50 | I44: =SUM(I45:I81) -> 0
A45: AFFRANCHISSEMENT | C45: -1 | E45: =SUM(B45:D45) -> -1
A46: AGIOS DEBITEURS | E46: =SUM(B46:D46) -> 0
A47: COMMISION OBLIGATION | E47: =SUM(B47:D47) -> 0
A48: COMMISSION / VERS CHQ | C48: -12.852 | E48: =SUM(B48:D48) -> -12.852
A49: COMMISSION ADMISSION TEMPORAIRE | E49: =SUM(B49:D49) -> 0
A50: COMMISSION CAUTION DEF | E50: =SUM(B50:D50) -> 0
A51: COMMISSION CHQ CERTIFIE | C51: -23.8 | E51: =SUM(B51:D51) -> -23.8
A52: COMMISSION D'ADHESION | E52: =SUM(B52:D52) -> 0
A53: COMMISSION DE CHANGE | E53: =SUM(B53:D53) -> 0
A54: COMMISSION DE DOMICILIATION | C54: -60 | E54: =SUM(B54:D54) -> -60
A55: COMMISSION DE MODIFICATION | E55: =SUM(B55:D55) -> 0
A56: COMMISSION DE NOTIFICATION | E56: =SUM(B56:D56) -> 0
A57: COMMISSION DE REALISATION L/C IMP | E57: =SUM(B57:D57) -> 0
A58: COMMISSION DE TRANSMISSION | E58: =SUM(B58:D58) -> 0
A59: COMMISSION DELIVRANCE BON A PAYER | C59: -5.95 | E59: =SUM(B59:D59) -> -5.95
A60: COMMISSION DEMANDE DE DEPASSEMENT | C60: -642.6 | E60: =SUM(B60:D60) -> -642.6
A61: COMMISSION D'ENGAGEMENT SUR CREDI | E61: =SUM(B61:D61) -> 0
A62: COMMISSION D'ENVOI A L'ENCAISSEME | C62: -40 | E62: =SUM(B62:D62) -> -40
A63: COMMISSION D'ETUDE | E63: =SUM(B63:D63) -> 0
A64: COMMISSION ESCOMPTE | C64: -7.14 | E64: =SUM(B64:D64) -> -7.14
A65: COMMISSION PREAVIS | E65: =SUM(B65:D65) -> 0
A66: COMMISSION REGLEMENT EFFET | C66: -30.345 | E66: =SUM(B66:D66) -> -30.345
A67: COMMISSION REGLEMENT EFFET FINANC | C67: -3.57 | E67: =SUM(B67:D67) -> -3.57
A68: COMMISSION REJET | E68: =SUM(B68:D68) -> 0
A69: COMMISSION SUR PRELEVEMENT | B69: =-0.714-0.714 -> -1.428 | C69: -2.142 | E69: =SUM(B69:D69) -> -3.57
A70: COMMISSION VERSEMENT ESPECE | E70: =SUM(B70:D70) -> 0
A71: COMMISSION VIREMENT | C71: -1.904 | E71: =SUM(B71:D71) -> -1.904
A72: COMMISSION VIREMENT EMIS | C72: -60 | E72: =SUM(B72:D72) -> -60 | G72: -50
A73: COMMISSION VIREMENT RECU EN DINAR | C73: -120 | E73: =SUM(B73:D73) -> -120
A74: FRAIS OBLIGATION | E74: =SUM(B74:D74) -> 0
A75: FRAIS TELECOMPENSATION | E75: =SUM(B75:D75) -> 0
A76: INETERET DE RETARD | C76: -14407.682 | E76: =SUM(B76:D76) -> -14407.682
A77: PENALITE DE RETARD | C77: -1712.003 | E77: =SUM(B77:D77) -> -1712.003
A78: PRELEVEMENT MANUEL | C78: -609.043 | E78: =SUM(B78:D78) -> -609.043
A79: RECUPERATION FRAIS SUR DOMICILIAT | E79: =SUM(B79:D79) -> 0
A80: SWIFT | C80: -16 | E80: =SUM(B80:D80) -> -16
A81: TVA | C81: -56.24 | E81: =SUM(B81:D81) -> -56.24
A82: CHARGE PERSONNEL | B82: =SUM(B83:B86) -> 0 | C82: =SUM(C83:C86) -> -24184.751 | D82: =SUM(D83:D86) -> 0 | E82: =SUM(B82:D82) -> -24184.751 | G82: =SUM(G83:G86) -> 0 | I82: =SUM(I83:I86) -> 0
A83: AVANCE | E83: =SUM(B83:D83) -> 0
A84: PRÊT | C84: -220 | E84: =SUM(B84:D84) -> -220
A85: SALAIRE | C85: -23246.708 | E85: =SUM(B85:D85) -> -23246.708
A86: CNSS | C86: -718.043 | E86: =SUM(B86:D86) -> -718.043
A87: SOCIETE DU GROUPE | B87: =SUM(B88:B94) -> 0 | C87: =SUM(C88:C94) -> 400000 | D87: =SUM(D88:D94) -> 0 | E87: =SUM(B87:D87) -> 400000 | G87: =SUM(G88:G94) -> 0 | I87: =SUM(I88:I94) -> 0
A88: DIVIDENDES | E88: =SUM(B88:D88) -> 0
A89: FONDERIE HNAYA | C89: 500000 | E89: =SUM(B89:D89) -> 500000
A90: ALPHA MEDIA | E90: =SUM(B90:D90) -> 0
A91: NOUR HEMP | C91: -100000 | E91: =SUM(B91:D91) -> -100000
A92: PHENICIA | E92: =SUM(B92:D92) -> 0
A93: STA NOUR | E93: =SUM(B93:D93) -> 0
A94: TIP | E94: =SUM(B94:D94) -> 0
A95: FOURNISSEURS ETRANGER | B95: =SUM(B96:B114) -> 0 | C95: =SUM(C96:C114) -> 0 | D95: =SUM(D96:D114) -> 0 | E95: =SUM(B95:D95) -> 0 | G95: =SUM(G96:G114) -> -53060.38 | I95: =SUM(I96:I114) -> 0
A96: ACCUMA | E96: =SUM(B96:D96) -> 0
A97: AKUMSAN | E97: =SUM(B97:D97) -> 0
A98: BIASIN | E98: =SUM(B98:D98) -> 0
A99: NIZI | E99: =SUM(B99:D99) -> 0
A100: DARAMIC | E100: =SUM(B100:D100) -> 0 | G100: -47355.28
...

Sheet SNA 10-2018
B1: STB THAMEUR | C1: STB MEGRINE | D1: BTK | G1: MEG EURO | I1: MEG $
A2: SOLDE 30/09/2017 | B2: ='SNA 09-2018'!B365 -> 23629.166 | C2: ='SNA 09-2018'!C365 -> -2864200.5 | D2: ='SNA 09-2018'!D365 -> 946.047 | E2: =SUM(B2:D2) -> -2839625.3 | G2: ='SNA 09-2018'!G365 -> 71006.11 | I2: ='SNA 09-2018'!I365 -> 146.86
A3: RECETTE | B3: =SUM(B4:B12) -> 0 | C3: =SUM(C4:C12) -> 2073000 | D3: =SUM(D4:D12) -> 0 | E3: =SUM(B3:D3) -> 2073000 | G3: =SUM(G4:G12) -> 340511.63 | I3: =SUM(I4:I12) -> 0
A4: SND CHEQUE | C4: 2073000 | E4: =SUM(B4:D4) -> 2073000
A5: SND TRAITE | E5: =SUM(B5:D5) -> 0
A6: INTERETESCOMPTE TRAITE | E6: =SUM(B6:D6) -> 0
A7: BATTERIEDENIEST | E7: =SUM(B7:D7) -> 0
A8: ERRAFIK EL DAYEM | E8: =SUM(B8:D8) -> 0 | G8: 249000
A9: COTE D'IVOIR | E9: =SUM(B9:D9) -> 0 | G9: 41511.63
A10: MED ENERGY | E10: =SUM(B10:D10) -> 0
A11: NOUR GERMANY | E11: =SUM(B11:D11) -> 0 | G11: 50000
A12: VIREMENT RECU | E12: =SUM(B12:D12) -> 0
A13: AUTRES RECETTE | B13: =SUM(B14:B21) -> 0 | C13: =SUM(C14:C21) -> 0 | D13: =SUM(D14:D21) -> 0 | E13: =SUM(B13:D13) -> 0 | G13: =SUM(G14:G21) -> 0 | I13: =SUM(I14:I21) -> 0
A14: AUGMENTATION CAPITAL | E14: =SUM(B14:D14) -> 0
A15: DEBLOCAGE CMT | E15: =SUM(B15:D15) -> 0
A16: MARGE DE GARANTIE | E16: =SUM(B16:D16) -> 0
A17: BILLET DE TRESORERIE | E17: =SUM(B17:D17) -> 0
A18: PLACEMENT | E18: =SUM(B18:D18) -> 0
A19: RESTITUTION TVA | E19: =SUM(B19:D19) -> 0
A20: VENTE DOLLARS | E20: =SUM(B20:D20) -> 0
A21: VENTE EURO | E21: =SUM(B21:D21) -> 0
A22: ENGAGEMENT BANCAIRE | B22: =SUM(B23:B43) -> -2034.793 | C22: =SUM(C23:C43) -> -7940.233 | D22: =SUM(D23:D43) -> 0 | E22: =SUM(B22:D22) -> -9975.026 | G22: =SUM(G23:G43) -> 0 | I22: =SUM(I23:I43) -> 0
A23: CMT 1000 | E23: =SUM(B23:D23) -> 0
A24: CMT 1000 1 | E24: =SUM(B24:D24) -> 0
A25: CMT 1150 | E25: =SUM(B25:D25) -> 0
A26: CMT 1250 | E26: =SUM(B26:D26) -> 0
A27: CMT 2418 | E27: =SUM(B27:D27) -> 0
A28: CMT 2500 | E28: =SUM(B28:D28) -> 0
A29: CMT 350 | E29: =SUM(B29:D29) -> 0
A30: CMT 500 | E30: =SUM(B30:D30) -> 0
A31: CMT BTK | E31: =SUM(B31:D31) -> 0
A32: CREDIT DE GESTION | E32: =SUM(B32:D32) -> 0
A33: INTERET CMT 1000 | E33: =SUM(B33:D33) -> 0
A34: INTERET CMT 1000 1 | E34: =SUM(B34:D34) -> 0
... A42: INTERET CREDIT DE GESTION | E42: =SUM(B42:D42) -> 0
A43: LEASING | B43: -2034.793 | C43: -7940.233 | E43: =SUM(B43:D43) -> -9975.026
A44: FRAIS BANQUE | B44: =SUM(B45:B81) -> -72.828 | C44: =SUM(C45:C81) -> -107196.54 | D44: =SUM(D45:D81) -> 0 | E44: =SUM(B44:D44) -> -107269.37 | G44: =SUM(G45:G81) -> 0 | I44: =SUM(I45:I81) -> 0
A45: AFFRANCHISSEMENT | C45: -22.5 | E45: =SUM(B45:D45) -> -22.5
A46: AGIOS DEBITEURS | B46: -29.75 | C46: -102985.46 | E46: =SUM(B46:D46) -> -103015.21
A47: COMMISION OBLIGATION | C47: -234.412 | E47: =SUM(B47:D47) -> -234.412
A48: COMMISSION / VERS CHQ | C48: -13.019 | E48: =SUM(B48:D48) -> -13.019
A49: COMMISSION ADMISSION TEMPORAIRE | C49: -779.672 | E49: =SUM(B49:D49) -> -779.672
A50: COMMISSION CAUTION DEF | C50: -88.26 | E50: =SUM(B50:D50) -> -88.26
A51: COMMISSION CHQ CERTIFIE | C51: -23.8 | E51: =SUM(B51:D51) -> -23.8
A52: COMMISSION D'ADHESION | E52: =SUM(B52:D52) -> 0
A53: COMMISSION DE CHANGE | E53: =SUM(B53:D53) -> 0
A54: COMMISSION DE DOMICILIATION | C54: -54.5 | E54: =SUM(B54:D54) -> -54.5
A55: COMMISSION DE MODIFICATION | E55: =SUM(B55:D55) -> 0
A56: COMMISSION DE NOTIFICATION | B56: -10 | E56: =SUM(B56:D56) -> -10
A57: COMMISSION DE REALISATION L/C IMP | E57: =SUM(B57:D57) -> 0
A58: COMMISSION DE TRANSMISSION | B58: -7 | E58: =SUM(B58:D58) -> -7
A59: COMMISSION DELIVRANCE BON A PAYER | E59: =SUM(B59:D59) -> 0
A60: COMMISSION DEMANDE DE DEPASSEMENT | C60: -357 | E60: =SUM(B60:D60) -> -357
A61: COMMISSION D'ENGAGEMENT SUR CREDI | E61: =SUM(B61:D61) -> 0
A62: COMMISSION D'ENVOI A L'ENCAISSEME | C62: -160 | E62: =SUM(B62:D62) -> -160
A63: COMMISSION D'ETUDE | B63: -10 | C63: -1875 | E63: =SUM(B63:D63) -> -1885
A64: COMMISSION ESCOMPTE | E64: =SUM(B64:D64) -> 0
A65: COMMISSION PREAVIS | E65: =SUM(B65:D65) -> 0
A66: COMMISSION REGLEMENT EFFET | C66: -33.915 | E66: =SUM(B66:D66) -> -33.915
A67: COMMISSION REGLEMENT EFFET FINANC | C67: -20.23 | E67: =SUM(B67:D67) -> -20.23
A68: COMMISSION REJET | E68: =SUM(B68:D68) -> 0
A69: COMMISSION SUR PRELEVEMENT | B69: -1.428 | C69: -4.284 | E69: =SUM(B69:D69) -> -5.712
A70: COMMISSION VERSEMENT ESPECE | E70: =SUM(B70:D70) -> 0
A71: COMMISSION VIREMENT | C71: -14.28 | E71: =SUM(B71:D71) -> -14.28
A72: COMMISSION VIREMENT EMIS | E72: =SUM(B72:D72) -> 0
A73: COMMISSION VIREMENT RECU EN DINAR | C73: -100 | E73: =SUM(B73:D73) -> -100
A74: FRAIS OBLIGATION | E74: =SUM(B74:D74) -> 0
A75: FRAIS TELECOMPENSATION | C75: -0.19 | E75: =SUM(B75:D75) -> -0.19
A76: INETERET DE RETARD | E76: =SUM(B76:D76) -> 0
A77: PENALITE DE RETARD | E77: =SUM(B77:D77) -> 0
A78: PRELEVEMENT MANUEL | C78: -267.483 | E78: =SUM(B78:D78) -> -267.483
A79: RECUPERATION FRAIS SUR DOMICILIAT | E79: =SUM(B79:D79) -> 0
A80: SWIFT | B80: -8 | C80: -72 | E80: =SUM(B80:D80) -> -80
A81: TVA | B81: -6.65 | C81: -90.535 | E81: =SUM(B81:D81) -> -97.185
A82: CHARGE PERSONNEL | B82: =SUM(B83:B86) -> 0 | C82: =SUM(C83:C86) -> -294594.86 | D82: =SUM(D83:D86) -> 0 | E82: =SUM(B82:D82) -> -294594.86 | G82: =SUM(G83:G86) -> 0 | I82: =SUM(I83:I86) -> 0
A83: AVANCE | E83: =SUM(B83:D83) -> 0
A84: PRÊT | C84: 280 | E84: =SUM(B84:D84) -> 280
A85: SALAIRE | C85: -203847.14 | E85: =SUM(B85:D85) -> -203847.14
A86: CNSS | C86: -91027.716 | E86: =SUM(B86:D86) -> -91027.716
A87: SOCIETE DU GROUPE | B87: =SUM(B88:B94) -> 0 | C87: =SUM(C88:C94) -> 0 | D87: =SUM(D88:D94) -> 0 | E87: =SUM(B87:D87) -> 0 | G87: =SUM(G88:G94) -> 0 | I87: =SUM(I88:I94) -> 0
A88: DIVIDENDES | E88: =SUM(B88:D88) -> 0
A89: FONDERIE HNAYA | E89: =SUM(B89:D89) -> 0
A90: ALPHA MEDIA | E90: =SUM(B90:D90) -> 0
A91: NOUR HEMP | E91: =SUM(B91:D91) -> 0
A92: PHENICIA | E92: =SUM(B92:D92) -> 0
A93: STA NOUR | E93: =SUM(B93:D93) -> 0
A94: TIP | E94: =SUM(B94:D94) -> 0
A95: FOURNISSEURS ETRANGER | B95: =SUM(B96:B114) -> 0 | C95: =SUM(C96:C114) -> 0 | D95: =SUM(D96:D114) -> 0 | E95: =SUM(B95:D95) -> 0 | G95: =SUM(G96:G114) -> -349987.11 | I95: =SUM(I96:I114) -> 0
A96: ACCUMA | E96: =SUM(B96:D96) -> 0 | G96: -127702.92
A97: AKUMSAN | E97: =SUM(B97:D97) -> 0
A98: BIASIN | E98: =SUM(B98:D98) -> 0
A99: NIZI | E99: =SUM(B99:D99) -> 0
A100: DARAMIC | E100: =SUM(B100:D100) -> 0
A101: GLATFELTER | E101: =SUM(B101:D101) -> 0
A102: GOONVEAN | E102: =SUM(B102:D102) -> 0
A103: HB FULLER | E103: =SUM(B103:D103) -> 0
A104: JIANGHSU | E104: =SUM(B104:D104) -> 0 | G104: -120000
A105: POWER CON | E105: =SUM(B105:D105) -> 0
A106: METACONCEPT | E106: =SUM(B106:D106) -> 0
A107: T P I | E107: =SUM(B107:D107) -> 0
...

Sheet SNA 11-2018
B1: STB THAMEUR | C1: STB MEGRINE | D1: BTK | G1: MEG EURO | I1: MEG $
A2: SOLDE 31/10/2018 | B2: ='SNA 10-2018'!B365 -> 521.545 | C2: ='SNA 10-2018'!C365 -> -2888059 | D2: ='SNA 10-2018'!D365 -> 946.047 | E2: =SUM(B2:D2) -> -2886591.4 | G2: ='SNA 10-2018'!G365 -> 61530.63 | I2: ='SNA 10-2018'!I365 -> 146.86
A3: RECETTE | B3: =SUM(B4:B12) -> 13619.83 | C3: =SUM(C4:C12) -> 2548734.5 | D3: =SUM(D4:D12) -> 0 | E3: =SUM(B3:D3) -> 2562354.3 | G3: =SUM(G4:G12) -> 89467.16 | I3: =SUM(I4:I12) -> 0
A4: SND CHEQUE | C4: 1958000 | E4: =SUM(B4:D4) -> 1958000
A5: SND TRAITE | C5: 600000 | E5: =SUM(B5:D5) -> 600000
A6: INTERETESCOMPTE TRAITE | C6: -9265.5 | E6: =SUM(B6:D6) -> -9265.5
A7: BATTERIEDENIEST | E7: =SUM(B7:D7) -> 0
A8: ERRAFIK EL DAYEM | E8: =SUM(B8:D8) -> 0 | G8: 40836
A9: COTE D'IVOIR | E9: =SUM(B9:D9) -> 0
A10: MED ENERGY | E10: =SUM(B10:D10) -> 0
A11: NOUR GERMANY | E11: =SUM(B11:D11) -> 0 | G11: 48631.16
A12: VIREMENT RECU | B12: 13619.83 | E12: =SUM(B12:D12) -> 13619.83
A13: AUTRES RECETTE | B13: =SUM(B14:B21) -> 0 | C13: =SUM(C14:C21) -> -1000 | D13: =SUM(D14:D21) -> 0 | E13: =SUM(B13:D13) -> -1000 | G13: =SUM(G14:G21) -> 0 | I13: =SUM(I14:I21) -> 0
A14: AUGMENTATION CAPITAL | E14: =SUM(B14:D14) -> 0
A15: DEBLOCAGE CMT | E15: =SUM(B15:D15) -> 0
A16: MARGE DE GARANTIE | C16: -1000 | E16: =SUM(B16:D16) -> -1000
A17: BILLET DE TRESORERIE | E17: =SUM(B17:D17) -> 0
A18: PLACEMENT | E18: =SUM(B18:D18) -> 0
A19: RESTITUTION TVA | E19: =SUM(B19:D19) -> 0
A20: VENTE DOLLARS | E20: =SUM(B20:D20) -> 0
A21: VENTE EURO | E21: =SUM(B21:D21) -> 0
A22: ENGAGEMENT BANCAIRE | B22: =SUM(B23:B43) -> -2034.793 | C22: =SUM(C23:C43) -> -468356.62 | D22: =SUM(D23:D43) -> 0 | E22: =SUM(B22:D22) -> -470391.42 | G22: =SUM(G23:G43) -> 0 | I22: =SUM(I23:I43) -> 0
A23: CMT 1000 | C23: -83333.333 | E23: =SUM(B23:D23) -> -83333.333
A24: CMT 1000 1 | E24: =SUM(B24:D24) -> 0
A25: CMT 1150 | C25: -95833.333 | E25: =SUM(B25:D25) -> -95833.333
A26: CMT 1250 | E26: =SUM(B26:D26) -> 0
A27: CMT 2418 | E27: =SUM(B27:D27) -> 0
A28: CMT 2500 | E28: =SUM(B28:D28) -> 0
A29: CMT 350 | C29: -29166.667 | E29: =SUM(B29:D29) -> -29166.667
A30: CMT 500 | C30: -83333.334 | E30: =SUM(B30:D30) -> -83333.334
A31: CMT BTK | E31: =SUM(B31:D31) -> 0
A32: CREDIT DE GESTION | E32: =SUM(B32:D32) -> 0
A33: INTERET CMT 1000 | C33: -19850.278 | E33: =SUM(B33:D33) -> -19850.278
A34: INTERET CMT 1000 1 | E34: =SUM(B34:D34) -> 0
A35: INTERET CMT 1150 | C35: -22827.819 | E35: =SUM(B35:D35) -> -22827.819
A36: INTERET CMT 1250 | C36: -38489.861 | E36: =SUM(B36:D36) -> -38489.861
A37: INTERET CMT 2418 | E37: =SUM(B37:D37) -> 0
A38: INTERET CMT 2500 | C38: -60783.889 | E38: =SUM(B38:D38) -> -60783.889
A39: INTERET CMT 350 | C39: -6947.597 | E39: =SUM(B39:D39) -> -6947.597
A40: INTERET CMT 500 | C40: -19850.278 | E40: =SUM(B40:D40) -> -19850.278
A41: INTERET CMT BTK | E41: =SUM(B41:D41) -> 0
A42: INTERET CREDIT DE GESTION | E42: =SUM(B42:D42) -> 0
A43: LEASING | B43: -2034.793 | C43: -7940.233 | E43: =SUM(B43:D43) -> -9975.026
A44: FRAIS BANQUE | B44: =SUM(B45:B81) -> -3.332 | C44: =SUM(C45:C81) -> -8309.272 | D44: =SUM(D45:D81) -> 0 | E44: =SUM(B44:D44) -> -8312.604 | G44: =SUM(G45:G81) -> -50 | I44: =SUM(I45:I81) -> 0
A45: AFFRANCHISSEMENT | C45: -6 | E45: =SUM(B45:D45) -> -6
A46: AGIOS DEBITEURS | E46: =SUM(B46:D46) -> 0
A47: COMMISION OBLIGATION | C47: -46.114 | E47: =SUM(B47:D47) -> -46.114
A48: COMMISSION / VERS CHQ | C48: -6.783 | E48: =SUM(B48:D48) -> -6.783
A49: COMMISSION ADMISSION TEMPORAIRE | C49: -389.836 | E49: =SUM(B49:D49) -> -389.836
A50: COMMISSION CAUTION DEF | C50: -44.13 | E50: =SUM(B50:D50) -> -44.13
A51: COMMISSION CHQ CERTIFIE | C51: -17.85 | E51: =SUM(B51:D51) -> -17.85
A52: COMMISSION D'ADHESION | E52: =SUM(B52:D52) -> 0
A53: COMMISSION DE CHANGE | E53: =SUM(B53:D53) -> 0
A54: COMMISSION DE DOMICILIATION | C54: -40 | E54: =SUM(B54:D54) -> -40
A55: COMMISSION DE MODIFICATION | E55: =SUM(B55:D55) -> 0
A56: COMMISSION DE NOTIFICATION | E56: =SUM(B56:D56) -> 0
A57: COMMISSION DE REALISATION L/C IMP | E57: =SUM(B57:D57) -> 0
A58: COMMISSION DE TRANSMISSION | E58: =SUM(B58:D58) -> 0
A59: COMMISSION DELIVRANCE BON A PAYER | E59: =SUM(B59:D59) -> 0
A60: COMMISSION DEMANDE DE DEPASSEMENT | C60: -595 | E60: =SUM(B60:D60) -> -595
A61: COMMISSION D'ENGAGEMENT SUR CREDI | E61: =SUM(B61:D61) -> 0
A62: COMMISSION D'ENVOI A L'ENCAISSEME | C62: -40 | E62: =SUM(B62:D62) -> -40
A63: COMMISSION D'ETUDE | C63: -20 | E63: =SUM(B63:D63) -> -20
A64: COMMISSION ESCOMPTE | C64: -7.14 | E64: =SUM(B64:D64) -> -7.14
A65: COMMISSION PREAVIS | E65: =SUM(B65:D65) -> 0
A66: COMMISSION REGLEMENT EFFET | C66: -58.905 | E66: =SUM(B66:D66) -> -58.905
A67: COMMISSION REGLEMENT EFFET FINANC | E67: =SUM(B67:D67) -> 0
A68: COMMISSION REJET | E68: =SUM(B68:D68) -> 0
A69: COMMISSION SUR PRELEVEMENT | B69: -1.428 | C69: -2.856 | E69: =SUM(B69:D69) -> -4.284
A70: COMMISSION VERSEMENT ESPECE | E70: =SUM(B70:D70) -> 0
A71: COMMISSION VIREMENT | C71: -7.14 | E71: =SUM(B71:D71) -> -7.14
A72: COMMISSION VIREMENT EMIS | C72: =-60-0.952 -> -60.952 | E72: =SUM(B72:D72) -> -60.952 | G72: -50
A73: COMMISSION VIREMENT RECU EN DINAR | B73: -1.904 | C73: -100.952 | E73: =SUM(B73:D73) -> -102.856
A74: FRAIS OBLIGATION | C74: -11.9 | E74: =SUM(B74:D74) -> -11.9
A75: FRAIS TELECOMPENSATION | E75: =SUM(B75:D75) -> 0
A76: INETERET DE RETARD | C76: -5088.15 | E76: =SUM(B76:D76) -> -5088.15
A77: PENALITE DE RETARD | C77: -520.668 | E77: =SUM(B77:D77) -> -520.668
A78: PRELEVEMENT MANUEL | C78: -1157.416 | E78: =SUM(B78:D78) -> -1157.416
A79: RECUPERATION FRAIS SUR DOMICILIAT | E79: =SUM(B79:D79) -> 0
A80: SWIFT | C80: -32 | E80: =SUM(B80:D80) -> -32
A81: TVA | C81: -55.48 | E81: =SUM(B81:D81) -> -55.48
A82: CHARGE PERSONNEL | B82: =SUM(B83:B86) -> 0 | C82: =SUM(C83:C86) -> -137741.88 | D82: =SUM(D83:D86) -> 0 | E82: =SUM(B82:D82) -> -137741.88 | G82: =SUM(G83:G86) -> 0 | I82: =SUM(I83:I86) -> 0
A83: AVANCE | E83: =SUM(B83:D83) -> 0
A84: PRÊT | C84: 340 | E84: =SUM(B84:D84) -> 340
A85: SALAIRE | C85: -137363.83 | E85: =SUM(B85:D85) -> -137363.83
A86: CNSS | C86: -718.043 | E86: =SUM(B86:D86) -> -718.043
A87: SOCIETE DU GROUPE | B87: =SUM(B88:B94) -> 0 | C87: =SUM(C88:C94) -> -200024.78 | D87: =SUM(D88:D94) -> 0 | E87: =SUM(B87:D87) -> -200024.78 | G87: =SUM(G88:G94) -> 0 | I87: =SUM(I88:I94) -> 0
A88: DIVIDENDES | E88: =SUM(B88:D88) -> 0
A89: FONDERIE HNAYA | E89: =SUM(B89:D89) -> 0
A90: ALPHA MEDIA | E90: =SUM(B90:D90) -> 0
A91: NOUR HEMP | C91: -100000 | E91: =SUM(B91:D91) -> -100000
A92: PHENICIA | E92: =SUM(B92:D92) -> 0
A93: STA NOUR | E93: =SUM(B93:D93) -> 0
A94: TIP | C94: -100024.78 | E94: =SUM(B94:D94) -> -100024.78
A95: FOURNISSEURS ETRANGER | B95: =SUM(B96:B114) -> 0 | C95: =SUM(C96:C114) -> 0 | D95: =SUM(D96:D114) -> 0 | E95: =SUM(B95:D95) -> 0 | G95: =SUM(G96:G114) -> -81976.15 | I95: =SUM(I96:I114) -> 0
A96: ACCUMA | E96: =SUM(B96:D96) -> 0 | G96: -78730.46
A97: AKUMSAN | E97: =SUM(B97:D97) -> 0
A98: BIASIN | E98: =SUM(B98:D98) -> 0
A99: NIZI | E99: =SUM(B99:D99) -> 0
A100: DARAMIC | E100: =SUM(B100:D100) -> 0
...

Sheet SNA 12-2018
B1: STB THAMEUR | C1: STB MEGRINE | D1: BTK | G1: MEG EURO | I1: MEG $
A2: SOLDE 30/11/2018 | B2: ='SNA 11-2018'!B365 -> 12103.25 | C2: ='SNA 11-2018'!C365 -> -2986130.9 | D2: ='SNA 11-2018'!D365 -> 946.047 | E2: =SUM(B2:D2) -> -2973081.6 | G2: ='SNA 11-2018'!G365 -> 68971.64 | I2: ='SNA 11-2018'!I365 -> 146.86
A3: RECETTE | B3: =SUM(B4:B12) -> 0 | C3: =SUM(C4:C12) -> 0 | D3: =SUM(D4:D12) -> 0 | E3: =SUM(B3:D3) -> 0 | G3: =SUM(G4:G12) -> 0 | I3: =SUM(I4:I12) -> 0
A4: SND CHEQUE | E4: =SUM(B4:D4) -> 0
A5: SND TRAITE | E5: =SUM(B5:D5) -> 0
A6: INTERETESCOMPTE TRAITE | E6: =SUM(B6:D6) -> 0
A7: BATTERIEDENIEST | E7: =SUM(B7:D7) -> 0
A8: ERRAFIK EL DAYEM | E8: =SUM(B8:D8) -> 0
A9: COTE D'IVOIR | E9: =SUM(B9:D9) -> 0
A10: MED ENERGY | E10: =SUM(B10:D10) -> 0
A11: NOUR GERMANY | E11: =SUM(B11:D11) -> 0
A12: VIREMENT RECU | E12: =SUM(B12:D12) -> 0
A13: AUTRES RECETTE | B13: =SUM(B14:B21) -> 0 | C13: =SUM(C14:C21) -> 0 | D13: =SUM(D14:D21) -> 0 | E13: =SUM(B13:D13) -> 0 | G13: =SUM(G14:G21) -> 0 | I13: =SUM(I14:I21) -> 0
A14: AUGMENTATION CAPITAL | E14: =SUM(B14:D14) -> 0
A15: DEBLOCAGE CMT | E15: =SUM(B15:D15) -> 0
A16: MARGE DE GARANTIE | E16: =SUM(B16:D16) -> 0
A17: BILLET DE TRESORERIE | E17: =SUM(B17:D17) -> 0
A18: PLACEMENT | E18: =SUM(B18:D18) -> 0
A19: RESTITUTION TVA | E19: =SUM(B19:D19) -> 0
A20: VENTE DOLLARS | E20: =SUM(B20:D20) -> 0
A21: VENTE EURO | E21: =SUM(B21:D21) -> 0
A22: ENGAGEMENT BANCAIRE | B22: =SUM(B23:B43) -> 0 | C22: =SUM(C23:C43) -> 0 | D22: =SUM(D23:D43) -> 0 | E22: =SUM(B22:D22) -> 0 | G22: =SUM(G23:G43) -> 0 | I22: =SUM(I23:I43) -> 0
A23: CMT 1000 | E23: =SUM(B23:D23) -> 0
A24: CMT 1000 1 | E24: =SUM(B24:D24) -> 0
A25: CMT 1150 | E25: =SUM(B25:D25) -> 0
A26: CMT 1250 | E26: =SUM(B26:D26) -> 0
A27: CMT 2418 | E27: =SUM(B27:D27) -> 0
A28: CMT 2500 | E28: =SUM(B28:D28) -> 0
A29: CMT 350 | E29: =SUM(B29:D29) -> 0
A30: CMT 500 | E30: =SUM(B30:D30) -> 0
A31: CMT BTK | E31: =SUM(B31:D31) -> 0
A32: CREDIT DE GESTION | E32: =SUM(B32:D32) -> 0
A33: INTERET CMT 1000 | E33: =SUM(B33:D33) -> 0
A34: INTERET CMT 1000 1 | E34: =SUM(B34:D34) -> 0
... A43: LEASING | E43: =SUM(B43:D43) -> 0
A44: FRAIS BANQUE | B44: =SUM(B45:B81) -> 0 | C44: =SUM(C45:C81) -> 0 | D44: =SUM(D45:D81) -> 0 | E44: =SUM(B44:D44) -> 0 | G44: =SUM(G45:G81) -> 0 | I44: =SUM(I45:I81) -> 0
A45: AFFRANCHISSEMENT | E45: =SUM(B45:D45) -> 0
A46: AGIOS DEBITEURS | E46: =SUM(B46:D46) -> 0
A47: COMMISION OBLIGATION | E47: =SUM(B47:D47) -> 0
A48: COMMISSION / VERS CHQ | E48: =SUM(B48:D48) -> 0
A49: COMMISSION ADMISSION TEMPORAIRE | E49: =SUM(B49:D49) -> 0
A50: COMMISSION CAUTION DEF | E50: =SUM(B50:D50) -> 0
A51: COMMISSION CHQ CERTIFIE | E51: =SUM(B51:D51) -> 0
A52: COMMISSION D'ADHESION | E52: =SUM(B52:D52) -> 0
A53: COMMISSION DE CHANGE | E53: =SUM(B53:D53) -> 0
A54: COMMISSION DE DOMICILIATION | E54: =SUM(B54:D54) -> 0
A55: COMMISSION DE MODIFICATION | E55: =SUM(B55:D55) -> 0
A56: COMMISSION DE NOTIFICATION | E56: =SUM(B56:D56) -> 0
... A81: TVA | E81: =SUM(B81:D81) -> 0
A82: CHARGE PERSONNEL | B82: =SUM(B83:B86) -> 0 | C82: =SUM(C83:C86) -> 0 | D82: =SUM(D83:D86) -> 0 | E82: =SUM(B82:D82) -> 0 | G82: =SUM(G83:G86) -> 0 | I82: =SUM(I83:I86) -> 0
A83: AVANCE | E83: =SUM(B83:D83) -> 0
A84: PRÊT | E84: =SUM(B84:D84) -> 0
A85: SALAIRE | E85: =SUM(B85:D85) -> 0
A86: CNSS | E86: =SUM(B86:D86) -> 0
A87: SOCIETE DU GROUPE | B87: =SUM(B88:B94) -> 0 | C87: =SUM(C88:C94) -> 0 | D87: =SUM(D88:D94) -> 0 | E87: =SUM(B87:D87) -> 0 | G87: =SUM(G88:G94) -> 0 | I87: =SUM(I88:I94) -> 0
A88: DIVIDENDES | E88: =SUM(B88:D88) -> 0
A89: FONDERIE HNAYA | E89: =SUM(B89:D89) -> 0
A90: ALPHA MEDIA | E90: =SUM(B90:D90) -> 0
A91: NOUR HEMP | E91: =SUM(B91:D91) -> 0
A92: PHENICIA | E92: =SUM(B92:D92) -> 0
A93: STA NOUR | E93: =SUM(B93:D93) -> 0
A94: TIP | E94: =SUM(B94:D94) -> 0
A95: FOURNISSEURS ETRANGER | B95: =SUM(B96:B114) -> 0 | C95: =SUM(C96:C114) -> 0 | D95: =SUM(D96:D114) -> 0 | E95: =SUM(B95:D95) -> 0 | G95: =SUM(G96:G114) -> 0 | I95: =SUM(I96:I114) -> 0
A96: ACCUMA | E96: =SUM(B96:D96) -> 0
A97: AKUMSAN | E97: =SUM(B97:D97) -> 0
A98: BIASIN | E98: =SUM(B98:D98) -> 0
A99: NIZI | E99: =SUM(B99:D99) -> 0
A100: DARAMIC | E100: =SUM(B100:D100) -> 0
A101: GLATFELTER | E101: =SUM(B101:D101) -> 0
A102: GOONVEAN | E102: =SUM(B102:D102) -> 0
A103: HB FULLER | E103: =SUM(B103:D103) -> 0
A104: JIANGHSU | E104: =SUM(B104:D104) -> 0
A105: POWER CON | E105: =SUM(B105:D105) -> 0
A106: METACONCEPT | E106: =SUM(B106:D106) -> 0
A107: T P I | E107: =SUM(B107:D107) -> 0
... A114: WIRTZ | E114: =SUM(B114:D114) -> 0
A115: PLOMB LOCAL | B115: =SUM(B116:B120) -> 0 | C115: =SUM(C116:C120) -> 0 | D115: =SUM(D116:D120) -> 0 | E115: =SUM(B115:D115) -> 0 | G115: =SUM(G116:G120) -> 0 | I115: =SUM(I116:I120) -> 0
A116: KAIS TAYACHI | E116: =SUM(B116:D116) -> 0
A117: HAZEM CHTOUROU | E117: =SUM(B117:D117) -> 0
A118: SOTRAM | E118: =SUM(B118:D118) -> 0
A119: KAMMOUN | E119: =SUM(B119:D119) -> 0
A120: TUDOR | E120: =SUM(B120:D120) -> 0
A121: ETAT ET ENERGIE | B121: =SUM(B122:B126) -> 0 | C121: =SUM(C122:C126) -> 0 | D121: =SUM(D122:D126) -> 0 | E121: =SUM(B121:D121) -> 0 | G121: =SUM(G122:G126) -> 0 | I121: =SUM(I122:I126) -> 0
A122: S O N E D E | E122: =SUM(B122:D122) -> 0
A123: SNDP | E123: =SUM(B123:D123) -> 0
A124: STEG | E124: =SUM(B124:D124) -> 0
A125: PRELEVEMENT MINISTERE DES FINANCE | E125: =SUM(B125:D125) -> 0
A126: RECETTE DES FINANCES | E126: =SUM(B126:D126) -> 0
A127: INVESTISSEMENT | B127: =SUM(B128:B148) -> 0 | C127: =SUM(C128:C148) -> 0 | D127: =SUM(D128:D148) -> 0 | E127: =SUM(B127:D127) -> 0 | G127: =SUM(G128:G148) -> 0 | I127: =SUM(I128:I148) -> 0
A128: SOCIETE R M B | E128: =SUM(B128:D128) -> 0
A129: STE GENERAL CON | E129: =SUM(B129:D129) -> 0
A130: CAPRARI TUNISE S.A. | E130: =SUM(B130:D130) -> 0
A131: HDJ AMOR TAREK | E131: =SUM(B131:D131) -> 0
A132: LE RIDEAU METALIQUE | E132: =SUM(B132:D132) -> 0
A133: MAISON DE LA BALANCE + | E133: =SUM(B133:D133) -> 0
A134: SAADA AGENCEMENT RESEAUX S TER | E134: =SUM(B134:D134) -> 0
A135: SEMAT | E135: =SUM(B135:D135) -> 0
A136: SITEM | E136: =SUM(B136:D136) -> 0
A137: SOGIC | E137: =SUM(B137:D137) -> 0
A138: SOTRAPRO | E138: =SUM(B138:D138) -> 0
...

Sheet SNA 2018
B1: STB THAMEUR | C1: STB MEGRINE | D1: BTK | G1: MEG EURO | I1: MEG $
A2: SOLDE 31/12/2017 | B2: ='SNA 01-2018'!B2 -> -1091.385 | C2: ='SNA 01-2018'!C2 -> -2708598.4 | D2: ='SNA 01-2018'!D2 -> 21951.634 | E2: =SUM(B2:D2) -> -2687738.2 | G2: ='SNA 01-2018'!G2 -> 417021.86 | I2: ='SNA 01-2018'!I2 -> 2124.54
A3: RECETTE | B3: =SUM(B4:B12) -> 89312.539 | C3: =SUM(C4:C12) -> 20126836 | D3: =SUM(D4:D12) -> 219296.34 | E3: =SUM(B3:D3) -> 20435445 | G3: =SUM(G4:G12) -> 1775389.4 | I3: =SUM(I4:I12) -> 0
A4: SND CHEQUE | B4: ='SNA 01-2018'!B4+'SNA 02-2018'!B4+'SNA 03-2018'!B4+'SNA 04-2018'!B4+'SNA 05-2018'!B4+'SNA 06-2018'!B4+'SNA 07-2018'!B4+'SNA 08-2018'!B4+'SNA 09-2018'!B4+'SNA 10-2018'!B4+'SNA 11-2018'!B4+'SNA 12-2018'!B4 -> 25000 | C4: ='SNA 01-2018'!C4+'SNA 02-2018'!C4+'SNA 03-2018'!C4+'SNA 04-2018'!C4+'SNA 05-2018'!C4+'SNA 06-2018'!C4+'SNA 07-2018'!C4+'SNA 08-2018'!C4+'SNA 09-2018'!C4+'SNA 10-2018'!C4+'SNA 11-2018'!C4+'SNA 12-2018'!C4 -> 17855700 | D4: ='SNA 01-2018'!D4+'SNA 02-2018'!D4+'SNA 03-2018'!D4+'SNA 04-2018'!D4+'SNA 05-2018'!D4+'SNA 06-2018'!D4+'SNA 07-2018'!D4+'SNA 08-2018'!D4+'SNA 09-2018'!D4+'SNA 10-2018'!D4+'SNA 11-2018'!D4+'SNA 12-2018'!D4 -> 120000 | E4: =SUM(B4:D4) -> 18000700 | G4: ='SNA 01-2018'!G4+'SNA 02-2018'!G4+'SNA 03-2018'!G4+'SNA 04-2018'!G4+'SNA 05-2018'!G4+'SNA 06-2018'!G4+'SNA 07-2018'!G4+'SNA 08-2018'!G4+'SNA 09-2018'!G4+'SNA 10-2018'!G4+'SNA 11-2018'!G4+'SNA 12-2018'!G4 -> 0 | I4: ='SNA 01-2018'!I4+'SNA 02-2018'!I4+'SNA 03-2018'!I4+'SNA 04-2018'!I4+'SNA 05-2018'!I4+'SNA 06-2018'!I4+'SNA 07-2018'!I4+'SNA 08-2018'!I4+'SNA 09-2018'!I4+'SNA 10-2018'!I4+'SNA 11-2018'!I4+'SNA 12-2018'!I4 -> 0
A5: SND TRAITE | B5: ='SNA 01-2018'!B5+'SNA 02-2018'!B5+'SNA 03-2018'!B5+'SNA 04-2018'!B5+'SNA 05-2018'!B5+'SNA 06-2018'!B5+'SNA 07-2018'!B5+'SNA 08-2018'!B5+'SNA 09-2018'!B5+'SNA 10-2018'!B5+'SNA 11-2018'!B5+'SNA 12-2018'!B5 -> 0 | C5: ='SNA 01-2018'!C5+'SNA 02-2018'!C5+'SNA 03-2018'!C5+'SNA 04-2018'!C5+'SNA 05-2018'!C5+'SNA 06-2018'!C5+'SNA 07-2018'!C5+'SNA 08-2018'!C5+'SNA 09-2018'!C5+'SNA 10-2018'!C5+'SNA 11-2018'!C5+'SNA 12-2018'!C5 -> 1800000 | D5: ='SNA 01-2018'!D5+'SNA 02-2018'!D5+'SNA 03-2018'!D5+'SNA 04-2018'!D5+'SNA 05-2018'!D5+'SNA 06-2018'!D5+'SNA 07-2018'!D5+'SNA 08-2018'!D5+'SNA 09-2018'!D5+'SNA 10-2018'!D5+'SNA 11-2018'!D5+'SNA 12-2018'!D5 -> 100000 | E5: =SUM(B5:D5) -> 1900000 | G5: ='SNA 01-2018'!G5+'SNA 02-2018'!G5+'SNA 03-2018'!G5+'SNA 04-2018'!G5+'SNA 05-2018'!G5+'SNA 06-2018'!G5+'SNA 07-2018'!G5+'SNA 08-2018'!G5+'SNA 09-2018'!G5+'SNA 10-2018'!G5+'SNA 11-2018'!G5+'SNA 12-2018'!G5 -> 0 | I5: ='SNA 01-2018'!I5+'SNA 02-2018'!I5+'SNA 03-2018'!I5+'SNA 04-2018'!I5+'SNA 05-2018'!I5+'SNA 06-2018'!I5+'SNA 07-2018'!I5+'SNA 08-2018'!I5+'SNA 09-2018'!I5+'SNA 10-2018'!I5+'SNA 11-2018'!I5+'SNA 12-2018'!I5 -> 0
A6: INTERET ESCOMPTE TRAITE | B6: ='SNA 01-2018'!B6+'SNA 02-2018'!B6+'SNA 03-2018'!B6+'SNA 04-2018'!B6+'SNA 05-2018'!B6+'SNA 06-2018'!B6+'SNA 07-2018'!B6+'SNA 08-2018'!B6+'SNA 09-2018'!B6+'SNA 10-2018'!B6+'SNA 11-2018'!B6+'SNA 12-2018'!B6 -> 0 | C6: ='SNA 01-2018'!C6+'SNA 02-2018'!C6+'SNA 03-2018'!C6+'SNA 04-2018'!C6+'SNA 05-2018'!C6+'SNA 06-2018'!C6+'SNA 07-2018'!C6+'SNA 08-2018'!C6+'SNA 09-2018'!C6+'SNA 10-2018'!C6+'SNA 11-2018'!C6+'SNA 12-2018'!C6 -> -29646.167 | D6: ='SNA 01-2018'!D6+'SNA 02-2018'!D6+'SNA 03-2018'!D6+'SNA 04-2018'!D6+'SNA 05-2018'!D6+'SNA 06-2018'!D6+'SNA 07-2018'!D6+'SNA 08-2018'!D6+'SNA 09-2018'!D6+'SNA 10-2018'!D6+'SNA 11-2018'!D6+'SNA 12-2018'!D6 -> -703.661 | E6: =SUM(B6:D6) -> -30349.828 | G6: ='SNA 01-2018'!G6+'SNA 02-2018'!G6+'SNA 03-2018'!G6+'SNA 04-2018'!G6+'SNA 05-2018'!G6+'SNA 06-2018'!G6+'SNA 07-2018'!G6+'SNA 08-2018'!G6+'SNA 09-2018'!G6+'SNA 10-2018'!G6+'SNA 11-2018'!G6+'SNA 12-2018'!G6 -> 0 | I6: ='SNA 01-2018'!I6+'SNA 02-2018'!I6+'SNA 03-2018'!I6+'SNA 04-2018'!I6+'SNA 05-2018'!I6+'SNA 06-2018'!I6+'SNA 07-2018'!I6+'SNA 08-2018'!I6+'SNA 09-2018'!I6+'SNA 10-2018'!I6+'SNA 11-2018'!I6+'SNA 12-2018'!I6 -> 0
A7: BATTERIEDENIEST | B7: ='SNA 01-2018'!B7+'SNA 02-2018'!B7+'SNA 03-2018'!B7+'SNA 04-2018'!B7+'SNA 05-2018'!B7+'SNA 06-2018'!B7+'SNA 07-2018'!B7+'SNA 08-2018'!B7+'SNA 09-2018'!B7+'SNA 10-2018'!B7+'SNA 11-2018'!B7+'SNA 12-2018'!B7 -> 0 | C7: ='SNA 01-2018'!C7+'SNA 02-2018'!C7+'SNA 03-2018'!C7+'SNA 04-2018'!C7+'SNA 05-2018'!C7+'SNA 06-2018'!C7+'SNA 07-2018'!C7+'SNA 08-2018'!C7+'SNA 09-2018'!C7+'SNA 10-2018'!C7+'SNA 11-2018'!C7+'SNA 12-2018'!C7 -> 0 | D7: ='SNA 01-2018'!D7+'SNA 02-2018'!D7+'SNA 03-2018'!D7+'SNA 04-2018'!D7+'SNA 05-2018'!D7+'SNA 06-2018'!D7+'SNA 07-2018'!D7+'SNA 08-2018'!D7+'SNA 09-2018'!D7+'SNA 10-2018'!D7+'SNA 11-2018'!D7+'SNA 12-2018'!D7 -> 0 | E7: =SUM(B7:D7) -> 0 | G7: ='SNA 01-2018'!G7+'SNA 02-2018'!G7+'SNA 03-2018'!G7+'SNA 04-2018'!G7+'SNA 05-2018'!G7+'SNA 06-2018'!G7+'SNA 07-2018'!G7+'SNA 08-2018'!G7+'SNA 09-2018'!G7+'SNA 10-2018'!G7+'SNA 11-2018'!G7+'SNA 12-2018'!G7 -> 70000 | I7: ='SNA 01-2018'!I7+'SNA 02-2018'!I7+'SNA 03-2018'!I7+'SNA 04-2018'!I7+'SNA 05-2018'!I7+'SNA 06-2018'!I7+'SNA 07-2018'!I7+'SNA 08-2018'!I7+'SNA 09-2018'!I7+'SNA 10-2018'!I7+'SNA 11-2018'!I7+'SNA 12-2018'!I7 -> 0
A8: ERRAFIK EL DAYEM | B8: ='SNA 01-2018'!B8+'SNA 02-2018'!B8+'SNA 03-2018'!B8+'SNA 04-2018'!B8+'SNA 05-2018'!B8+'SNA 06-2018'!B8+'SNA 07-2018'!B8+'SNA 08-2018'!B8+'SNA 09-2018'!B8+'SNA 10-2018'!B8+'SNA 11-2018'!B8+'SNA 12-2018'!B8 -> 0 | C8: ='SNA 01-2018'!C8+'SNA 02-2018'!C8+'SNA 03-2018'!C8+'SNA 04-2018'!C8+'SNA 05-2018'!C8+'SNA 06-2018'!C8+'SNA 07-2018'!C8+'SNA 08-2018'!C8+'SNA 09-2018'!C8+'SNA 10-2018'!C8+'SNA 11-2018'!C8+'SNA 12-2018'!C8 -> 490636.9 | D8: ='SNA 01-2018'!D8+'SNA 02-2018'!D8+'SNA 03-2018'!D8+'SNA 04-2018'!D8+'SNA 05-2018'!D8+'SNA 06-2018'!D8+'SNA 07-2018'!D8+'SNA 08-2018'!D8+'SNA 09-2018'!D8+'SNA 10-2018'!D8+'SNA 11-2018'!D8+'SNA 12-2018'!D8 -> 0 | E8: =SUM(B8:D8) -> 490636.9 | G8: ='SNA 01-2018'!G8+'SNA 02-2018'!G8+'SNA 03-2018'!G8+'SNA 04-2018'!G8+'SNA 05-2018'!G8+'SNA 06-2018'!G8+'SNA 07-2018'!G8+'SNA 08-2018'!G8+'SNA 09-2018'!G8+'SNA 10-2018'!G8+'SNA 11-2018'!G8+'SNA 12-2018'!G8 -> 1332301 | I8: ='SNA 01-2018'!I8+'SNA 02-2018'!I8+'SNA 03-2018'!I8+'SNA 04-2018'!I8+'SNA 05-2018'!I8+'SNA 06-2018'!I8+'SNA 07-2018'!I8+'SNA 08-2018'!I8+'SNA 09-2018'!I8+'SNA 10-2018'!I8+'SNA 11-2018'!I8+'SNA 12-2018'!I8 -> 0
A9: COTE D'IVOIR | B9: ='SNA 01-2018'!B9+'SNA 02-2018'!B9+'SNA 03-2018'!B9+'SNA 04-2018'!B9+'SNA 05-2018'!B9+'SNA 06-2018'!B9+'SNA 07-2018'!B9+'SNA 08-2018'!B9+'SNA 09-2018'!B9+'SNA 10-2018'!B9+'SNA 11-2018'!B9+'SNA 12-2018'!B9 -> 0 | C9: ='SNA 01-2018'!C9+'SNA 02-2018'!C9+'SNA 03-2018'!C9+'SNA 04-2018'!C9+'SNA 05-2018'!C9+'SNA 06-2018'!C9+'SNA 07-2018'!C9+'SNA 08-2018'!C9+'SNA 09-2018'!C9+'SNA 10-2018'!C9+'SNA 11-2018'!C9+'SNA 12-2018'!C9 -> 0 | D9: ='SNA 01-2018'!D9+'SNA 02-2018'!D9+'SNA 03-2018'!D9+'SNA 04-2018'!D9+'SNA 05-2018'!D9+'SNA 06-2018'!D9+'SNA 07-2018'!D9+'SNA 08-2018'!D9+'SNA 09-2018'!D9+'SNA 10-2018'!D9+'SNA 11-2018'!D9+'SNA 12-2018'!D9 -> 0 | E9: =SUM(B9:D9) -> 0 | G9: ='SNA 01-2018'!G9+'SNA 02-2018'!G9+'SNA 03-2018'!G9+'SNA 04-2018'!G9+'SNA 05-2018'!G9+'SNA 06-2018'!G9+'SNA 07-2018'!G9+'SNA 08-2018'!G9+'SNA 09-2018'!G9+'SNA 10-2018'!G9+'SNA 11-2018'!G9+'SNA 12-2018'!G9 -> 41511.63 | I9: ='SNA 01-2018'!I9+'SNA 02-2018'!I9+'SNA 03-2018'!I9+'SNA 04-2018'!I9+'SNA 05-2018'!I9+'SNA 06-2018'!I9+'SNA 07-2018'!I9+'SNA 08-2018'!I9+'SNA 09-2018'!I9+'SNA 10-2018'!I9+'SNA 11-2018'!I9+'SNA 12-2018'!I9 -> 0
A10: MED ENERGY | B10: ='SNA 01-2018'!B10+'SNA 02-2018'!B10+'SNA 03-2018'!B10+'SNA 04-2018'!B10+'SNA 05-2018'!B10+'SNA 06-2018'!B10+'SNA 07-2018'!B10+'SNA 08-2018'!B10+'SNA 09-2018'!B10+'SNA 10-2018'!B10+'SNA 11-2018'!B10+'SNA 12-2018'!B10 -> 0 | C10: ='SNA 01-2018'!C10+'SNA 02-2018'!C10+'SNA 03-2018'!C10+'SNA 04-2018'!C10+'SNA 05-2018'!C10+'SNA 06-2018'!C10+'SNA 07-2018'!C10+'SNA 08-2018'!C10+'SNA 09-2018'!C10+'SNA 10-2018'!C10+'SNA 11-2018'!C10+'SNA 12-2018'!C10 -> 0 | D10: ='SNA 01-2018'!D10+'SNA 02-2018'!D10+'SNA 03-2018'!D10+'SNA 04-2018'!D10+'SNA 05-2018'!D10+'SNA 06-2018'!D10+'SNA 07-2018'!D10+'SNA 08-2018'!D10+'SNA 09-2018'!D10+'SNA 10-2018'!D10+'SNA 11-2018'!D10+'SNA 12-2018'!D10 -> 0 | E10: =SUM(B10:D10) -> 0 | G10: ='SNA 01-2018'!G10+'SNA 02-2018'!G10+'SNA 03-2018'!G10+'SNA 04-2018'!G10+'SNA 05-2018'!G10+'SNA 06-2018'!G10+'SNA 07-2018'!G10+'SNA 08-2018'!G10+'SNA 09-2018'!G10+'SNA 10-2018'!G10+'SNA 11-2018'!G10+'SNA 12-2018'!G10 -> 19226.92 | I10: ='SNA 01-2018'!I10+'SNA 02-2018'!I10+'SNA 03-2018'!I10+'SNA 04-2018'!I10+'SNA 05-2018'!I10+'SNA 06-2018'!I10+'SNA 07-2018'!I10+'SNA 08-2018'!I10+'SNA 09-2018'!I10+'SNA 10-2018'!I10+'SNA 11-2018'!I10+'SNA 12-2018'!I10 -> 0
A11: NOUR GERMANY | B11: ='SNA 01-2018'!B11+'SNA 02-2018'!B11+'SNA 03-2018'!B11+'SNA 04-2018'!B11+'SNA 05-2018'!B11+'SNA 06-2018'!B11+'SNA 07-2018'!B11+'SNA 08-2018'!B11+'SNA 09-2018'!B11+'SNA 10-2018'!B11+'SNA 11-2018'!B11+'SNA 12-2018'!B11 -> 0 | C11: ='SNA 01-2018'!C11+'SNA 02-2018'!C11+'SNA 03-2018'!C11+'SNA 04-2018'!C11+'SNA 05-2018'!C11+'SNA 06-2018'!C11+'SNA 07-2018'!C11+'SNA 08-2018'!C11+'SNA 09-2018'!C11+'SNA 10-2018'!C11+'SNA 11-2018'!C11+'SNA 12-2018'!C11 -> 0 | D11: ='SNA 01-2018'!D11+'SNA 02-2018'!D11+'SNA 03-2018'!D11+'SNA 04-2018'!D11+'SNA 05-2018'!D11+'SNA 06-2018'!D11+'SNA 07-2018'!D11+'SNA 08-2018'!D11+'SNA 09-2018'!D11+'SNA 10-2018'!D11+'SNA 11-2018'!D11+'SNA 12-2018'!D11 -> 0 | E11: =SUM(B11:D11) -> 0 | G11: ='SNA 01-2018'!G11+'SNA 02-2018'!G11+'SNA 03-2018'!G11+'SNA 04-2018'!G11+'SNA 05-2018'!G11+'SNA 06-2018'!G11+'SNA 07-2018'!G11+'SNA 08-2018'!G11+'SNA 09-2018'!G11+'SNA 10-2018'!G11+'SNA 11-2018'!G11+'SNA 12-2018'!G11 -> 312349.81 | I11: ='SNA 01-2018'!I11+'SNA 02-2018'!I11+'SNA 03-2018'!I11+'SNA 04-2018'!I11+'SNA 05-2018'!I11+'SNA 06-2018'!I11+'SNA 07-2018'!I11+'SNA 08-2018'!I11+'SNA 09-2018'!I11+'SNA 10-2018'!I11+'SNA 11-2018'!I11+'SNA 12-2018'!I11 -> 0
A12: VIREMENT RECU | B12: ='SNA 01-2018'!B12+'SNA 02-2018'!B12+'SNA 03-2018'!B12+'SNA 04-2018'!B12+'SNA 05-2018'!B12+'SNA 06-2018'!B12+'SNA 07-2018'!B12+'SNA 08-2018'!B12+'SNA 09-2018'!B12+'SNA 10-2018'!B12+'SNA 11-2018'!B12+'SNA 12-2018'!B12 -> 64312.539 | C12: ='SNA 01-2018'!C12+'SNA 02-2018'!C12+'SNA 03-2018'!C12+'SNA 04-2018'!C12+'SNA 05-2018'!C12+'SNA 06-2018'!C12+'SNA 07-2018'!C12+'SNA 08-2018'!C12+'SNA 09-2018'!C12+'SNA 10-2018'!C12+'SNA 11-2018'!C12+'SNA 12-2018'!C12 -> 10145.131 | D12: ='SNA 01-2018'!D12+'SNA 02-2018'!D12+'SNA 03-2018'!D12+'SNA 04-2018'!D12+'SNA 05-2018'!D12+'SNA 06-2018'!D12+'SNA 07-2018'!D12+'SNA 08-2018'!D12+'SNA 09-2018'!D12+'SNA 10-2018'!D12+'SNA 11-2018'!D12+'SNA 12-2018'!D12 -> 0 | E12: =SUM(B12:D12) -> 74457.67 | G12: ='SNA 01-2018'!G12+'SNA 02-2018'!G12+'SNA 03-2018'!G12+'SNA 04-2018'!G12+'SNA 05-2018'!G12+'SNA 06-2018'!G12+'SNA 07-2018'!G12+'SNA 08-2018'!G12+'SNA 09-2018'!G12+'SNA 10-2018'!G12+'SNA 11-2018'!G12+'SNA 12-2018'!G12 -> 0 | I12: ='SNA 01-2018'!I12+'SNA 02-2018'!I12+'SNA 03-2018'!I12+'SNA 04-2018'!I12+'SNA 05-2018'!I12+'SNA 06-2018'!I12+'SNA 07-2018'!I12+'SNA 08-2018'!I12+'SNA 09-2018'!I12+'SNA 10-2018'!I12+'SNA 11-2018'!I12+'SNA 12-2018'!I12 -> 0
A13: AUTRES RECETTE | B13: =SUM(B14:B21) -> 0 | C13: =SUM(C14:C21) -> 4980837.3 | D13: =SUM(D14:D21) -> 0 | E13: =SUM(B13:D13) -> 4980837.3 | G13: =SUM(G14:G21) -> 1626.02 | I13: =SUM(I14:I21) -> -1977.68
A14: AUGMENTATION CAPITAL | B14: ='SNA 01-2018'!B14+'SNA 02-2018'!B14+'SNA 03-2018'!B14+'SNA 04-2018'!B14+'SNA 05-2018'!B14+'SNA 06-2018'!B14+'SNA 07-2018'!B14+'SNA 08-2018'!B14+'SNA 09-2018'!B14+'SNA 10-2018'!B14+'SNA 11-2018'!B14+'SNA 12-2018'!B14 -> 0 | C14: ='SNA 01-2018'!C14+'SNA 02-2018'!C14+'SNA 03-2018'!C14+'SNA 04-2018'!C14+'SNA 05-2018'!C14+'SNA 06-2018'!C14+'SNA 07-2018'!C14+'SNA 08-2018'!C14+'SNA 09-2018'!C14+'SNA 10-2018'!C14+'SNA 11-2018'!C14+'SNA 12-2018'!C14 -> 0 | D14: ='SNA 01-2018'!D14+'SNA 02-2018'!D14+'SNA 03-2018'!D14+'SNA 04-2018'!D14+'SNA 05-2018'!D14+'SNA 06-2018'!D14+'SNA 07-2018'!D14+'SNA 08-2018'!D14+'SNA 09-2018'!D14+'SNA 10-2018'!D14+'SNA 11-2018'!D14+'SNA 12-2018'!D14 -> 0 | E14: =SUM(B14:D14) -> 0 | G14: ='SNA 01-2018'!G14+'SNA 02-2018'!G14+'SNA 03-2018'!G14+'SNA 04-2018'!G14+'SNA 05-2018'!G14+'SNA 06-2018'!G14+'SNA 07-2018'!G14+'SNA 08-2018'!G14+'SNA 09-2018'!G14+'SNA 10-2018'!G14+'SNA 11-2018'!G14+'SNA 12-2018'!G14 -> 0 | I14: ='SNA 01-2018'!I14+'SNA 02-2018'!I14+'SNA 03-2018'!I14+'SNA 04-2018'!I14+'SNA 05-2018'!I14+'SNA 06-2018'!I14+'SNA 07-2018'!I14+'SNA 08-2018'!I14+'SNA 09-2018'!I14+'SNA 10-2018'!I14+'SNA 11-2018'!I14+'SNA 12-2018'!I14 -> 0
A15: DEBLOCAGE CMT | B15: ='SNA 01-2018'!B15+'SNA 02-2018'!B15+'SNA 03-2018'!B15+'SNA 04-2018'!B15+'SNA 05-2018'!B15+'SNA 06-2018'!B15+'SNA 07-2018'!B15+'SNA 08-2018'!B15+'SNA 09-2018'!B15+'SNA 10-2018'!B15+'SNA 11-2018'!B15+'SNA 12-2018'!B15 -> 0 | C15: ='SNA 01-2018'!C15+'SNA 02-2018'!C15+'SNA 03-2018'!C15+'SNA 04-2018'!C15+'SNA 05-2018'!C15+'SNA 06-2018'!C15+'SNA 07-2018'!C15+'SNA 08-2018'!C15+'SNA 09-2018'!C15+'SNA 10-2018'!C15+'SNA 11-2018'!C15+'SNA 12-2018'!C15 -> 3750000 | D15: ='SNA 01-2018'!D15+'SNA 02-2018'!D15+'SNA 03-2018'!D15+'SNA 04-2018'!D15+'SNA 05-2018'!D15+'SNA 06-2018'!D15+'SNA 07-2018'!D15+'SNA 08-2018'!D15+'SNA 09-2018'!D15+'SNA 10-2018'!D15+'SNA 11-2018'!D15+'SNA 12-2018'!D15 -> 0 | E15: =SUM(B15:D15) -> 3750000 | G15: ='SNA 01-2018'!G15+'SNA 02-2018'!G15+'SNA 03-2018'!G15+'SNA 04-2018'!G15+'SNA 05-2018'!G15+'SNA 06-2018'!G15+'SNA 07-2018'!G15+'SNA 08-2018'!G15+'SNA 09-2018'!G15+'SNA 10-2018'!G15+'SNA 11-2018'!G15+'SNA 12-2018'!G15 -> 0 | I15: ='SNA 01-2018'!I15+'SNA 02-2018'!I15+'SNA 03-2018'!I15+'SNA 04-2018'!I15+'SNA 05-2018'!I15+'SNA 06-2018'!I15+'SNA 07-2018'!I15+'SNA 08-2018'!I15+'SNA 09-2018'!I15+'SNA 10-2018'!I15+'SNA 11-2018'!I15+'SNA 12-2018'!I15 -> 0
A16: BLOCAGE | B16: ='SNA 01-2018'!B16+'SNA 02-2018'!B16+'SNA 03-2018'!B16+'SNA 04-2018'!B16+'SNA 05-2018'!B16+'SNA 06-2018'!B16+'SNA 07-2018'!B16+'SNA 08-2018'!B16+'SNA 09-2018'!B16+'SNA 10-2018'!B16+'SNA 11-2018'!B16+'SNA 12-2018'!B16 -> 0 | C16: ='SNA 01-2018'!C16+'SNA 02-2018'!C16+'SNA 03-2018'!C16+'SNA 04-2018'!C16+'SNA 05-2018'!C16+'SNA 06-2018'!C16+'SNA 07-2018'!C16+'SNA 08-2018'!C16+'SNA 09-2018'!C16+'SNA 10-2018'!C16+'SNA 11-2018'!C16+'SNA 12-2018'!C16 -> -102421.6 | D16: ='SNA 01-2018'!D16+'SNA 02-2018'!D16+'SNA 03-2018'!D16+'SNA 04-2018'!D16+'SNA 05-2018'!D16+'SNA 06-2018'!D16+'SNA 07-2018'!D16+'SNA 08-2018'!D16+'SNA 09-2018'!D16+'SNA 10-2018'!D16+'SNA 11-2018'!D16+'SNA 12-2018'!D16 -> 0 | E16: =SUM(B16:D16) -> -102421.6 | G16: ='SNA 01-2018'!G16+'SNA 02-2018'!G16+'SNA 03-2018'!G16+'SNA 04-2018'!G16+'SNA 05-2018'!G16+'SNA 06-2018'!G16+'SNA 07-2018'!G16+'SNA 08-2018'!G16+'SNA 09-2018'!G16+'SNA 10-2018'!G16+'SNA 11-2018'!G16+'SNA 12-2018'!G16 -> 0 | I16: ='SNA 01-2018'!I16+'SNA 02-2018'!I16+'SNA 03-2018'!I16+'SNA 04-2018'!I16+'SNA 05-2018'!I16+'SNA 06-2018'!I16+'SNA 07-2018'!I16+'SNA 08-2018'!I16+'SNA 09-2018'!I16+'SNA 10-2018'!I16+'SNA 11-2018'!I16+'SNA 12-2018'!I16 -> 0
A17: BILLET DE TRESORERIE | B17: ='SNA 01-2018'!B17+'SNA 02-2018'!B17+'SNA 03-2018'!B17+'SNA 04-2018'!B17+'SNA 05-2018'!B17+'SNA 06-2018'!B17+'SNA 07-2018'!B17+'SNA 08-2018'!B17+'SNA 09-2018'!B17+'SNA 10-2018'!B17+'SNA 11-2018'!B17+'SNA 12-2018'!B17 -> 0 | C17: ='SNA 01-2018'!C17+'SNA 02-2018'!C17+'SNA 03-2018'!C17+'SNA 04-2018'!C17+'SNA 05-2018'!C17+'SNA 06-2018'!C17+'SNA 07-2018'!C17+'SNA 08-2018'!C17+'SNA 09-2018'!C17+'SNA 10-2018'!C17+'SNA 11-2018'!C17+'SNA 12-2018'!C17 -> -17281.339 | D17: ='SNA 01-2018'!D17+'SNA 02-2018'!D17+'SNA 03-2018'!D17+'SNA 04-2018'!D17+'SNA 05-2018'!D17+'SNA 06-2018'!D17+'SNA 07-2018'!D17+'SNA 08-2018'!D17+'SNA 09-2018'!D17+'SNA 10-2018'!D17+'SNA 11-2018'!D17+'SNA 12-2018'!D17 -> 0 | E17: =SUM(B17:D17) -> -17281.339 | G17: ='SNA 01-2018'!G17+'SNA 02-2018'!G17+'SNA 03-2018'!G17+'SNA 04-2018'!G17+'SNA 05-2018'!G17+'SNA 06-2018'!G17+'SNA 07-2018'!G17+'SNA 08-2018'!G17+'SNA 09-2018'!G17+'SNA 10-2018'!G17+'SNA 11-2018'!G17+'SNA 12-2018'!G17 -> 0 | I17: ='SNA 01-2018'!I17+'SNA 02-2018'!I17+'SNA 03-2018'!I17+'SNA 04-2018'!I17+'SNA 05-2018'!I17+'SNA 06-2018'!I17+'SNA 07-2018'!I17+'SNA 08-2018'!I17+'SNA 09-2018'!I17+'SNA 10-2018'!I17+'SNA 11-2018'!I17+'SNA 12-2018'!I17 -> 0
A18: PLACEMENT | B18: ='SNA 01-2018'!B18+'SNA 02-2018'!B18+'SNA 03-2018'!B18+'SNA 04-2018'!B18+'SNA 05-2018'!B18+'SNA 06-2018'!B18+'SNA 07-2018'!B18+'SNA 08-2018'!B18+'SNA 09-2018'!B18+'SNA 10-2018'!B18+'SNA 11-2018'!B18+'SNA 12-2018'!B18 -> 0 | C18: ='SNA 01-2018'!C18+'SNA 02-2018'!C18+'SNA 03-2018'!C18+'SNA 04-2018'!C18+'SNA 05-2018'!C18+'SNA 06-2018'!C18+'SNA 07-2018'!C18+'SNA 08-2018'!C18+'SNA 09-2018'!C18+'SNA 10-2018'!C18+'SNA 11-2018'!C18+'SNA 12-2018'!C18 -> 500000 | D18: ='SNA 01-2018'!D18+'SNA 02-2018'!D18+'SNA 03-2018'!D18+'SNA 04-2018'!D18+'SNA 05-2018'!D18+'SNA 06-2018'!D18+'SNA 07-2018'!D18+'SNA 08-2018'!D18+'SNA 09-2018'!D18+'SNA 10-2018'!D18+'SNA 11-2018'!D18+'SNA 12-2018'!D18 -> 0 | E18: =SUM(B18:D18) -> 500000 | G18: ='SNA 01-2018'!G18+'SNA 02-2018'!G18+'SNA 03-2018'!G18+'SNA 04-2018'!G18+'SNA 05-2018'!G18+'SNA 06-2018'!G18+'SNA 07-2018'!G18+'SNA 08-2018'!G18+'SNA 09-2018'!G18+'SNA 10-2018'!G18+'SNA 11-2018'!G18+'SNA 12-2018'!G18 -> 0 | I18: ='SNA 01-2018'!I18+'SNA 02-2018'!I18+'SNA 03-2018'!I18+'SNA 04-2018'!I18+'SNA 05-2018'!I18+'SNA 06-2018'!I18+'SNA 07-2018'!I18+'SNA 08-2018'!I18+'SNA 09-2018'!I18+'SNA 10-2018'!I18+'SNA 11-2018'!I18+'SNA 12-2018'!I18 -> 0
A19: RESTITUTION TVA | B19: ='SNA 01-2018'!B19+'SNA 02-2018'!B19+'SNA 03-2018'!B19+'SNA 04-2018'!B19+'SNA 05-2018'!B19+'SNA 06-2018'!B19+'SNA 07-2018'!B19+'SNA 08-2018'!B19+'SNA 09-2018'!B19+'SNA 10-2018'!B19+'SNA 11-2018'!B19+'SNA 12-2018'!B19 -> 0 | C19: ='SNA 01-2018'!C19+'SNA 02-2018'!C19+'SNA 03-2018'!C19+'SNA 04-2018'!C19+'SNA 05-2018'!C19+'SNA 06-2018'!C19+'SNA 07-2018'!C19+'SNA 08-2018'!C19+'SNA 09-2018'!C19+'SNA 10-2018'!C19+'SNA 11-2018'!C19+'SNA 12-2018'!C19 -> 850540.23 | D19: ='SNA 01-2018'!D19+'SNA 02-2018'!D19+'SNA 03-2018'!D19+'SNA 04-2018'!D19+'SNA 05-2018'!D19+'SNA 06-2018'!D19+'SNA 07-2018'!D19+'SNA 08-2018'!D19+'SNA 09-2018'!D19+'SNA 10-2018'!D19+'SNA 11-2018'!D19+'SNA 12-2018'!D19 -> 0 | E19: =SUM(B19:D19) -> 850540.23 | G19: ='SNA 01-2018'!G19+'SNA 02-2018'!G19+'SNA 03-2018'!G19+'SNA 04-2018'!G19+'SNA 05-2018'!G19+'SNA 06-2018'!G19+'SNA 07-2018'!G19+'SNA 08-2018'!G19+'SNA 09-2018'!G19+'SNA 10-2018'!G19+'SNA 11-2018'!G19+'SNA 12-2018'!G19 -> 0 | I19: ='SNA 01-2018'!I19+'SNA 02-2018'!I19+'SNA 03-2018'!I19+'SNA 04-2018'!I19+'SNA 05-2018'!I19+'SNA 06-2018'!I19+'SNA 07-2018'!I19+'SNA 08-2018'!I19+'SNA 09-2018'!I19+'SNA 10-2018'!I19+'SNA 11-2018'!I19+'SNA 12-2018'!I19 -> 0
A20: VENTE DOLLARS | B20: ='SNA 01-2018'!B20+'SNA 02-2018'!B20+'SNA 03-2018'!B20+'SNA 04-2018'!B20+'SNA 05-2018'!B20+'SNA 06-2018'!B20+'SNA 07-2018'!B20+'SNA 08-2018'!B20+'SNA 09-2018'!B20+'SNA 10-2018'!B20+'SNA 11-2018'!B20+'SNA 12-2018'!B20 -> 0 | C20: ='SNA 01-2018'!C20+'SNA 02-2018'!C20+'SNA 03-2018'!C20+'SNA 04-2018'!C20+'SNA 05-2018'!C20+'SNA 06-2018'!C20+'SNA 07-2018'!C20+'SNA 08-2018'!C20+'SNA 09-2018'!C20+'SNA 10-2018'!C20+'SNA 11-2018'!C20+'SNA 12-2018'!C20 -> 0 | D20: ='SNA 01-2018'!D20+'SNA 02-2018'!D20+'SNA 03-2018'!D20+'SNA 04-2018'!D20+'SNA 05-2018'!D20+'SNA 06-2018'!D20+'SNA 07-2018'!D20+'SNA 08-2018'!D20+'SNA 09-2018'!D20+'SNA 10-2018'!D20+'SNA 11-2018'!D20+'SNA 12-2018'!D20 -> 0 | E20: =SUM(B20:D20) -> 0 | G20: ='SNA 01-2018'!G20+'SNA 02-2018'!G20+'SNA 03-2018'!G20+'SNA 04-2018'!G20+'SNA 05-2018'!G20+'SNA 06-2018'!G20+'SNA 07-2018'!G20+'SNA 08-2018'!G20+'SNA 09-2018'!G20+'SNA 10-2018'!G20+'SNA 11-2018'!G20+'SNA 12-2018'!G20 -> 1626.02 | I20: ='SNA 01-2018'!I20+'SNA 02-2018'!I20+'SNA 03-2018'!I20+'SNA 04-2018'!I20+'SNA 05-2018'!I20+'SNA 06-2018'!I20+'SNA 07-2018'!I20+'SNA 08-2018'!I20+'SNA 09-2018'!I20+'SNA 10-2018'!I20+'SNA 11-2018'!I20+'SNA 12-2018'!I20 -> -1977.68
A21: VENTE EURO | B21: ='SNA 01-2018'!B21+'SNA 02-2018'!B21+'SNA 03-2018'!B21+'SNA 04-2018'!B21+'SNA 05-2018'!B21+'SNA 06-2018'!B21+'SNA 07-2018'!B21+'SNA 08-2018'!B21+'SNA 09-2018'!B21+'SNA 10-2018'!B21+'SNA 11-2018'!B21+'SNA 12-2018'!B21 -> 0 | C21: ='SNA 01-2018'!C21+'SNA 02-2018'!C21+'SNA 03-2018'!C21+'SNA 04-2018'!C21+'SNA 05-2018'!C21+'SNA 06-2018'!C21+'SNA 07-2018'!C21+'SNA 08-2018'!C21+'SNA 09-2018'!C21+'SNA 10-2018'!C21+'SNA 11-2018'!C21+'SNA 12-2018'!C21 -> 0 | D21: ='SNA 01-2018'!D21+'SNA 02-2018'!D21+'SNA 03-2018'!D21+'SNA 04-2018'!D21+'SNA 05-2018'!D21+'SNA 06-2018'!D21+'SNA 07-2018'!D21+'SNA 08-2018'!D21+'SNA 09-2018'!D21+'SNA 10-2018'!D21+'SNA 11-2018'!D21+'SNA 12-2018'!D21 -> 0 | E21: =SUM(B21:D21) -> 0 | G21: ='SNA 01-2018'!G21+'SNA 02-2018'!G21+'SNA 03-2018'!G21+'SNA 04-2018'!G21+'SNA 05-2018'!G21+'SNA 06-2018'!G21+'SNA 07-2018'!G21+'SNA 08-2018'!G21+'SNA 09-2018'!G21+'SNA 10-2018'!G21+'SNA 11-2018'!G21+'SNA 12-2018'!G21 -> 0 | I21: ='SNA 01-2018'!I21+'SNA 02-2018'!I21+'SNA 03-2018'!I21+'SNA 04-2018'!I21+'SNA 05-2018'!I21+'SNA 06-2018'!I21+'SNA 07-2018'!I21+'SNA 08-2018'!I21+'SNA 09-2018'!I21+'SNA 10-2018'!I21+'SNA 11-2018'!I21+'SNA 12-2018'!I21 -> 0
A22: ENGAGEMENT BANCAIRE | B22: =SUM(B23:B43) -> -25928.275 | C22: =SUM(C23:C43) -> -1899483.7 | D22: =SUM(D23:D43) -> -239021.37 | E22: =SUM(B22:D22) -> -2164433.4 | G22: =SUM(G23:G43) -> 0 | I22: =SUM(I23:I43) -> 0
A23: CMT 1000 | B23: ='SNA 01-2018'!B23+'SNA 02-2018'!B23+'SNA 03-2018'!B23+'SNA 04-2018'!B23+'SNA 05-2018'!B23+'SNA 06-2018'!B23+'SNA 07-2018'!B23+'SNA 08-2018'!B23+'SNA 09-2018'!B23+'SNA 10-2018'!B23+'SNA 11-2018'!B23+'SNA 12-2018'!B23 -> 0 | C23: ='SNA 01-2018'!C23+'SNA 02-2018'!C23+'SNA 03-2018'!C23+'SNA 04-2018'!C23+'SNA 05-2018'!C23+'SNA 06-2018'!C23+'SNA 07-2018'!C23+'SNA 08-2018'!C23+'SNA 09-2018'!C23+'SNA 10-2018'!C23+'SNA 11-2018'!C23+'SNA 12-2018'!C23 -> -166666.67 | D23: ='SNA 01-2018'!D23+'SNA 02-2018'!D23+'SNA 03-2018'!D23+'SNA 04-2018'!D23+'SNA 05-2018'!D23+'SNA 06-2018'!D23+'SNA 07-2018'!D23+'SNA 08-2018'!D23+'SNA 09-2018'!D23+'SNA 10-2018'!D23+'SNA 11-2018'!D23+'SNA 12-2018'!D23 -> 0 | E23: =SUM(B23:D23) -> -166666.67 | G23: ='SNA 01-2018'!G23+'SNA 02-2018'!G23+'SNA 03-2018'!G23+'SNA 04-2018'!G23+'SNA 05-2018'!G23+'SNA 06-2018'!G23+'SNA 07-2018'!G23+'SNA 08-2018'!G23+'SNA 09-2018'!G23+'SNA 10-2018'!G23+'SNA 11-2018'!G23+'SNA 12-2018'!G23 -> 0 | I23: ='SNA 01-2018'!I23+'SNA 02-2018'!I23+'SNA 03-2018'!I23+'SNA 04-2018'!I23+'SNA 05-2018'!I23+'SNA 06-2018'!I23+'SNA 07-2018'!I23+'SNA 08-2018'!I23+'SNA 09-2018'!I23+'SNA 10-2018'!I23+'SNA 11-2018'!I23+'SNA 12-2018'!I23 -> 0
A24: CMT 1000 1 | B24: ='SNA 01-2018'!B24+'SNA 02-2018'!B24+'SNA 03-2018'!B24+'SNA 04-2018'!B24+'SNA 05-2018'!B24+'SNA 06-2018'!B24+'SNA 07-2018'!B24+'SNA 08-2018'!B24+'SNA 09-2018'!B24+'SNA 10-2018'!B24+'SNA 11-2018'!B24+'SNA 12-2018'!B24 -> 0 | C24: ='SNA 01-2018'!C24+'SNA 02-2018'!C24+'SNA 03-2018'!C24+'SNA 04-2018'!C24+'SNA 05-2018'!C24+'SNA 06-2018'!C24+'SNA 07-2018'!C24+'SNA 08-2018'!C24+'SNA 09-2018'!C24+'SNA 10-2018'!C24+'SNA 11-2018'!C24+'SNA 12-2018'!C24 -> -142857.15 | D24: ='SNA 01-2018'!D24+'SNA 02-2018'!D24+'SNA 03-2018'!D24+'SNA 04-2018'!D24+'SNA 05-2018'!D24+'SNA 06-2018'!D24+'SNA 07-2018'!D24+'SNA 08-2018'!D24+'SNA 09-2018'!D24+'SNA 10-2018'!D24+'SNA 11-2018'!D24+'SNA 12-2018'!D24 -> 0 | E24: =SUM(B24:D24) -> -142857.15 | G24: ='SNA 01-2018'!G24+'SNA 02-2018'!G24+'SNA 03-2018'!G24+'SNA 04-2018'!G24+'SNA 05-2018'!G24+'SNA 06-2018'!G24+'SNA 07-2018'!G24+'SNA 08-2018'!G24+'SNA 09-2018'!G24+'SNA 10-2018'!G24+'SNA 11-2018'!G24+'SNA 12-2018'!G24 -> 0 | I24: ='SNA 01-2018'!I24+'SNA 02-2018'!I24+'SNA 03-2018'!I24+'SNA 04-2018'!I24+'SNA 05-2018'!I24+'SNA 06-2018'!I24+'SNA 07-2018'!I24+'SNA 08-2018'!I24+'SNA 09-2018'!I24+'SNA 10-2018'!I24+'SNA 11-2018'!I24+'SNA 12-2018'!I24 -> 0
A25: CMT 1150 | B25: ='SNA 01-2018'!B25+'SNA 02-2018'!B25+'SNA 03-2018'!B25+'SNA 04-2018'!B25+'SNA 05-2018'!B25+'SNA 06-2018'!B25+'SNA 07-2018'!B25+'SNA 08-2018'!B25+'SNA 09-2018'!B25+'SNA 10-2018'!B25+'SNA 11-2018'!B25+'SNA 12-2018'!B25 -> 0 | C25: ='SNA 01-2018'!C25+'SNA 02-2018'!C25+'SNA 03-2018'!C25+'SNA 04-2018'!C25+'SNA 05-2018'!C25+'SNA 06-2018'!C25+'SNA 07-2018'!C25+'SNA 08-2018'!C25+'SNA 09-2018'!C25+'SNA 10-2018'!C25+'SNA 11-2018'!C25+'SNA 12-2018'!C25 -> -191666.67 | D25: ='SNA 01-2018'!D25+'SNA 02-2018'!D25+'SNA 03-2018'!D25+'SNA 04-2018'!D25+'SNA 05-2018'!D25+'SNA 06-2018'!D25+'SNA 07-2018'!D25+'SNA 08-2018'!D25+'SNA 09-2018'!D25+'SNA 10-2018'!D25+'SNA 11-2018'!D25+'SNA 12-2018'!D25 -> 0 | E25: =SUM(B25:D25) -> -191666.67 | G25: ='SNA 01-2018'!G25+'SNA 02-2018'!G25+'SNA 03-2018'!G25+'SNA 04-2018'!G25+'SNA 05-2018'!G25+'SNA 06-2018'!G25+'SNA 07-2018'!G25+'SNA 08-2018'!G25+'SNA 09-2018'!G25+'SNA 10-2018'!G25+'SNA 11-2018'!G25+'SNA 12-2018'!G25 -> 0 | I25: ='SNA 01-2018'!I25+'SNA 02-2018'!I25+'SNA 03-2018'!I25+'SNA 04-2018'!I25+'SNA 05-2018'!I25+'SNA 06-2018'!I25+'SNA 07-2018'!I25+'SNA 08-2018'!I25+'SNA 09-2018'!I25+'SNA 10-2018'!I25+'SNA 11-2018'!I25+'SNA 12-2018'!I25 -> 0
A26: CMT 1250 | B26: ='SNA 01-2018'!B26+'SNA 02-2018'!B26+'SNA 03-2018'!B26+'SNA 04-2018'!B26+'SNA 05-2018'!B26+'SNA 06-2018'!B26+'SNA 07-2018'!B26+'SNA 08-2018'!B26+'SNA 09-2018'!B26+'SNA 10-2018'!B26+'SNA 11-2018'!B26+'SNA 12-2018'!B26 -> 0 | C26: ='SNA 01-2018'!C26+'SNA 02-2018'!C26+'SNA 03-2018'!C26+'SNA 04-2018'!C26+'SNA 05-2018'!C26+'SNA 06-2018'!C26+'SNA 07-2018'!C26+'SNA 08-2018'!C26+'SNA 09-2018'!C26+'SNA 10-2018'!C26+'SNA 11-2018'!C26+'SNA 12-2018'!C26 -> 0 | D26: ='SNA 01-2018'!D26+'SNA 02-2018'!D26+'SNA 03-2018'!D26+'SNA 04-2018'!D26+'SNA 05-2018'!D26+'SNA 06-2018'!D26+'SNA 07-2018'!D26+'SNA 08-2018'!D26+'SNA 09-2018'!D26+'SNA 10-2018'!D26+'SNA 11-2018'!D26+'SNA 12-2018'!D26 -> 0 | E26: =SUM(B26:D26) -> 0 | G26: ='SNA 01-2018'!G26+'SNA 02-2018'!G26+'SNA 03-2018'!G26+'SNA 04-2018'!G26+'SNA 05-2018'!G26+'SNA 06-2018'!G26+'SNA 07-2018'!G26+'SNA 08-2018'!G26+'SNA 09-2018'!G26+'SNA 10-2018'!G26+'SNA 11-2018'!G26+'SNA 12-2018'!G26 -> 0 | I26: ='SNA 01-2018'!I26+'SNA 02-2018'!I26+'SNA 03-2018'!I26+'SNA 04-2018'!I26+'SNA 05-2018'!I26+'SNA 06-2018'!I26+'SNA 07-2018'!I26+'SNA 08-2018'!I26+'SNA 09-2018'!I26+'SNA 10-2018'!I26+'SNA 11-2018'!I26+'SNA 12-2018'!I26 -> 0
A27: CMT 2418 | B27: ='SNA 01-2018'!B27+'SNA 02-2018'!B27+'SNA 03-2018'!B27+'SNA 04-2018'!B27+'SNA 05-2018'!B27+'SNA 06-2018'!B27+'SNA 07-2018'!B27+'SNA 08-2018'!B27+'SNA 09-2018'!B27+'SNA 10-2018'!B27+'SNA 11-2018'!B27+'SNA 12-2018'!B27 -> 0 | C27: ='SNA 01-2018'!C27+'SNA 02-2018'!C27+'SNA 03-2018'!C27+'SNA 04-2018'!C27+'SNA 05-2018'!C27+'SNA 06-2018'!C27+'SNA 07-2018'!C27+'SNA 08-2018'!C27+'SNA 09-2018'!C27+'SNA 10-2018'!C27+'SNA 11-2018'!C27+'SNA 12-2018'!C27 -> -345428.57 | D27: ='SNA 01-2018'!D27+'SNA 02-2018'!D27+'SNA 03-2018'!D27+'SNA 04-2018'!D27+'SNA 05-2018'!D27+'SNA 06-2018'!D27+'SNA 07-2018'!D27+'SNA 08-2018'!D27+'SNA 09-2018'!D27+'SNA 10-2018'!D27+'SNA 11-2018'!D27+'SNA 12-2018'!D27 -> 0 | E27: =SUM(B27:D27) -> -345428.57 | G27: ='SNA 01-2018'!G27+'SNA 02-2018'!G27+'SNA 03-2018'!G27+'SNA 04-2018'!G27+'SNA 05-2018'!G27+'SNA 06-2018'!G27+'SNA 07-2018'!G27+'SNA 08-2018'!G27+'SNA 09-2018'!G27+'SNA 10-2018'!G27+'SNA 11-2018'!G27+'SNA 12-2018'!G27 -> 0 | I27: ='SNA 01-2018'!I27+'SNA 02-2018'!I27+'SNA 03-2018'!I27+'SNA 04-2018'!I27+'SNA 05-2018'!I27+'SNA 06-2018'!I27+'SNA 07-2018'!I27+'SNA 08-2018'!I27+'SNA 09-2018'!I27+'SNA 10-2018'!I27+'SNA 11-2018'!I27+'SNA 12-2018'!I27 -> 0
A28: CMT 2500 | B28: ='SNA 01-2018'!B28+'SNA 02-2018'!B28+'SNA 03-2018'!B28+'SNA 04-2018'!B28+'SNA 05-2018'!B28+'SNA 06-2018'!B28+'SNA 07-2018'!B28+'SNA 08-2018'!B28+'SNA 09-2018'!B28+'SNA 10-2018'!B28+'SNA 11-2018'!B28+'SNA 12-2018'!B28 -> 0 | C28: ='SNA 01-2018'!C28+'SNA 02-2018'!C28+'SNA 03-2018'!C28+'SNA 04-2018'!C28+'SNA 05-2018'!C28+'SNA 06-2018'!C28+'SNA 07-2018'!C28+'SNA 08-2018'!C28+'SNA 09-2018'!C28+'SNA 10-2018'!C28+'SNA 11-2018'!C28+'SNA 12-2018'!C28 -> 0 | D28: ='SNA 01-2018'!D28+'SNA 02-2018'!D28+'SNA 03-2018'!D28+'SNA 04-2018'!D28+'SNA 05-2018'!D28+'SNA 06-2018'!D28+'SNA 07-2018'!D28+'SNA 08-2018'!D28+'SNA 09-2018'!D28+'SNA 10-2018'!D28+'SNA 11-2018'!D28+'SNA 12-2018'!D28 -> 0 | E28: =SUM(B28:D28) -> 0 | G28: ='SNA 01-2018'!G28+'SNA 02-2018'!G28+'SNA 03-2018'!G28+'SNA 04-2018'!G28+'SNA 05-2018'!G28+'SNA 06-2018'!G28+'SNA 07-2018'!G28+'SNA 08-2018'!G28+'SNA 09-2018'!G28+'SNA 10-2018'!G28+'SNA 11-2018'!G28+'SNA 12-2018'!G28 -> 0 | I28: ='SNA 01-2018'!I28+'SNA 02-2018'!I28+'SNA 03-2018'!I28+'SNA 04-2018'!I28+'SNA 05-2018'!I28+'SNA 06-2018'!I28+'SNA 07-2018'!I28+'SNA 08-2018'!I28+'SNA 09-2018'!I28+'SNA 10-2018'!I28+'SNA 11-2018'!I28+'SNA 12-2018'!I28 -> 0
A29: CMT 350 | B29: ='SNA 01-2018'!B29+'SNA 02-2018'!B29+'SNA 03-2018'!B29+'SNA 04-2018'!B29+'SNA 05-2018'!B29+'SNA 06-2018'!B29+'SNA 07-2018'!B29+'SNA 08-2018'!B29+'SNA 09-2018'!B29+'SNA 10-2018'!B29+'SNA 11-2018'!B29+'SNA 12-2018'!B29 -> 0 | C29: ='SNA 01-2018'!C29+'SNA 02-2018'!C29+'SNA 03-2018'!C29+'SNA 04-2018'!C29+'SNA 05-2018'!C29+'SNA 06-2018'!C29+'SNA 07-2018'!C29+'SNA 08-2018'!C29+'SNA 09-2018'!C29+'SNA 10-2018'!C29+'SNA 11-2018'!C29+'SNA 12-2018'!C29 -> -58333.334 | D29: ='SNA 01-2018'!D29+'SNA 02-2018'!D29+'SNA 03-2018'!D29+'SNA 04-2018'!D29+'SNA 05-2018'!D29+'SNA 06-2018'!D29+'SNA 07-2018'!D29+'SNA 08-2018'!D29+'SNA 09-2018'!D29+'SNA 10-2018'!D29+'SNA 11-2018'!D29+'SNA 12-2018'!D29 -> 0 | E29: =SUM(B29:D29) -> -58333.334 | G29: ='SNA 01-2018'!G29+'SNA 02-2018'!G29+'SNA 03-2018'!G29+'SNA 04-2018'!G29+'SNA 05-2018'!G29+'SNA 06-2018'!G29+'SNA 07-2018'!G29+'SNA 08-2018'!G29+'SNA 09-2018'!G29+'SNA 10-2018'!G29+'SNA 11-2018'!G29+'SNA 12-2018'!G29 -> 0 | I29: ='SNA 01-2018'!I29+'SNA 02-2018'!I29+'SNA 03-2018'!I29+'SNA 04-2018'!I29+'SNA 05-2018'!I29+'SNA 06-2018'!I29+'SNA 07-2018'!I29+'SNA 08-2018'!I29+'SNA 09-2018'!I29+'SNA 10-2018'!I29+'SNA 11-2018'!I29+'SNA 12-2018'!I29 -> 0
A30: CMT 500 | B30: ='SNA 01-2018'!B30+'SNA 02-2018'!B30+'SNA 03-2018'!B30+'SNA 04-2018'!B30+'SNA 05-2018'!B30+'SNA 06-2018'!B30+'SNA 07-2018'!B30+'SNA 08-2018'!B30+'SNA 09-2018'!B30+'SNA 10-2018'!B30+'SNA 11-2018'!B30+'SNA 12-2018'!B30 -> 0 | C30: ='SNA 01-2018'!C30+'SNA 02-2018'!C30+'SNA 03-2018'!C30+'SNA 04-2018'!C30+'SNA 05-2018'!C30+'SNA 06-2018'!C30+'SNA 07-2018'!C30+'SNA 08-2018'!C30+'SNA 09-2018'!C30+'SNA 10-2018'!C30+'SNA 11-2018'!C30+'SNA 12-2018'!C30 -> -166666.67 | D30: ='SNA 01-2018'!D30+'SNA 02-2018'!D30+'SNA 03-2018'!D30+'SNA 04-2018'!D30+'SNA 05-2018'!D30+'SNA 06-2018'!D30+'SNA 07-2018'!D30+'SNA 08-2018'!D30+'SNA 09-2018'!D30+'SNA 10-2018'!D30+'SNA 11-2018'!D30+'SNA 12-2018'!D30 -> 0 | E30: =SUM(B30:D30) -> -166666.67 | G30: ='SNA 01-2018'!G30+'SNA 02-2018'!G30+'SNA 03-2018'!G30+'SNA 04-2018'!G30+'SNA 05-2018'!G30+'SNA 06-2018'!G30+'SNA 07-2018'!G30+'SNA 08-2018'!G30+'SNA 09-2018'!G30+'SNA 10-2018'!G30+'SNA 11-2018'!G30+'SNA 12-2018'!G30 -> 0 | I30: ='SNA 01-2018'!I30+'SNA 02-2018'!I30+'SNA 03-2018'!I30+'SNA 04-2018'!I30+'SNA 05-2018'!I30+'SNA 06-2018'!I30+'SNA 07-2018'!I30+'SNA 08-2018'!I30+'SNA 09-2018'!I30+'SNA 10-2018'!I30+'SNA 11-2018'!I30+'SNA 12-2018'!I30 -> 0
A31: CMT BTK | B31: ='SNA 01-2018'!B31+'SNA 02-2018'!B31+'SNA 03-2018'!B31+'SNA 04-2018'!B31+'SNA 05-2018'!B31+'SNA 06-2018'!B31+'SNA 07-2018'!B31+'SNA 08-2018'!B31+'SNA 09-2018'!B31+'SNA 10-2018'!B31+'SNA 11-2018'!B31+'SNA 12-2018'!B31 -> 0 | C31: ='SNA 01-2018'!C31+'SNA 02-2018'!C31+'SNA 03-2018'!C31+'SNA 04-2018'!C31+'SNA 05-2018'!C31+'SNA 06-2018'!C31+'SNA 07-2018'!C31+'SNA 08-2018'!C31+'SNA 09-2018'!C31+'SNA 10-2018'!C31+'SNA 11-2018'!C31+'SNA 12-2018'!C31 -> 0 | D31: ='SNA 01-2018'!D31+'SNA 02-2018'!D31+'SNA 03-2018'!D31+'SNA 04-2018'!D31+'SNA 05-2018'!D31+'SNA 06-2018'!D31+'SNA 07-2018'!D31+'SNA 08-2018'!D31+'SNA 09-2018'!D31+'SNA 10-2018'!D31+'SNA 11-2018'!D31+'SNA 12-2018'!D31 -> -223293.43 | E31: =SUM(B31:D31) -> -223293.43 | G31: ='SNA 01-2018'!G31+'SNA 02-2018'!G31+'SNA 03-2018'!G31+'SNA 04-2018'!G31+'SNA 05-2018'!G31+'SNA 06-2018'!G31+'SNA 07-2018'!G31+'SNA 08-2018'!G31+'SNA 09-2018'!G31+'SNA 10-2018'!G31+'SNA 11-2018'!G31+'SNA 12-2018'!G31 -> 0 | I31: ='SNA 01-2018'!I31+'SNA 02-2018'!I31+'SNA 03-2018'!I31+'SNA 04-2018'!I31+'SNA 05-2018'!I31+'SNA 06-2018'!I31+'SNA 07-2018'!I31+'SNA 08-2018'!I31+'SNA 09-2018'!I31+'SNA 10-2018'!I31+'SNA 11-2018'!I31+'SNA 12-2018'!I31 -> 0
A32: CREDIT DE GESTION | B32: ='SNA 01-2018'!B32+'SNA 02-2018'!B32+'SNA 03-2018'!B32+'SNA 04-2018'!B32+'SNA 05-2018'!B32+'SNA 06-2018'!B32+'SNA 07-2018'!B32+'SNA 08-2018'!B32+'SNA 09-2018'!B32+'SNA 10-2018'!B32+'SNA 11-2018'!B32+'SNA 12-2018'!B32 -> 0 | C32: ='SNA 01-2018'!C32+'SNA 02-2018'!C32+'SNA 03-2018'!C32+'SNA 04-2018'!C32+'SNA 05-2018'!C32+'SNA 06-2018'!C32+'SNA 07-2018'!C32+'SNA 08-2018'!C32+'SNA 09-2018'!C32+'SNA 10-2018'!C32+'SNA 11-2018'!C32+'SNA 12-2018'!C32 -> 0 | D32: ='SNA 01-2018'!D32+'SNA 02-2018'!D32+'SNA 03-2018'!D32+'SNA 04-2018'!D32+'SNA 05-2018'!D32+'SNA 06-2018'!D32+'SNA 07-2018'!D32+'SNA 08-2018'!D32+'SNA 09-2018'!D32+'SNA 10-2018'!D32+'SNA 11-2018'!D32+'SNA 12-2018'!D32 -> 0 | E32: =SUM(B32:D32) -> 0 | G32: ='SNA 01-2018'!G32+'SNA 02-2018'!G32+'SNA 03-2018'!G32+'SNA 04-2018'!G32+'SNA 05-2018'!G32+'SNA 06-2018'!G32+'SNA 07-2018'!G32+'SNA 08-2018'!G32+'SNA 09-2018'!G32+'SNA 10-2018'!G32+'SNA 11-2018'!G32+'SNA 12-2018'!G32 -> 0 | I32: ='SNA 01-2018'!I32+'SNA 02-2018'!I32+'SNA 03-2018'!I32+'SNA 04-2018'!I32+'SNA 05-2018'!I32+'SNA 06-2018'!I32+'SNA 07-2018'!I32+'SNA 08-2018'!I32+'SNA 09-2018'!I32+'SNA 10-2018'!I32+'SNA 11-2018'!I32+'SNA 12-2018'!I32 -> 0
A33: INTERET CMT 1000 | B33: ='SNA 01-2018'!B33+'SNA 02-2018'!B33+'SNA 03-2018'!B33+'SNA 04-2018'!B33+'SNA 05-2018'!B33+'SNA 06-2018'!B33+'SNA 07-2018'!B33+'SNA 08-2018'!B33+'SNA 09-2018'!B33+'SNA 10-2018'!B33+'SNA 11-2018'!B33+'SNA 12-2018'!B33 -> 0 | C33: ='SNA 01-2018'!C33+'SNA 02-2018'!C33+'SNA 03-2018'!C33+'SNA 04-2018'!C33+'SNA 05-2018'!C33+'SNA 06-2018'!C33+'SNA 07-2018'!C33+'SNA 08-2018'!C33+'SNA 09-2018'!C33+'SNA 10-2018'!C33+'SNA 11-2018'!C33+'SNA 12-2018'!C33 -> -73056.537 | D33: ='SNA 01-2018'!D33+'SNA 02-2018'!D33+'SNA 03-2018'!D33+'SNA 04-2018'!D33+'SNA 05-2018'!D33+'SNA 06-2018'!D33+'SNA 07-2018'!D33+'SNA 08-2018'!D33+'SNA 09-2018'!D33+'SNA 10-2018'!D33+'SNA 11-2018'!D33+'SNA 12-2018'!D33 -> 0 | E33: =SUM(B33:D33) -> -73056.537 | G33: ='SNA 01-2018'!G33+'SNA 02-2018'!G33+'SNA 03-2018'!G33+'SNA 04-2018'!G33+'SNA 05-2018'!G33+'SNA 06-2018'!G33+'SNA 07-2018'!G33+'SNA 08-2018'!G33+'SNA 09-2018'!G33+'SNA 10-2018'!G33+'SNA 11-2018'!G33+'SNA 12-2018'!G33 -> 0 | I33: ='SNA 01-2018'!I33+'SNA 02-2018'!I33+'SNA 03-2018'!I33+'SNA 04-2018'!I33+'SNA 05-2018'!I33+'SNA 06-2018'!I33+'SNA 07-2018'!I33+'SNA 08-2018'!I33+'SNA 09-2018'!I33+'SNA 10-2018'!I33+'SNA 11-2018'!I33+'SNA 12-2018'!I33 -> 0
A34: INTERET CMT 1000 1 | B34: ='SNA 01-2018'!B34+'SNA 02-2018'!B34+'SNA 03-2018'!B34+'SNA 04-2018'!B34+'SNA 05-2018'!B34+'SNA 06-2018'!B34+'SNA 07-2018'!B34+'SNA 08-2018'!B34+'SNA 09-2018'!B34+'SNA 10-2018'!B34+'SNA 11-2018'!B34+'SNA 12-2018'!B34 -> 0 | C34: ='SNA 01-2018'!C34+'SNA 02-2018'!C34+'SNA 03-2018'!C34+'SNA 04-2018'!C34+'SNA 05-2018'!C34+'SNA 06-2018'!C34+'SNA 07-2018'!C34+'SNA 08-2018'!C34+'SNA 09-2018'!C34+'SNA 10-2018'!C34+'SNA 11-2018'!C34+'SNA 12-2018'!C34 -> -5832.381 | D34: ='SNA 01-2018'!D34+'SNA 02-2018'!D34+'SNA 03-2018'!D34+'SNA 04-2018'!D34+'SNA 05-2018'!D34+'SNA 06-2018'!D34+'SNA 07-2018'!D34+'SNA 08-2018'!D34+'SNA 09-2018'!D34+'SNA 10-2018'!D34+'SNA 11-2018'!D34+'SNA 12-2018'!D34 -> 0 | E34: =SUM(B34:D34) -> -5832.381 | G34: ='SNA 01-2018'!G34+'SNA 02-2018'!G34+'SNA 03-2018'!G34+'SNA 04-2018'!G34+'SNA 05-2018'!G34+'SNA 06-2018'!G34+'SNA 07-2018'!G34+'SNA 08-2018'!G34+'SNA 09-2018'!G34+'SNA 10-2018'!G34+'SNA 11-2018'!G34+'SNA 12-2018'!G34 -> 0 | I34: ='SNA 01-2018'!I34+'SNA 02-2018'!I34+'SNA 03-2018'!I34+'SNA 04-2018'!I34+'SNA 05-2018'!I34+'SNA 06-2018'!I34+'SNA 07-2018'!I34+'SNA 08-2018'!I34+'SNA 09-2018'!I34+'SNA 10-2018'!I34+'SNA 11-2018'!I34+'SNA 12-2018'!I34 -> 0
... A43: LEASING | B43: ='SNA 01-2018'!B43+'SNA 02-2018'!B43+'SNA 03-2018'!B43+'SNA 04-2018'!B43+'SNA 05-2018'!B43+'SNA 06-2018'!B43+'SNA 07-2018'!B43+'SNA 08-2018'!B43+'SNA 09-2018'!B43+'SNA 10-2018'!B43+'SNA 11-2018'!B43+'SNA 12-2018'!B43 -> -25928.275 | C43: ='SNA 01-2018'!C43+'SNA 02-2018'!C43+'SNA 03-2018'!C43+'SNA 04-2018'!C43+'SNA 05-2018'!C43+'SNA 06-2018'!C43+'SNA 07-2018'!C43+'SNA 08-2018'!C43+'SNA 09-2018'!C43+'SNA 10-2018'!C43+'SNA 11-2018'!C43+'SNA 12-2018'!C43 -> -71987.048 | D43: ='SNA 01-2018'!D43+'SNA 02-2018'!D43+'SNA 03-2018'!D43+'SNA 04-2018'!D43+'SNA 05-2018'!D43+'SNA 06-2018'!D43+'SNA 07-2018'!D43+'SNA 08-2018'!D43+'SNA 09-2018'!D43+'SNA 10-2018'!D43+'SNA 11-2018'!D43+'SNA 12-2018'!D43 -> 0 | E43: =SUM(B43:D43) -> -97915.323 | G43: ='SNA 01-2018'!G43+'SNA 02-2018'!G43+'SNA 03-2018'!G43+'SNA 04-2018'!G43+'SNA 05-2018'!G43+'SNA 06-2018'!G43+'SNA 07-2018'!G43+'SNA 08-2018'!G43+'SNA 09-2018'!G43+'SNA 10-2018'!G43+'SNA 11-2018'!G43+'SNA 12-2018'!G43 -> 0 | I43: ='SNA 01-2018'!I43+'SNA 02-2018'!I43+'SNA 03-2018'!I43+'SNA 04-2018'!I43+'SNA 05-2018'!I43+'SNA 06-2018'!I43+'SNA 07-2018'!I43+'SNA 08-2018'!I43+'SNA 09-2018'!I43+'SNA 10-2018'!I43+'SNA 11-2018'!I43+'SNA 12-2018'!I43 -> 0
A44: FRAIS BANQUE | B44: =SUM(B45:B81) -> -580.723 | C44: =SUM(C45:C81) -> -531094.64 | D44: =SUM(D45:D81) -> -1280.556 | E44: =SUM(B44:D44) -> -532955.92 | G44: =SUM(G45:G81) -> -4125 | I44: =SUM(I45:I81) -> 0
A45: AFFRANCHISSEMENT | B45: ='SNA 01-2018'!B45+'SNA 02-2018'!B45+'SNA 03-2018'!B45+'SNA 04-2018'!B45+'SNA 05-2018'!B45+'SNA 06-2018'!B45+'SNA 07-2018'!B45+'SNA 08-2018'!B45+'SNA 09-2018'!B45+'SNA 10-2018'!B45+'SNA 11-2018'!B45+'SNA 12-2018'!B45 -> -8 | C45: ='SNA 01-2018'!C45+'SNA 02-2018'!C45+'SNA 03-2018'!C45+'SNA 04-2018'!C45+'SNA 05-2018'!C45+'SNA 06-2018'!C45+'SNA 07-2018'!C45+'SNA 08-2018'!C45+'SNA 09-2018'!C45+'SNA 10-2018'!C45+'SNA 11-2018'!C45+'SNA 12-2018'!C45 -> -89 | D45: ='SNA 01-2018'!D45+'SNA 02-2018'!D45+'SNA 03-2018'!D45+'SNA 04-2018'!D45+'SNA 05-2018'!D45+'SNA 06-2018'!D45+'SNA 07-2018'!D45+'SNA 08-2018'!D45+'SNA 09-2018'!D45+'SNA 10-2018'!D45+'SNA 11-2018'!D45+'SNA 12-2018'!D45 -> 0 | E45: =SUM(B45:D45) -> -97 | G45: ='SNA 01-2018'!G45+'SNA 02-2018'!G45+'SNA 03-2018'!G45+'SNA 04-2018'!G45+'SNA 05-2018'!G45+'SNA 06-2018'!G45+'SNA 07-2018'!G45+'SNA 08-2018'!G45+'SNA 09-2018'!G45+'SNA 10-2018'!G45+'SNA 11-2018'!G45+'SNA 12-2018'!G45 -> 0 | I45: ='SNA 01-2018'!I45+'SNA 02-2018'!I45+'SNA 03-2018'!I45+'SNA 04-2018'!I45+'SNA 05-2018'!I45+'SNA 06-2018'!I45+'SNA 07-2018'!I45+'SNA 08-2018'!I45+'SNA 09-2018'!I45+'SNA 10-2018'!I45+'SNA 11-2018'!I45+'SNA 12-2018'!I45 -> 0
A46: AGIOS DEBITEURS | B46: ='SNA 01-2018'!B46+'SNA 02-2018'!B46+'SNA 03-2018'!B46+'SNA 04-2018'!B46+'SNA 05-2018'!B46+'SNA 06-2018'!B46+'SNA 07-2018'!B46+'SNA 08-2018'!B46+'SNA 09-2018'!B46+'SNA 10-2018'!B46+'SNA 11-2018'!B46+'SNA 12-2018'!B46 -> -231.562 | C46: ='SNA 01-2018'!C46+'SNA 02-2018'!C46+'SNA 03-2018'!C46+'SNA 04-2018'!C46+'SNA 05-2018'!C46+'SNA 06-2018'!C46+'SNA 07-2018'!C46+'SNA 08-2018'!C46+'SNA 09-2018'!C46+'SNA 10-2018'!C46+'SNA 11-2018'!C46+'SNA 12-2018'!C46 -> -444148.84 | D46: ='SNA 01-2018'!D46+'SNA 02-2018'!D46+'SNA 03-2018'!D46+'SNA 04-2018'!D46+'SNA 05-2018'!D46+'SNA 06-2018'!D46+'SNA 07-2018'!D46+'SNA 08-2018'!D46+'SNA 09-2018'!D46+'SNA 10-2018'!D46+'SNA 11-2018'!D46+'SNA 12-2018'!D46 -> -81.857 | E46: =SUM(B46:D46) -> -444462.26 | G46: ='SNA 01-2018'!G46+'SNA 02-2018'!G46+'SNA 03-2018'!G46+'SNA 04-2018'!G46+'SNA 05-2018'!G46+'SNA 06-2018'!G46+'SNA 07-2018'!G46+'SNA 08-2018'!G46+'SNA 09-2018'!G46+'SNA 10-2018'!G46+'SNA 11-2018'!G46+'SNA 12-2018'!G46 -> 0 | I46: ='SNA 01-2018'!I46+'SNA 02-2018'!I46+'SNA 03-2018'!I46+'SNA 04-2018'!I46+'SNA 05-2018'!I46+'SNA 06-2018'!I46+'SNA 07-2018'!I46+'SNA 08-2018'!I46+'SNA 09-2018'!I46+'SNA 10-2018'!I46+'SNA 11-2018'!I46+'SNA 12-2018'!I46 -> 0
A47: COMMISION OBLIGATION | B47: ='SNA 01-2018'!B47+'SNA 02-2018'!B47+'SNA 03-2018'!B47+'SNA 04-2018'!B47+'SNA 05-2018'!B47+'SNA 06-2018'!B47+'SNA 07-2018'!B47+'SNA 08-2018'!B47+'SNA 09-2018'!B47+'SNA 10-2018'!B47+'SNA 11-2018'!B47+'SNA 12-2018'!B47 -> 0 | C47: ='SNA 01-2018'!C47+'SNA 02-2018'!C47+'SNA 03-2018'!C47+'SNA 04-2018'!C47+'SNA 05-2018'!C47+'SNA 06-2018'!C47+'SNA 07-2018'!C47+'SNA 08-2018'!C47+'SNA 09-2018'!C47+'SNA 10-2018'!C47+'SNA 11-2018'!C47+'SNA 12-2018'!C47 -> -2707.533 | D47: ='SNA 01-2018'!D47+'SNA 02-2018'!D47+'SNA 03-2018'!D47+'SNA 04-2018'!D47+'SNA 05-2018'!D47+'SNA 06-2018'!D47+'SNA 07-2018'!D47+'SNA 08-2018'!D47+'SNA 09-2018'!D47+'SNA 10-2018'!D47+'SNA 11-2018'!D47+'SNA 12-2018'!D47 -> 0 | E47: =SUM(B47:D47) -> -2707.533 | G47: ='SNA 01-2018'!G47+'SNA 02-2018'!G47+'SNA 03-2018'!G47+'SNA 04-2018'!G47+'SNA 05-2018'!G47+'SNA 06-2018'!G47+'SNA 07-2018'!G47+'SNA 08-2018'!G47+'SNA 09-2018'!G47+'SNA 10-2018'!G47+'SNA 11-2018'!G47+'SNA 12-2018'!G47 -> 0 | I47: ='SNA 01-2018'!I47+'SNA 02-2018'!I47+'SNA 03-2018'!I47+'SNA 04-2018'!I47+'SNA 05-2018'!I47+'SNA 06-2018'!I47+'SNA 07-2018'!I47+'SNA 08-2018'!I47+'SNA 09-2018'!I47+'SNA 10-2018'!I47+'SNA 11-2018'!I47+'SNA 12-2018'!I47 -> 0
A48: COMMISSION / VERS CHQ | B48: ='SNA 01-2018'!B48+'SNA 02-2018'!B48+'SNA 03-2018'!B48+'SNA 04-2018'!B48+'SNA 05-2018'!B48+'SNA 06-2018'!B48+'SNA 07-2018'!B48+'SNA 08-2018'!B48+'SNA 09-2018'!B48+'SNA 10-2018'!B48+'SNA 11-2018'!B48+'SNA 12-2018'!B48 -> 0 | C48: ='SNA 01-2018'!C48+'SNA 02-2018'!C48+'SNA 03-2018'!C48+'SNA 04-2018'!C48+'SNA 05-2018'!C48+'SNA 06-2018'!C48+'SNA 07-2018'!C48+'SNA 08-2018'!C48+'SNA 09-2018'!C48+'SNA 10-2018'!C48+'SNA 11-2018'!C48+'SNA 12-2018'!C48 -> -43.746 | D48: ='SNA 01-2018'!D48+'SNA 02-2018'!D48+'SNA 03-2018'!D48+'SNA 04-2018'!D48+'SNA 05-2018'!D48+'SNA 06-2018'!D48+'SNA 07-2018'!D48+'SNA 08-2018'!D48+'SNA 09-2018'!D48+'SNA 10-2018'!D48+'SNA 11-2018'!D48+'SNA 12-2018'!D48 -> -1.428 | E48: =SUM(B48:D48) -> -45.174 | G48: ='SNA 01-2018'!G48+'SNA 02-2018'!G48+'SNA 03-2018'!G48+'SNA 04-2018'!G48+'SNA 05-2018'!G48+'SNA 06-2018'!G48+'SNA 07-2018'!G48+'SNA 08-2018'!G48+'SNA 09-2018'!G48+'SNA 10-2018'!G48+'SNA 11-2018'!G48+'SNA 12-2018'!G48 -> 0 | I48: ='SNA 01-2018'!I48+'SNA 02-2018'!I48+'SNA 03-2018'!I48+'SNA 04-2018'!I48+'SNA 05-2018'!I48+'SNA 06-2018'!I48+'SNA 07-2018'!I48+'SNA 08-2018'!I48+'SNA 09-2018'!I48+'SNA 10-2018'!I48+'SNA 11-2018'!I48+'SNA 12-2018'!I48 -> 0
A49: COMMISSION ADMISSION TEMPORAIRE | B49: ='SNA 01-2018'!B49+'SNA 02-2018'!B49+'SNA 03-2018'!B49+'SNA 04-2018'!B49+'SNA 05-2018'!B49+'SNA 06-2018'!B49+'SNA 07-2018'!B49+'SNA 08-2018'!B49+'SNA 09-2018'!B49+'SNA 10-2018'!B49+'SNA 11-2018'!B49+'SNA 12-2018'!B49 -> 0 | C49: ='SNA 01-2018'!C49+'SNA 02-2018'!C49+'SNA 03-2018'!C49+'SNA 04-2018'!C49+'SNA 05-2018'!C49+'SNA 06-2018'!C49+'SNA 07-2018'!C49+'SNA 08-2018'!C49+'SNA 09-2018'!C49+'SNA 10-2018'!C49+'SNA 11-2018'!C49+'SNA 12-2018'!C49 -> -4674.766 | D49: ='SNA 01-2018'!D49+'SNA 02-2018'!D49+'SNA 03-2018'!D49+'SNA 04-2018'!D49+'SNA 05-2018'!D49+'SNA 06-2018'!D49+'SNA 07-2018'!D49+'SNA 08-2018'!D49+'SNA 09-2018'!D49+'SNA 10-2018'!D49+'SNA 11-2018'!D49+'SNA 12-2018'!D49 -> 0 | E49: =SUM(B49:D49) -> -4674.766 | G49: ='SNA 01-2018'!G49+'SNA 02-2018'!G49+'SNA 03-2018'!G49+'SNA 04-2018'!G49+'SNA 05-2018'!G49+'SNA 06-2018'!G49+'SNA 07-2018'!G49+'SNA 08-2018'!G49+'SNA 09-2018'!G49+'SNA 10-2018'!G49+'SNA 11-2018'!G49+'SNA 12-2018'!G49 -> 0 | I49: ='SNA 01-2018'!I49+'SNA 02-2018'!I49+'SNA 03-2018'!I49+'SNA 04-2018'!I49+'SNA 05-2018'!I49+'SNA 06-2018'!I49+'SNA 07-2018'!I49+'SNA 08-2018'!I49+'SNA 09-2018'!I49+'SNA 10-2018'!I49+'SNA 11-2018'!I49+'SNA 12-2018'!I49 -> 0
A50: COMMISSION CAUTION DEF | B50: ='SNA 01-2018'!B50+'SNA 02-2018'!B50+'SNA 03-2018'!B50+'SNA 04-2018'!B50+'SNA 05-2018'!B50+'SNA 06-2018'!B50+'SNA 07-2018'!B50+'SNA 08-2018'!B50+'SNA 09-2018'!B50+'SNA 10-2018'!B50+'SNA 11-2018'!B50+'SNA 12-2018'!B50 -> 0 | C50: ='SNA 01-2018'!C50+'SNA 02-2018'!C50+'SNA 03-2018'!C50+'SNA 04-2018'!C50+'SNA 05-2018'!C50+'SNA 06-2018'!C50+'SNA 07-2018'!C50+'SNA 08-2018'!C50+'SNA 09-2018'!C50+'SNA 10-2018'!C50+'SNA 11-2018'!C50+'SNA 12-2018'!C50 -> -529.189 | D50: ='SNA 01-2018'!D50+'SNA 02-2018'!D50+'SNA 03-2018'!D50+'SNA 04-2018'!D50+'SNA 05-2018'!D50+'SNA 06-2018'!D50+'SNA 07-2018'!D50+'SNA 08-2018'!D50+'SNA 09-2018'!D50+'SNA 10-2018'!D50+'SNA 11-2018'!D50+'SNA 12-2018'!D50 -> 0 | E50: =SUM(B50:D50) -> -529.189 | G50: ='SNA 01-2018'!G50+'SNA 02-2018'!G50+'SNA 03-2018'!G50+'SNA 04-2018'!G50+'SNA 05-2018'!G50+'SNA 06-2018'!G50+'SNA 07-2018'!G50+'SNA 08-2018'!G50+'SNA 09-2018'!G50+'SNA 10-2018'!G50+'SNA 11-2018'!G50+'SNA 12-2018'!G50 -> 0 | I50: ='SNA 01-2018'!I50+'SNA 02-2018'!I50+'SNA 03-2018'!I50+'SNA 04-2018'!I50+'SNA 05-2018'!I50+'SNA 06-2018'!I50+'SNA 07-2018'!I50+'SNA 08-2018'!I50+'SNA 09-2018'!I50+'SNA 10-2018'!I50+'SNA 11-2018'!I50+'SNA 12-2018'!I50 -> 0
A51: COMMISSION CHQ CERTIFIE | B51: ='SNA 01-2018'!B51+'SNA 02-2018'!B51+'SNA 03-2018'!B51+'SNA 04-2018'!B51+'SNA 05-2018'!B51+'SNA 06-2018'!B51+'SNA 07-2018'!B51+'SNA 08-2018'!B51+'SNA 09-2018'!B51+'SNA 10-2018'!B51+'SNA 11-2018'!B51+'SNA 12-2018'!B51 -> 0 | C51: ='SNA 01-2018'!C51+'SNA 02-2018'!C51+'SNA 03-2018'!C51+'SNA 04-2018'!C51+'SNA 05-2018'!C51+'SNA 06-2018'!C51+'SNA 07-2018'!C51+'SNA 08-2018'!C51+'SNA 09-2018'!C51+'SNA 10-2018'!C51+'SNA 11-2018'!C51+'SNA 12-2018'!C51 -> -289.17 | D51: ='SNA 01-2018'!D51+'SNA 02-2018'!D51+'SNA 03-2018'!D51+'SNA 04-2018'!D51+'SNA 05-2018'!D51+'SNA 06-2018'!D51+'SNA 07-2018'!D51+'SNA 08-2018'!D51+'SNA 09-2018'!D51+'SNA 10-2018'!D51+'SNA 11-2018'!D51+'SNA 12-2018'!D51 -> 0 | E51: =SUM(B51:D51) -> -289.17 | G51: ='SNA 01-2018'!G51+'SNA 02-2018'!G51+'SNA 03-2018'!G51+'SNA 04-2018'!G51+'SNA 05-2018'!G51+'SNA 06-2018'!G51+'SNA 07-2018'!G51+'SNA 08-2018'!G51+'SNA 09-2018'!G51+'SNA 10-2018'!G51+'SNA 11-2018'!G51+'SNA 12-2018'!G51 -> 0 | I51: ='SNA 01-2018'!I51+'SNA 02-2018'!I51+'SNA 03-2018'!I51+'SNA 04-2018'!I51+'SNA 05-2018'!I51+'SNA 06-2018'!I51+'SNA 07-2018'!I51+'SNA 08-2018'!I51+'SNA 09-2018'!I51+'SNA 10-2018'!I51+'SNA 11-2018'!I51+'SNA 12-2018'!I51 -> 0
A52: COMMISSION D'ADHESION | B52: ='SNA 01-2018'!B52+'SNA 02-2018'!B52+'SNA 03-2018'!B52+'SNA 04-2018'!B52+'SNA 05-2018'!B52+'SNA 06-2018'!B52+'SNA 07-2018'!B52+'SNA 08-2018'!B52+'SNA 09-2018'!B52+'SNA 10-2018'!B52+'SNA 11-2018'!B52+'SNA 12-2018'!B52 -> -119 | C52: ='SNA 01-2018'!C52+'SNA 02-2018'!C52+'SNA 03-2018'!C52+'SNA 04-2018'!C52+'SNA 05-2018'!C52+'SNA 06-2018'!C52+'SNA 07-2018'!C52+'SNA 08-2018'!C52+'SNA 09-2018'!C52+'SNA 10-2018'!C52+'SNA 11-2018'!C52+'SNA 12-2018'!C52 -> -119 | D52: ='SNA 01-2018'!D52+'SNA 02-2018'!D52+'SNA 03-2018'!D52+'SNA 04-2018'!D52+'SNA 05-2018'!D52+'SNA 06-2018'!D52+'SNA 07-2018'!D52+'SNA 08-2018'!D52+'SNA 09-2018'!D52+'SNA 10-2018'!D52+'SNA 11-2018'!D52+'SNA 12-2018'!D52 -> -64.26 | E52: =SUM(B52:D52) -> -302.26 | G52: ='SNA 01-2018'!G52+'SNA 02-2018'!G52+'SNA 03-2018'!G52+'SNA 04-2018'!G52+'SNA 05-2018'!G52+'SNA 06-2018'!G52+'SNA 07-2018'!G52+'SNA 08-2018'!G52+'SNA 09-2018'!G52+'SNA 10-2018'!G52+'SNA 11-2018'!G52+'SNA 12-2018'!G52 -> 0 | I52: ='SNA 01-2018'!I52+'SNA 02-2018'!I52+'SNA 03-2018'!I52+'SNA 04-2018'!I52+'SNA 05-2018'!I52+'SNA 06-2018'!I52+'SNA 07-2018'!I52+'SNA 08-2018'!I52+'SNA 09-2018'!I52+'SNA 10-2018'!I52+'SNA 11-2018'!I52+'SNA 12-2018'!I52 -> 0
A53: COMMISSION DE CHANGE | B53: ='SNA 01-2018'!B53+'SNA 02-2018'!B53+'SNA 03-2018'!B53+'SNA 04-2018'!B53+'SNA 05-2018'!B53+'SNA 06-2018'!B53+'SNA 07-2018'!B53+'SNA 08-2018'!B53+'SNA 09-2018'!B53+'SNA 10-2018'!B53+'SNA 11-2018'!B53+'SNA 12-2018'!B53 -> 0 | C53: ='SNA 01-2018'!C53+'SNA 02-2018'!C53+'SNA 03-2018'!C53+'SNA 04-2018'!C53+'SNA 05-2018'!C53+'SNA 06-2018'!C53+'SNA 07-2018'!C53+'SNA 08-2018'!C53+'SNA 09-2018'!C53+'SNA 10-2018'!C53+'SNA 11-2018'!C53+'SNA 12-2018'!C53 -> -155.285 | D53: ='SNA 01-2018'!D53+'SNA 02-2018'!D53+'SNA 03-2018'!D53+'SNA 04-2018'!D53+'SNA 05-2018'!D53+'SNA 06-2018'!D53+'SNA 07-2018'!D53+'SNA 08-2018'!D53+'SNA 09-2018'!D53+'SNA 10-2018'!D53+'SNA 11-2018'!D53+'SNA 12-2018'!D53 -> 0 | E53: =SUM(B53:D53) -> -155.285 | G53: ='SNA 01-2018'!G53+'SNA 02-2018'!G53+'SNA 03-2018'!G53+'SNA 04-2018'!G53+'SNA 05-2018'!G53+'SNA 06-2018'!G53+'SNA 07-2018'!G53+'SNA 08-2018'!G53+'SNA 09-2018'!G53+'SNA 10-2018'!G53+'SNA 11-2018'!G53+'SNA 12-2018'!G53 -> 0 | I53: ='SNA 01-2018'!I53+'SNA 02-2018'!I53+'SNA 03-2018'!I53+'SNA 04-2018'!I53+'SNA 05-2018'!I53+'SNA 06-2018'!I53+'SNA 07-2018'!I53+'SNA 08-2018'!I53+'SNA 09-2018'!I53+'SNA 10-2018'!I53+'SNA 11-2018'!I53+'SNA 12-2018'!I53 -> 0
A54: COMMISSION DE DOMICILIATION | B54: ='SNA 01-2018'!B54+'SNA 02-2018'!B54+'SNA 03-2018'!B54+'SNA 04-2018'!B54+'SNA 05-2018'!B54+'SNA 06-2018'!B54+'SNA 07-2018'!B54+'SNA 08-2018'!B54+'SNA 09-2018'!B54+'SNA 10-2018'!B54+'SNA 11-2018'!B54+'SNA 12-2018'!B54 -> -4 | C54: ='SNA 01-2018'!C54+'SNA 02-2018'!C54+'SNA 03-2018'!C54+'SNA 04-2018'!C54+'SNA 05-2018'!C54+'SNA 06-2018'!C54+'SNA 07-2018'!C54+'SNA 08-2018'!C54+'SNA 09-2018'!C54+'SNA 10-2018'!C54+'SNA 11-2018'!C54+'SNA 12-2018'!C54 -> -943.5 | D54: ='SNA 01-2018'!D54+'SNA 02-2018'!D54+'SNA 03-2018'!D54+'SNA 04-2018'!D54+'SNA 05-2018'!D54+'SNA 06-2018'!D54+'SNA 07-2018'!D54+'SNA 08-2018'!D54+'SNA 09-2018'!D54+'SNA 10-2018'!D54+'SNA 11-2018'!D54+'SNA 12-2018'!D54 -> 0 | E54: =SUM(B54:D54) -> -947.5 | G54: ='SNA 01-2018'!G54+'SNA 02-2018'!G54+'SNA 03-2018'!G54+'SNA 04-2018'!G54+'SNA 05-2018'!G54+'SNA 06-2018'!G54+'SNA 07-2018'!G54+'SNA 08-2018'!G54+'SNA 09-2018'!G54+'SNA 10-2018'!G54+'SNA 11-2018'!G54+'SNA 12-2018'!G54 -> 0 | I54: ='SNA 01-2018'!I54+'SNA 02-2018'!I54+'SNA 03-2018'!I54+'SNA 04-2018'!I54+'SNA 05-2018'!I54+'SNA 06-2018'!I54+'SNA 07-2018'!I54+'SNA 08-2018'!I54+'SNA 09-2018'!I54+'SNA 10-2018'!I54+'SNA 11-2018'!I54+'SNA 12-2018'!I54 -> 0
A55: COMMISSION DE MODIFICATION | B55: ='SNA 01-2018'!B55+'SNA 02-2018'!B55+'SNA 03-2018'!B55+'SNA 04-2018'!B55+'SNA 05-2018'!B55+'SNA 06-2018'!B55+'SNA 07-2018'!B55+'SNA 08-2018'!B55+'SNA 09-2018'!B55+'SNA 10-2018'!B55+'SNA 11-2018'!B55+'SNA 12-2018'!B55 -> 0 | C55: ='SNA 01-2018'!C55+'SNA 02-2018'!C55+'SNA 03-2018'!C55+'SNA 04-2018'!C55+'SNA 05-2018'!C55+'SNA 06-2018'!C55+'SNA 07-2018'!C55+'SNA 08-2018'!C55+'SNA 09-2018'!C55+'SNA 10-2018'!C55+'SNA 11-2018'!C55+'SNA 12-2018'!C55 -> -30 | D55: ='SNA 01-2018'!D55+'SNA 02-2018'!D55+'SNA 03-2018'!D55+'SNA 04-2018'!D55+'SNA 05-2018'!D55+'SNA 06-2018'!D55+'SNA 07-2018'!D55+'SNA 08-2018'!D55+'SNA 09-2018'!D55+'SNA 10-2018'!D55+'SNA 11-2018'!D55+'SNA 12-2018'!D55 -> 0 | E55: =SUM(B55:D55) -> -30 | G55: ='SNA 01-2018'!G55+'SNA 02-2018'!G55+'SNA 03-2018'!G55+'SNA 04-2018'!G55+'SNA 05-2018'!G55+'SNA 06-2018'!G55+'SNA 07-2018'!G55+'SNA 08-2018'!G55+'SNA 09-2018'!G55+'SNA 10-2018'!G55+'SNA 11-2018'!G55+'SNA 12-2018'!G55 -> 0 | I55: ='SNA 01-2018'!I55+'SNA 02-2018'!I55+'SNA 03-2018'!I55+'SNA 04-2018'!I55+'SNA 05-2018'!I55+'SNA 06-2018'!I55+'SNA 07-2018'!I55+'SNA 08-2018'!I55+'SNA 09-2018'!I55+'SNA 10-2018'!I55+'SNA 11-2018'!I55+'SNA 12-2018'!I55 -> 0
A56: COMMISSION DE NOTIFICATION | B56: ='SNA 01-2018'!B56+'SNA 02-2018'!B56+'SNA 03-2018'!B56+'SNA 04-2018'!B56+'SNA 05-2018'!B56+'SNA 06-2018'!B56+'SNA 07-2018'!B56+'SNA 08-2018'!B56+'SNA 09-2018'!B56+'SNA 10-2018'!B56+'SNA 11-2018'!B56+'SNA 12-2018'!B56 -> -10 | C56: ='SNA 01-2018'!C56+'SNA 02-2018'!C56+'SNA 03-2018'!C56+'SNA 04-2018'!C56+'SNA 05-2018'!C56+'SNA 06-2018'!C56+'SNA 07-2018'!C56+'SNA 08-2018'!C56+'SNA 09-2018'!C56+'SNA 10-2018'!C56+'SNA 11-2018'!C56+'SNA 12-2018'!C56 -> -15 | D56: ='SNA 01-2018'!D56+'SNA 02-2018'!D56+'SNA 03-2018'!D56+'SNA 04-2018'!D56+'SNA 05-2018'!D56+'SNA 06-2018'!D56+'SNA 07-2018'!D56+'SNA 08-2018'!D56+'SNA 09-2018'!D56+'SNA 10-2018'!D56+'SNA 11-2018'!D56+'SNA 12-2018'!D56 -> 0 | E56: =SUM(B56:D56) -> -25 | G56: ='SNA 01-2018'!G56+'SNA 02-2018'!G56+'SNA 03-2018'!G56+'SNA 04-2018'!G56+'SNA 05-2018'!G56+'SNA 06-2018'!G56+'SNA 07-2018'!G56+'SNA 08-2018'!G56+'SNA 09-2018'!G56+'SNA 10-2018'!G56+'SNA 11-2018'!G56+'SNA 12-2018'!G56 -> 0 | I56: ='SNA 01-2018'!I56+'SNA 02-2018'!I56+'SNA 03-2018'!I56+'SNA 04-2018'!I56+'SNA 05-2018'!I56+'SNA 06-2018'!I56+'SNA 07-2018'!I56+'SNA 08-2018'!I56+'SNA 09-2018'!I56+'SNA 10-2018'!I56+'SNA 11-2018'!I56+'SNA 12-2018'!I56 -> 0
... A81: TVA | B81: ='SNA 01-2018'!B81+'SNA 02-2018'!B81+'SNA 03-2018'!B81+'SNA 04-2018'!B81+'SNA 05-2018'!B81+'SNA 06-2018'!B81+'SNA 07-2018'!B81+'SNA 08-2018'!B81+'SNA 09-2018'!B81+'SNA 10-2018'!B81+'SNA 11-2018'!B81+'SNA 12-2018'!B81 -> -29.45 | C81: ='SNA 01-2018'!C81+'SNA 02-2018'!C81+'SNA 03-2018'!C81+'SNA 04-2018'!C81+'SNA 05-2018'!C81+'SNA 06-2018'!C81+'SNA 07-2018'!C81+'SNA 08-2018'!C81+'SNA 09-2018'!C81+'SNA 10-2018'!C81+'SNA 11-2018'!C81+'SNA 12-2018'!C81 -> -925.039 | D81: ='SNA 01-2018'!D81+'SNA 02-2018'!D81+'SNA 03-2018'!D81+'SNA 04-2018'!D81+'SNA 05-2018'!D81+'SNA 06-2018'!D81+'SNA 07-2018'!D81+'SNA 08-2018'!D81+'SNA 09-2018'!D81+'SNA 10-2018'!D81+'SNA 11-2018'!D81+'SNA 12-2018'!D81 -> -1.11 | E81: =SUM(B81:D81) -> -955.599 | G81: ='SNA 01-2018'!G81+'SNA 02-2018'!G81+'SNA 03-2018'!G81+'SNA 04-2018'!G81+'SNA 05-2018'!G81+'SNA 06-2018'!G81+'SNA 07-2018'!G81+'SNA 08-2018'!G81+'SNA 09-2018'!G81+'SNA 10-2018'!G81+'SNA 11-2018'!G81+'SNA 12-2018'!G81 -> 0 | I81: ='SNA 01-2018'!I81+'SNA 02-2018'!I81+'SNA 03-2018'!I81+'SNA 04-2018'!I81+'SNA 05-2018'!I81+'SNA 06-2018'!I81+'SNA 07-2018'!I81+'SNA 08-2018'!I81+'SNA 09-2018'!I81+'SNA 10-2018'!I81+'SNA 11-2018'!I81+'SNA 12-2018'!I81 -> 0
A82: CHARGE PERSONNEL | B82: =SUM(B83:B86) -> 0 | C82: =SUM(C83:C86) -> -1690575.3 | D82: =SUM(D83:D86) -> 0 | E82: =SUM(B82:D82) -> -1690575.3 | G82: =SUM(G83:G86) -> 0 | I82: =SUM(I83:I86) -> 0
A83: AVANCE | B83: ='SNA 01-2018'!B83+'SNA 02-2018'!B83+'SNA 03-2018'!B83+'SNA 04-2018'!B83+'SNA 05-2018'!B83+'SNA 06-2018'!B83+'SNA 07-2018'!B83+'SNA 08-2018'!B83+'SNA 09-2018'!B83+'SNA 10-2018'!B83+'SNA 11-2018'!B83+'SNA 12-2018'!B83 -> 0 | C83: ='SNA 01-2018'!C83+'SNA 02-2018'!C83+'SNA 03-2018'!C83+'SNA 04-2018'!C83+'SNA 05-2018'!C83+'SNA 06-2018'!C83+'SNA 07-2018'!C83+'SNA 08-2018'!C83+'SNA 09-2018'!C83+'SNA 10-2018'!C83+'SNA 11-2018'!C83+'SNA 12-2018'!C83 -> -43678.811 | D83: ='SNA 01-2018'!D83+'SNA 02-2018'!D83+'SNA 03-2018'!D83+'SNA 04-2018'!D83+'SNA 05-2018'!D83+'SNA 06-2018'!D83+'SNA 07-2018'!D83+'SNA 08-2018'!D83+'SNA 09-2018'!D83+'SNA 10-2018'!D83+'SNA 11-2018'!D83+'SNA 12-2018'!D83 -> 0 | E83: =SUM(B83:D83) -> -43678.811 | G83: ='SNA 01-2018'!G83+'SNA 02-2018'!G83+'SNA 03-2018'!G83+'SNA 04-2018'!G83+'SNA 05-2018'!G83+'SNA 06-2018'!G83+'SNA 07-2018'!G83+'SNA 08-2018'!G83+'SNA 09-2018'!G83+'SNA 10-2018'!G83+'SNA 11-2018'!G83+'SNA 12-2018'!G83 -> 0 | I83: ='SNA 01-2018'!I83+'SNA 02-2018'!I83+'SNA 03-2018'!I83+'SNA 04-2018'!I83+'SNA 05-2018'!I83+'SNA 06-2018'!I83+'SNA 07-2018'!I83+'SNA 08-2018'!I83+'SNA 09-2018'!I83+'SNA 10-2018'!I83+'SNA 11-2018'!I83+'SNA 12-2018'!I83 -> 0
A84: PRÊT | B84: ='SNA 01-2018'!B84+'SNA 02-2018'!B84+'SNA 03-2018'!B84+'SNA 04-2018'!B84+'SNA 05-2018'!B84+'SNA 06-2018'!B84+'SNA 07-2018'!B84+'SNA 08-2018'!B84+'SNA 09-2018'!B84+'SNA 10-2018'!B84+'SNA 11-2018'!B84+'SNA 12-2018'!B84 -> 0 | C84: ='SNA 01-2018'!C84+'SNA 02-2018'!C84+'SNA 03-2018'!C84+'SNA 04-2018'!C84+'SNA 05-2018'!C84+'SNA 06-2018'!C84+'SNA 07-2018'!C84+'SNA 08-2018'!C84+'SNA 09-2018'!C84+'SNA 10-2018'!C84+'SNA 11-2018'!C84+'SNA 12-2018'!C84 -> -48081.159 | D84: ='SNA 01-2018'!D84+'SNA 02-2018'!D84+'SNA 03-2018'!D84+'SNA 04-2018'!D84+'SNA 05-2018'!D84+'SNA 06-2018'!D84+'SNA 07-2018'!D84+'SNA 08-2018'!D84+'SNA 09-2018'!D84+'SNA 10-2018'!D84+'SNA 11-2018'!D84+'SNA 12-2018'!D84 -> 0 | E84: =SUM(B84:D84) -> -48081.159 | G84: ='SNA 01-2018'!G84+'SNA 02-2018'!G84+'SNA 03-2018'!G84+'SNA 04-2018'!G84+'SNA 05-2018'!G84+'SNA 06-2018'!G84+'SNA 07-2018'!G84+'SNA 08-2018'!G84+'SNA 09-2018'!G84+'SNA 10-2018'!G84+'SNA 11-2018'!G84+'SNA 12-2018'!G84 -> 0 | I84: ='SNA 01-2018'!I84+'SNA 02-2018'!I84+'SNA 03-2018'!I84+'SNA 04-2018'!I84+'SNA 05-2018'!I84+'SNA 06-2018'!I84+'SNA 07-2018'!I84+'SNA 08-2018'!I84+'SNA 09-2018'!I84+'SNA 10-2018'!I84+'SNA 11-2018'!I84+'SNA 12-2018'!I84 -> 0
A85: SALAIRE | B85: ='SNA 01-2018'!B85+'SNA 02-2018'!B85+'SNA 03-2018'!B85+'SNA 04-2018'!B85+'SNA 05-2018'!B85+'SNA 06-2018'!B85+'SNA 07-2018'!B85+'SNA 08-2018'!B85+'SNA 09-2018'!B85+'SNA 10-2018'!B85+'SNA 11-2018'!B85+'SNA 12-2018'!B85 -> 0 | C85: ='SNA 01-2018'!C85+'SNA 02-2018'!C85+'SNA 03-2018'!C85+'SNA 04-2018'!C85+'SNA 05-2018'!C85+'SNA 06-2018'!C85+'SNA 07-2018'!C85+'SNA 08-2018'!C85+'SNA 09-2018'!C85+'SNA 10-2018'!C85+'SNA 11-2018'!C85+'SNA 12-2018'!C85 -> -1205308.1 | D85: ='SNA 01-2018'!D85+'SNA 02-2018'!D85+'SNA 03-2018'!D85+'SNA 04-2018'!D85+'SNA 05-2018'!D85+'SNA 06-2018'!D85+'SNA 07-2018'!D85+'SNA 08-2018'!D85+'SNA 09-2018'!D85+'SNA 10-2018'!D85+'SNA 11-2018'!D85+'SNA 12-2018'!D85 -> 0 | E85: =SUM(B85:D85) -> -1205308.1 | G85: ='SNA 01-2018'!G85+'SNA 02-2018'!G85+'SNA 03-2018'!G85+'SNA 04-2018'!G85+'SNA 05-2018'!G85+'SNA 06-2018'!G85+'SNA 07-2018'!G85+'SNA 08-2018'!G85+'SNA 09-2018'!G85+'SNA 10-2018'!G85+'SNA 11-2018'!G85+'SNA 12-2018'!G85 -> 0 | I85: ='SNA 01-2018'!I85+'SNA 02-2018'!I85+'SNA 03-2018'!I85+'SNA 04-2018'!I85+'SNA 05-2018'!I85+'SNA 06-2018'!I85+'SNA 07-2018'!I85+'SNA 08-2018'!I85+'SNA 09-2018'!I85+'SNA 10-2018'!I85+'SNA 11-2018'!I85+'SNA 12-2018'!I85 -> 0
A86: CNSS | B86: ='SNA 01-2018'!B86+'SNA 02-2018'!B86+'SNA 03-2018'!B86+'SNA 04-2018'!B86+'SNA 05-2018'!B86+'SNA 06-2018'!B86+'SNA 07-2018'!B86+'SNA 08-2018'!B86+'SNA 09-2018'!B86+'SNA 10-2018'!B86+'SNA 11-2018'!B86+'SNA 12-2018'!B86 -> 0 | C86: ='SNA 01-2018'!C86+'SNA 02-2018'!C86+'SNA 03-2018'!C86+'SNA 04-2018'!C86+'SNA 05-2018'!C86+'SNA 06-2018'!C86+'SNA 07-2018'!C86+'SNA 08-2018'!C86+'SNA 09-2018'!C86+'SNA 10-2018'!C86+'SNA 11-2018'!C86+'SNA 12-2018'!C86 -> -393507.21 | D86: ='SNA 01-2018'!D86+'SNA 02-2018'!D86+'SNA 03-2018'!D86+'SNA 04-2018'!D86+'SNA 05-2018'!D86+'SNA 06-2018'!D86+'SNA 07-2018'!D86+'SNA 08-2018'!D86+'SNA 09-2018'!D86+'SNA 10-2018'!D86+'SNA 11-2018'!D86+'SNA 12-2018'!D86 -> 0 | E86: =SUM(B86:D86) -> -393507.21 | G86: ='SNA 01-2018'!G86+'SNA 02-2018'!G86+'SNA 03-2018'!G86+'SNA 04-2018'!G86+'SNA 05-2018'!G86+'SNA 06-2018'!G86+'SNA 07-2018'!G86+'SNA 08-2018'!G86+'SNA 09-2018'!G86+'SNA 10-2018'!G86+'SNA 11-2018'!G86+'SNA 12-2018'!G86 -> 0 | I86: ='SNA 01-2018'!I86+'SNA 02-2018'!I86+'SNA 03-2018'!I86+'SNA 04-2018'!I86+'SNA 05-2018'!I86+'SNA 06-2018'!I86+'SNA 07-2018'!I86+'SNA 08-2018'!I86+'SNA 09-2018'!I86+'SNA 10-2018'!I86+'SNA 11-2018'!I86+'SNA 12-2018'!I86 -> 0
A87: SOCIETE DU GROUPE | B87: =SUM(B88:B94) -> 0 | C87: =SUM(C88:C94) -> -467197.59 | D87: =SUM(D88:D94) -> 0 | E87: =SUM(B87:D87) -> -467197.59 | G87: =SUM(G88:G94) -> 0 | I87: =SUM(I88:I94) -> 0
A88: DIVIDENDES | B88: ='SNA 01-2018'!B88+'SNA 02-2018'!B88+'SNA 03-2018'!B88+'SNA 04-2018'!B88+'SNA 05-2018'!B88+'SNA 06-2018'!B88+'SNA 07-2018'!B88+'SNA 08-2018'!B88+'SNA 09-2018'!B88+'SNA 10-2018'!B88+'SNA 11-2018'!B88+'SNA 12-2018'!B88 -> 0 | C88: ='SNA 01-2018'!C88+'SNA 02-2018'!C88+'SNA 03-2018'!C88+'SNA 04-2018'!C88+'SNA 05-2018'!C88+'SNA 06-2018'!C88+'SNA 07-2018'!C88+'SNA 08-2018'!C88+'SNA 09-2018'!C88+'SNA 10-2018'!C88+'SNA 11-2018'!C88+'SNA 12-2018'!C88 -> -21000 | D88: ='SNA 01-2018'!D88+'SNA 02-2018'!D88+'SNA 03-2018'!D88+'SNA 04-2018'!D88+'SNA 05-2018'!D88+'SNA 06-2018'!D88+'SNA 07-2018'!D88+'SNA 08-2018'!D88+'SNA 09-2018'!D88+'SNA 10-2018'!D88+'SNA 11-2018'!D88+'SNA 12-2018'!D88 -> 0 | E88: =SUM(B88:D88) -> -21000 | G88: ='SNA 01-2018'!G88+'SNA 02-2018'!G88+'SNA 03-2018'!G88+'SNA 04-2018'!G88+'SNA 05-2018'!G88+'SNA 06-2018'!G88+'SNA 07-2018'!G88+'SNA 08-2018'!G88+'SNA 09-2018'!G88+'SNA 10-2018'!G88+'SNA 11-2018'!G88+'SNA 12-2018'!G88 -> 0 | I88: ='SNA 01-2018'!I88+'SNA 02-2018'!I88+'SNA 03-2018'!I88+'SNA 04-2018'!I88+'SNA 05-2018'!I88+'SNA 06-2018'!I88+'SNA 07-2018'!I88+'SNA 08-2018'!I88+'SNA 09-2018'!I88+'SNA 10-2018'!I88+'SNA 11-2018'!I88+'SNA 12-2018'!I88 -> 0
A89: FONDERIE HNAYA | B89: ='SNA 01-2018'!B89+'SNA 02-2018'!B89+'SNA 03-2018'!B89+'SNA 04-2018'!B89+'SNA 05-2018'!B89+'SNA 06-2018'!B89+'SNA 07-2018'!B89+'SNA 08-2018'!B89+'SNA 09-2018'!B89+'SNA 10-2018'!B89+'SNA 11-2018'!B89+'SNA 12-2018'!B89 -> 0 | C89: ='SNA 01-2018'!C89+'SNA 02-2018'!C89+'SNA 03-2018'!C89+'SNA 04-2018'!C89+'SNA 05-2018'!C89+'SNA 06-2018'!C89+'SNA 07-2018'!C89+'SNA 08-2018'!C89+'SNA 09-2018'!C89+'SNA 10-2018'!C89+'SNA 11-2018'!C89+'SNA 12-2018'!C89 -> 500000 | D89: ='SNA 01-2018'!D89+'SNA 02-2018'!D89+'SNA 03-2018'!D89+'SNA 04-2018'!D89+'SNA 05-2018'!D89+'SNA 06-2018'!D89+'SNA 07-2018'!D89+'SNA 08-2018'!D89+'SNA 09-2018'!D89+'SNA 10-2018'!D89+'SNA 11-2018'!D89+'SNA 12-2018'!D89 -> 0 | E89: =SUM(B89:D89) -> 500000 | G89: ='SNA 01-2018'!G89+'SNA 02-2018'!G89+'SNA 03-2018'!G89+'SNA 04-2018'!G89+'SNA 05-2018'!G89+'SNA 06-2018'!G89+'SNA 07-2018'!G89+'SNA 08-2018'!G89+'SNA 09-2018'!G89+'SNA 10-2018'!G89+'SNA 11-2018'!G89+'SNA 12-2018'!G89 -> 0 | I89: ='SNA 01-2018'!I89+'SNA 02-2018'!I89+'SNA 03-2018'!I89+'SNA 04-2018'!I89+'SNA 05-2018'!I89+'SNA 06-2018'!I89+'SNA 07-2018'!I89+'SNA 08-2018'!I89+'SNA 09-2018'!I89+'SNA 10-2018'!I89+'SNA 11-2018'!I89+'SNA 12-2018'!I89 -> 0
A90: ALPHA MEDIA | B90: ='SNA 01-2018'!B90+'SNA 02-2018'!B90+'SNA 03-2018'!B90+'SNA 04-2018'!B90+'SNA 05-2018'!B90+'SNA 06-2018'!B90+'SNA 07-2018'!B90+'SNA 08-2018'!B90+'SNA 09-2018'!B90+'SNA 10-2018'!B90+'SNA 11-2018'!B90+'SNA 12-2018'!B90 -> 0 | C90: ='SNA 01-2018'!C90+'SNA 02-2018'!C90+'SNA 03-2018'!C90+'SNA 04-2018'!C90+'SNA 05-2018'!C90+'SNA 06-2018'!C90+'SNA 07-2018'!C90+'SNA 08-2018'!C90+'SNA 09-2018'!C90+'SNA 10-2018'!C90+'SNA 11-2018'!C90+'SNA 12-2018'!C90 -> -60000 | D90: ='SNA 01-2018'!D90+'SNA 02-2018'!D90+'SNA 03-2018'!D90+'SNA 04-2018'!D90+'SNA 05-2018'!D90+'SNA 06-2018'!D90+'SNA 07-2018'!D90+'SNA 08-2018'!D90+'SNA 09-2018'!D90+'SNA 10-2018'!D90+'SNA 11-2018'!D90+'SNA 12-2018'!D90 -> 0 | E90: =SUM(B90:D90) -> -60000 | G90: ='SNA 01-2018'!G90+'SNA 02-2018'!G90+'SNA 03-2018'!G90+'SNA 04-2018'!G90+'SNA 05-2018'!G90+'SNA 06-2018'!G90+'SNA 07-2018'!G90+'SNA 08-2018'!G90+'SNA 09-2018'!G90+'SNA 10-2018'!G90+'SNA 11-2018'!G90+'SNA 12-2018'!G90 -> 0 | I90: ='SNA 01-2018'!I90+'SNA 02-2018'!I90+'SNA 03-2018'!I90+'SNA 04-2018'!I90+'SNA 05-2018'!I90+'SNA 06-2018'!I90+'SNA 07-2018'!I90+'SNA 08-2018'!I90+'SNA 09-2018'!I90+'SNA 10-2018'!I90+'SNA 11-2018'!I90+'SNA 12-2018'!I90 -> 0
A91: NOUR HEMP | B91: ='SNA 01-2018'!B91+'SNA 02-2018'!B91+'SNA 03-2018'!B91+'SNA 04-2018'!B91+'SNA 05-2018'!B91+'SNA 06-2018'!B91+'SNA 07-2018'!B91+'SNA 08-2018'!B91+'SNA 09-2018'!B91+'SNA 10-2018'!B91+'SNA 11-2018'!B91+'SNA 12-2018'!B91 -> 0 | C91: ='SNA 01-2018'!C91+'SNA 02-2018'!C91+'SNA 03-2018'!C91+'SNA 04-2018'!C91+'SNA 05-2018'!C91+'SNA 06-2018'!C91+'SNA 07-2018'!C91+'SNA 08-2018'!C91+'SNA 09-2018'!C91+'SNA 10-2018'!C91+'SNA 11-2018'!C91+'SNA 12-2018'!C91 -> -200000 | D91: ='SNA 01-2018'!D91+'SNA 02-2018'!D91+'SNA 03-2018'!D91+'SNA 04-2018'!D91+'SNA 05-2018'!D91+'SNA 06-2018'!D91+'SNA 07-2018'!D91+'SNA 08-2018'!D91+'SNA 09-2018'!D91+'SNA 10-2018'!D91+'SNA 11-2018'!D91+'SNA 12-2018'!D91 -> 0 | E91: =SUM(B91:D91) -> -200000 | G91: ='SNA 01-2018'!G91+'SNA 02-2018'!G91+'SNA 03-2018'!G91+'SNA 04-2018'!G91+'SNA 05-2018'!G91+'SNA 06-2018'!G91+'SNA 07-2018'!G91+'SNA 08-2018'!G91+'SNA 09-2018'!G91+'SNA 10-2018'!G91+'SNA 11-2018'!G91+'SNA 12-2018'!G91 -> 0 | I91: ='SNA 01-2018'!I91+'SNA 02-2018'!I91+'SNA 03-2018'!I91+'SNA 04-2018'!I91+'SNA 05-2018'!I91+'SNA 06-2018'!I91+'SNA 07-2018'!I91+'SNA 08-2018'!I91+'SNA 09-2018'!I91+'SNA 10-2018'!I91+'SNA 11-2018'!I91+'SNA 12-2018'!I91 -> 0
A92: PHENICIA | B92: ='SNA 01-2018'!B92+'SNA 02-2018'!B92+'SNA 03-2018'!B92+'SNA 04-2018'!B92+'SNA 05-2018'!B92+'SNA 06-2018'!B92+'SNA 07-2018'!B92+'SNA 08-2018'!B92+'SNA 09-2018'!B92+'SNA 10-2018'!B92+'SNA 11-2018'!B92+'SNA 12-2018'!B92 -> 0 | C92: ='SNA 01-2018'!C92+'SNA 02-2018'!C92+'SNA 03-2018'!C92+'SNA 04-2018'!C92+'SNA 05-2018'!C92+'SNA 06-2018'!C92+'SNA 07-2018'!C92+'SNA 08-2018'!C92+'SNA 09-2018'!C92+'SNA 10-2018'!C92+'SNA 11-2018'!C92+'SNA 12-2018'!C92 -> 0 | D92: ='SNA 01-2018'!D92+'SNA 02-2018'!D92+'SNA 03-2018'!D92+'SNA 04-2018'!D92+'SNA 05-2018'!D92+'SNA 06-2018'!D92+'SNA 07-2018'!D92+'SNA 08-2018'!D92+'SNA 09-2018'!D92+'SNA 10-2018'!D92+'SNA 11-2018'!D92+'SNA 12-2018'!D92 -> 0 | E92: =SUM(B92:D92) -> 0 | G92: ='SNA 01-2018'!G92+'SNA 02-2018'!G92+'SNA 03-2018'!G92+'SNA 04-2018'!G92+'SNA 05-2018'!G92+'SNA 06-2018'!G92+'SNA 07-2018'!G92+'SNA 08-2018'!G92+'SNA 09-2018'!G92+'SNA 10-2018'!G92+'SNA 11-2018'!G92+'SNA 12-2018'!G92 -> 0 | I92: ='SNA 01-2018'!I92+'SNA 02-2018'!I92+'SNA 03-2018'!I92+'SNA 04-2018'!I92+'SNA 05-2018'!I92+'SNA 06-2018'!I92+'SNA 07-2018'!I92+'SNA 08-2018'!I92+'SNA 09-2018'!I92+'SNA 10-2018'!I92+'SNA 11-2018'!I92+'SNA 12-2018'!I92 -> 0
A93: STA NOUR | B93: ='SNA 01-2018'!B93+'SNA 02-2018'!B93+'SNA 03-2018'!B93+'SNA 04-2018'!B93+'SNA 05-2018'!B93+'SNA 06-2018'!B93+'SNA 07-2018'!B93+'SNA 08-2018'!B93+'SNA 09-2018'!B93+'SNA 10-2018'!B93+'SNA 11-2018'!B93+'SNA 12-2018'!B93 -> 0 | C93: ='SNA 01-2018'!C93+'SNA 02-2018'!C93+'SNA 03-2018'!C93+'SNA 04-2018'!C93+'SNA 05-2018'!C93+'SNA 06-2018'!C93+'SNA 07-2018'!C93+'SNA 08-2018'!C93+'SNA 09-2018'!C93+'SNA 10-2018'!C93+'SNA 11-2018'!C93+'SNA 12-2018'!C93 -> 882.55 | D93: ='SNA 01-2018'!D93+'SNA 02-2018'!D93+'SNA 03-2018'!D93+'SNA 04-2018'!D93+'SNA 05-2018'!D93+'SNA 06-2018'!D93+'SNA 07-2018'!D93+'SNA 08-2018'!D93+'SNA 09-2018'!D93+'SNA 10-2018'!D93+'SNA 11-2018'!D93+'SNA 12-2018'!D93 -> 0 | E93: =SUM(B93:D93) -> 882.55 | G93: ='SNA 01-2018'!G93+'SNA 02-2018'!G93+'SNA 03-2018'!G93+'SNA 04-2018'!G93+'SNA 05-2018'!G93+'SNA 06-2018'!G93+'SNA 07-2018'!G93+'SNA 08-2018'!G93+'SNA 09-2018'!G93+'SNA 10-2018'!G93+'SNA 11-2018'!G93+'SNA 12-2018'!G93 -> 0 | I93: ='SNA 01-2018'!I93+'SNA 02-2018'!I93+'SNA 03-2018'!I93+'SNA 04-2018'!I93+'SNA 05-2018'!I93+'SNA 06-2018'!I93+'SNA 07-2018'!I93+'SNA 08-2018'!I93+'SNA 09-2018'!I93+'SNA 10-2018'!I93+'SNA 11-2018'!I93+'SNA 12-2018'!I93 -> 0
A94: TIP | B94: ='SNA 01-2018'!B94+'SNA 02-2018'!B94+'SNA 03-2018'!B94+'SNA 04-2018'!B94+'SNA 05-2018'!B94+'SNA 06-2018'!B94+'SNA 07-2018'!B94+'SNA 08-2018'!B94+'SNA 09-2018'!B94+'SNA 10-2018'!B94+'SNA 11-2018'!B94+'SNA 12-2018'!B94 -> 0 | C94: ='SNA 01-2018'!C94+'SNA 02-2018'!C94+'SNA 03-2018'!C94+'SNA 04-2018'!C94+'SNA 05-2018'!C94+'SNA 06-2018'!C94+'SNA 07-2018'!C94+'SNA 08-2018'!C94+'SNA 09-2018'!C94+'SNA 10-2018'!C94+'SNA 11-2018'!C94+'SNA 12-2018'!C94 -> -687080.14 | D94: ='SNA 01-2018'!D94+'SNA 02-2018'!D94+'SNA 03-2018'!D94+'SNA 04-2018'!D94+'SNA 05-2018'!D94+'SNA 06-2018'!D94+'SNA 07-2018'!D94+'SNA 08-2018'!D94+'SNA 09-2018'!D94+'SNA 10-2018'!D94+'SNA 11-2018'!D94+'SNA 12-2018'!D94 -> 0 | E94: =SUM(B94:D94) -> -687080.14 | G94: ='SNA 01-2018'!G94+'SNA 02-2018'!G94+'SNA 03-2018'!G94+'SNA 04-2018'!G94+'SNA 05-2018'!G94+'SNA 06-2018'!G94+'SNA 07-2018'!G94+'SNA 08-2018'!G94+'SNA 09-2018'!G94+'SNA 10-2018'!G94+'SNA 11-2018'!G94+'SNA 12-2018'!G94 -> 0 | I94: ='SNA 01-2018'!I94+'SNA 02-2018'!I94+'SNA 03-2018'!I94+'SNA 04-2018'!I94+'SNA 05-2018'!I94+'SNA 06-2018'!I94+'SNA 07-2018'!I94+'SNA 08-2018'!I94+'SNA 09-2018'!I94+'SNA 10-2018'!I94+'SNA 11-2018'!I94+'SNA 12-2018'!I94 -> 0
A95: FOURNISSEURS ETRANGER | B95: =SUM(B96:B114) -> 0 | C95: =SUM(C96:C114) -> -3460972.7 | D95: =SUM(D96:D114) -> 0 | E95: =SUM(B95:D95) -> -3460972.7 | G95: =SUM(G96:G114) -> -2120940.6 | I95: =SUM(I96:I114) -> 0
A96: ACCUMA | B96: ='SNA 01-2018'!B96+'SNA 02-2018'!B96+'SNA 03-2018'!B96+'SNA 04-2018'!B96+'SNA 05-2018'!B96+'SNA 06-2018'!B96+'SNA 07-2018'!B96+'SNA 08-2018'!B96+'SNA 09-2018'!B96+'SNA 10-2018'!B96+'SNA 11-2018'!B96+'SNA 12-2018'!B96 -> 0 | C96: ='SNA 01-2018'!C96+'SNA 02-2018'!C96+'SNA 03-2018'!C96+'SNA 04-2018'!C96+'SNA 05-2018'!C96+'SNA 06-2018'!C96+'SNA 07-2018'!C96+'SNA 08-2018'!C96+'SNA 09-2018'!C96+'SNA 10-2018'!C96+'SNA 11-2018'!C96+'SNA 12-2018'!C96 -> -56467.136 | D96: ='SNA 01-2018'!D96+'SNA 02-2018'!D96+'SNA 03-2018'!D96+'SNA 04-2018'!D96+'SNA 05-2018'!D96+'SNA 06-2018'!D96+'SNA 07-2018'!D96+'SNA 08-2018'!D96+'SNA 09-2018'!D96+'SNA 10-2018'!D96+'SNA 11-2018'!D96+'SNA 12-2018'!D96 -> 0 | E96: =SUM(B96:D96) -> -56467.136 | G96: ='SNA 01-2018'!G96+'SNA 02-2018'!G96+'SNA 03-2018'!G96+'SNA 04-2018'!G96+'SNA 05-2018'!G96+'SNA 06-2018'!G96+'SNA 07-2018'!G96+'SNA 08-2018'!G96+'SNA 09-2018'!G96+'SNA 10-2018'!G96+'SNA 11-2018'!G96+'SNA 12-2018'!G96 -> -644239.7 | I96: ='SNA 01-2018'!I96+'SNA 02-2018'!I96+'SNA 03-2018'!I96+'SNA 04-2018'!I96+'SNA 05-2018'!I96+'SNA 06-2018'!I96+'SNA 07-2018'!I96+'SNA 08-2018'!I96+'SNA 09-2018'!I96+'SNA 10-2018'!I96+'SNA 11-2018'!I96+'SNA 12-2018'!I96 -> 0
A97: AKUMSAN | B97: ='SNA 01-2018'!B97+'SNA 02-2018'!B97+'SNA 03-2018'!B97+'SNA 04-2018'!B97+'SNA 05-2018'!B97+'SNA 06-2018'!B97+'SNA 07-2018'!B97+'SNA 08-2018'!B97+'SNA 09-2018'!B97+'SNA 10-2018'!B97+'SNA 11-2018'!B97+'SNA 12-2018'!B97 -> 0 | C97: ='SNA 01-2018'!C97+'SNA 02-2018'!C97+'SNA 03-2018'!C97+'SNA 04-2018'!C97+'SNA 05-2018'!C97+'SNA 06-2018'!C97+'SNA 07-2018'!C97+'SNA 08-2018'!C97+'SNA 09-2018'!C97+'SNA 10-2018'!C97+'SNA 11-2018'!C97+'SNA 12-2018'!C97 -> 0 | D97: ='SNA 01-2018'!D97+'SNA 02-2018'!D97+'SNA 03-2018'!D97+'SNA 04-2018'!D97+'SNA 05-2018'!D97+'SNA 06-2018'!D97+'SNA 07-2018'!D97+'SNA 08-2018'!D97+'SNA 09-2018'!D97+'SNA 10-2018'!D97+'SNA 11-2018'!D97+'SNA 12-2018'!D97 -> 0 | E97: =SUM(B97:D97) -> 0 | G97: ='SNA 01-2018'!G97+'SNA 02-2018'!G97+'SNA 03-2018'!G97+'SNA 04-2018'!G97+'SNA 05-2018'!G97+'SNA 06-2018'!G97+'SNA 07-2018'!G97+'SNA 08-2018'!G97+'SNA 09-2018'!G97+'SNA 10-2018'!G97+'SNA 11-2018'!G97+'SNA 12-2018'!G97 -> -17182.36 | I97: ='SNA 01-2018'!I97+'SNA 02-2018'!I97+'SNA 03-2018'!I97+'SNA 04-2018'!I97+'SNA 05-2018'!I97+'SNA 06-2018'!I97+'SNA 07-2018'!I97+'SNA 08-2018'!I97+'SNA 09-2018'!I97+'SNA 10-2018'!I97+'SNA 11-2018'!I97+'SNA 12-2018'!I97 -> 0
A98: BIASIN | B98: ='SNA 01-2018'!B98+'SNA 02-2018'!B98+'SNA 03-2018'!B98+'SNA 04-2018'!B98+'SNA 05-2018'!B98+'SNA 06-2018'!B98+'SNA 07-2018'!B98+'SNA 08-2018'!B98+'SNA 09-2018'!B98+'SNA 10-2018'!B98+'SNA 11-2018'!B98+'SNA 12-2018'!B98 -> 0 | C98: ='SNA 01-2018'!C98+'SNA 02-2018'!C98+'SNA 03-2018'!C98+'SNA 04-2018'!C98+'SNA 05-2018'!C98+'SNA 06-2018'!C98+'SNA 07-2018'!C98+'SNA 08-2018'!C98+'SNA 09-2018'!C98+'SNA 10-2018'!C98+'SNA 11-2018'!C98+'SNA 12-2018'!C98 -> 0 | D98: ='SNA 01-2018'!D98+'SNA 02-2018'!D98+'SNA 03-2018'!D98+'SNA 04-2018'!D98+'SNA 05-2018'!D98+'SNA 06-2018'!D98+'SNA 07-2018'!D98+'SNA 08-2018'!D98+'SNA 09-2018'!D98+'SNA 10-2018'!D98+'SNA 11-2018'!D98+'SNA 12-2018'!D98 -> 0 | E98: =SUM(B98:D98) -> 0 | G98: ='SNA 01-2018'!G98+'SNA 02-2018'!G98+'SNA 03-2018'!G98+'SNA 04-2018'!G98+'SNA 05-2018'!G98+'SNA 06-2018'!G98+'SNA 07-2018'!G98+'SNA 08-2018'!G98+'SNA 09-2018'!G98+'SNA 10-2018'!G98+'SNA 11-2018'!G98+'SNA 12-2018'!G98 -> -5957.21 | I98: ='SNA 01-2018'!I98+'SNA 02-2018'!I98+'SNA 03-2018'!I98+'SNA 04-2018'!I98+'SNA 05-2018'!I98+'SNA 06-2018'!I98+'SNA 07-2018'!I98+'SNA 08-2018'!I98+'SNA 09-2018'!I98+'SNA 10-2018'!I98+'SNA 11-2018'!I98+'SNA 12-2018'!I98 -> 0
A99: NIZI | B99: ='SNA 01-2018'!B99+'SNA 02-2018'!B99+'SNA 03-2018'!B99+'SNA 04-2018'!B99+'SNA 05-2018'!B99+'SNA 06-2018'!B99+'SNA 07-2018'!B99+'SNA 08-2018'!B99+'SNA 09-2018'!B99+'SNA 10-2018'!B99+'SNA 11-2018'!B99+'SNA 12-2018'!B99 -> 0 | C99: ='SNA 01-2018'!C99+'SNA 02-2018'!C99+'SNA 03-2018'!C99+'SNA 04-2018'!C99+'SNA 05-2018'!C99+'SNA 06-2018'!C99+'SNA 07-2018'!C99+'SNA 08-2018'!C99+'SNA 09-2018'!C99+'SNA 10-2018'!C99+'SNA 11-2018'!C99+'SNA 12-2018'!C99 -> 0 | D99: ='SNA 01-2018'!D99+'SNA 02-2018'!D99+'SNA 03-2018'!D99+'SNA 04-2018'!D99+'SNA 05-2018'!D99+'SNA 06-2018'!D99+'SNA 07-2018'!D99+'SNA 08-2018'!D99+'SNA 09-2018'!D99+'SNA 10-2018'!D99+'SNA 11-2018'!D99+'SNA 12-2018'!D99 -> 0 | E99: =SUM(B99:D99) -> 0 | G99: ='SNA 01-2018'!G99+'SNA 02-2018'!G99+'SNA 03-2018'!G99+'SNA 04-2018'!G99+'SNA 05-2018'!G99+'SNA 06-2018'!G99+'SNA 07-2018'!G99+'SNA 08-2018'!G99+'SNA 09-2018'!G99+'SNA 10-2018'!G99+'SNA 11-2018'!G99+'SNA 12-2018'!G99 -> -64738.4 | I99: ='SNA 01-2018'!I99+'SNA 02-2018'!I99+'SNA 03-2018'!I99+'SNA 04-2018'!I99+'SNA 05-2018'!I99+'SNA 06-2018'!I99+'SNA 07-2018'!I99+'SNA 08-2018'!I99+'SNA 09-2018'!I99+'SNA 10-2018'!I99+'SNA 11-2018'!I99+'SNA 12-2018'!I99 -> 0
A100: DARAMIC | B100: ='SNA 01-2018'!B100+'SNA 02-2018'!B100+'SNA 03-2018'!B100+'SNA 04-2018'!B100+'SNA 05-2018'!B100+'SNA 06-2018'!B100+'SNA 07-2018'!B100+'SNA 08-2018'!B100+'SNA 09-2018'!B100+'SNA 10-2018'!B100+'SNA 11-2018'!B100+'SNA 12-2018'!B100 -> 0 | C100: ='SNA 01-2018'!C100+'SNA 02-2018'!C100+'SNA 03-2018'!C100+'SNA 04-2018'!C100+'SNA 05-2018'!C100+'SNA 06-2018'!C100+'SNA 07-2018'!C100+'SNA 08-2018'!C100+'SNA 09-2018'!C100+'SNA 10-2018'!C100+'SNA 11-2018'!C100+'SNA 12-2018'!C100 -> 0 | D100: ='SNA 01-2018'!D100+'SNA 02-2018'!D100+'SNA 03-2018'!D100+'SNA 04-2018'!D100+'SNA 05-2018'!D100+'SNA 06-2018'!D100+'SNA 07-2018'!D100+'SNA 08-2018'!D100+'SNA 09-2018'!D100+'SNA 10-2018'!D100+'SNA 11-2018'!D100+'SNA 12-2018'!D100 -> 0 | E100: =SUM(B100:D100) -> 0 | G100: ='SNA 01-2018'!G100+'SNA 02-2018'!G100+'SNA 03-2018'!G100+'SNA 04-2018'!G100+'SNA 05-2018'!G100+'SNA 06-2018'!G100+'SNA 07-2018'!G100+'SNA 08-2018'!G100+'SNA 09-2018'!G100+'SNA 10-2018'!G100+'SNA 11-2018'!G100+'SNA 12-2018'!G100 -> -188140.45 | I100: ='SNA 01-2018'!I100+'SNA 02-2018'!I100+'SNA 03-2018'!I100+'SNA 04-2018'!I100+'SNA 05-2018'!I100+'SNA 06-2018'!I100+'SNA 07-2018'!I100+'SNA 08-2018'!I100+'SNA 09-2018'!I100+'SNA 10-2018'!I100+'SNA 11-2018'!I100+'SNA 12-2018'!I100 -> 0
A101: GLATFELTER | B101: ='SNA 01-2018'!B101+'SNA 02-2018'!B101+'SNA 03-2018'!B101+'SNA 04-2018'!B101+'SNA 05-2018'!B101+'SNA 06-2018'!B101+'SNA 07-2018'!B101+'SNA 08-2018'!B101+'SNA 09-2018'!B101+'SNA 10-2018'!B101+'SNA 11-2018'!B101+'SNA 12-2018'!B101 -> 0 | C101: ='SNA 01-2018'!C101+'SNA 02-2018'!C101+'SNA 03-2018'!C101+'SNA 04-2018'!C101+'SNA 05-2018'!C101+'SNA 06-2018'!C101+'SNA 07-2018'!C101+'SNA 08-2018'!C101+'SNA 09-2018'!C101+'SNA 10-2018'!C101+'SNA 11-2018'!C101+'SNA 12-2018'!C101 -> 0 | D101: ='SNA 01-2018'!D101+'SNA 02-2018'!D101+'SNA 03-2018'!D101+'SNA 04-2018'!D101+'SNA 05-2018'!D101+'SNA 06-2018'!D101+'SNA 07-2018'!D101+'SNA 08-2018'!D101+'SNA 09-2018'!D101+'SNA 10-2018'!D101+'SNA 11-2018'!D101+'SNA 12-2018'!D101 -> 0 | E101: =SUM(B101:D101) -> 0 | G101: ='SNA 01-2018'!G101+'SNA 02-2018'!G101+'SNA 03-2018'!G101+'SNA 04-2018'!G101+'SNA 05-2018'!G101+'SNA 06-2018'!G101+'SNA 07-2018'!G101+'SNA 08-2018'!G101+'SNA 09-2018'!G101+'SNA 10-2018'!G101+'SNA 11-2018'!G101+'SNA 12-2018'!G101 -> -35049.49 | I101: ='SNA 01-2018'!I101+'SNA 02-2018'!I101+'SNA 03-2018'!I101+'SNA 04-2018'!I101+'SNA 05-2018'!I101+'SNA 06-2018'!I101+'SNA 07-2018'!I101+'SNA 08-2018'!I101+'SNA 09-2018'!I101+'SNA 10-2018'!I101+'SNA 11-2018'!I101+'SNA 12-2018'!I101 -> 0
A102: GOONVEAN | B102: ='SNA 01-2018'!B102+'SNA 02-2018'!B102+'SNA 03-2018'!B102+'SNA 04-2018'!B102+'SNA 05-2018'!B102+'SNA 06-2018'!B102+'SNA 07-2018'!B102+'SNA 08-2018'!B102+'SNA 09-2018'!B102+'SNA 10-2018'!B102+'SNA 11-2018'!B102+'SNA 12-2018'!B102 -> 0 | C102: ='SNA 01-2018'!C102+'SNA 02-2018'!C102+'SNA 03-2018'!C102+'SNA 04-2018'!C102+'SNA 05-2018'!C102+'SNA 06-2018'!C102+'SNA 07-2018'!C102+'SNA 08-2018'!C102+'SNA 09-2018'!C102+'SNA 10-2018'!C102+'SNA 11-2018'!C102+'SNA 12-2018'!C102 -> 0 | D102: ='SNA 01-2018'!D102+'SNA 02-2018'!D102+'SNA 03-2018'!D102+'SNA 04-2018'!D102+'SNA 05-2018'!D102+'SNA 06-2018'!D102+'SNA 07-2018'!D102+'SNA 08-2018'!D102+'SNA 09-2018'!D102+'SNA 10-2018'!D102+'SNA 11-2018'!D102+'SNA 12-2018'!D102 -> 0 | E102: =SUM(B102:D102) -> 0 | G102: ='SNA 01-2018'!G102+'SNA 02-2018'!G102+'SNA 03-2018'!G102+'SNA 04-2018'!G102+'SNA 05-2018'!G102+'SNA 06-2018'!G102+'SNA 07-2018'!G102+'SNA 08-2018'!G102+'SNA 09-2018'!G102+'SNA 10-2018'!G102+'SNA 11-2018'!G102+'SNA 12-2018'!G102 -> -4513.64 | I102: ='SNA 01-2018'!I102+'SNA 02-2018'!I102+'SNA 03-2018'!I102+'SNA 04-2018'!I102+'SNA 05-2018'!I102+'SNA 06-2018'!I102+'SNA 07-2018'!I102+'SNA 08-2018'!I102+'SNA 09-2018'!I102+'SNA 10-2018'!I102+'SNA 11-2018'!I102+'SNA 12-2018'!I102 -> 0
A103: HB FULLER | B103: ='SNA 01-2018'!B103+'SNA 02-2018'!B103+'SNA 03-2018'!B103+'SNA 04-2018'!B103+'SNA 05-2018'!B103+'SNA 06-2018'!B103+'SNA 07-2018'!B103+'SNA 08-2018'!B103+'SNA 09-2018'!B103+'SNA 10-2018'!B103+'SNA 11-2018'!B103+'SNA 12-2018'!B103 -> 0 | C103: ='SNA 01-2018'!C103+'SNA 02-2018'!C103+'SNA 03-2018'!C103+'SNA 04-2018'!C103+'SNA 05-2018'!C103+'SNA 06-2018'!C103+'SNA 07-2018'!C103+'SNA 08-2018'!C103+'SNA 09-2018'!C103+'SNA 10-2018'!C103+'SNA 11-2018'!C103+'SNA 12-2018'!C103 -> 0 | D103: ='SNA 01-2018'!D103+'SNA 02-2018'!D103+'SNA 03-2018'!D103+'SNA 04-2018'!D103+'SNA 05-2018'!D103+'SNA 06-2018'!D103+'SNA 07-2018'!D103+'SNA 08-2018'!D103+'SNA 09-2018'!D103+'SNA 10-2018'!D103+'SNA 11-2018'!D103+'SNA 12-2018'!D103 -> 0 | E103: =SUM(B103:D103) -> 0 | G103: ='SNA 01-2018'!G103+'SNA 02-2018'!G103+'SNA 03-2018'!G103+'SNA 04-2018'!G103+'SNA 05-2018'!G103+'SNA 06-2018'!G103+'SNA 07-2018'!G103+'SNA 08-2018'!G103+'SNA 09-2018'!G103+'SNA 10-2018'!G103+'SNA 11-2018'!G103+'SNA 12-2018'!G103 -> -13641.8 | I103: ='SNA 01-2018'!I103+'SNA 02-2018'!I103+'SNA 03-2018'!I103+'SNA 04-2018'!I103+'SNA 05-2018'!I103+'SNA 06-2018'!I103+'SNA 07-2018'!I103+'SNA 08-2018'!I103+'SNA 09-2018'!I103+'SNA 10-2018'!I103+'SNA 11-2018'!I103+'SNA 12-2018'!I103 -> 0
A104: JIANGHSU | B104: ='SNA 01-2018'!B104+'SNA 02-2018'!B104+'SNA 03-2018'!B104+'SNA 04-2018'!B104+'SNA 05-2018'!B104+'SNA 06-2018'!B104+'SNA 07-2018'!B104+'SNA 08-2018'!B104+'SNA 09-2018'!B104+'SNA 10-2018'!B104+'SNA 11-2018'!B104+'SNA 12-2018'!B104 -> 0 | C104: ='SNA 01-2018'!C104+'SNA 02-2018'!C104+'SNA 03-2018'!C104+'SNA 04-2018'!C104+'SNA 05-2018'!C104+'SNA 06-2018'!C104+'SNA 07-2018'!C104+'SNA 08-2018'!C104+'SNA 09-2018'!C104+'SNA 10-2018'!C104+'SNA 11-2018'!C104+'SNA 12-2018'!C104 -> -3404505.6 | D104: ='SNA 01-2018'!D104+'SNA 02-2018'!D104+'SNA 03-2018'!D104+'SNA 04-2018'!D104+'SNA 05-2018'!D104+'SNA 06-2018'!D104+'SNA 07-2018'!D104+'SNA 08-2018'!D104+'SNA 09-2018'!D104+'SNA 10-2018'!D104+'SNA 11-2018'!D104+'SNA 12-2018'!D104 -> 0 | E104: =SUM(B104:D104) -> -3404505.6 | G104: ='SNA 01-2018'!G104+'SNA 02-2018'!G104+'SNA 03-2018'!G104+'SNA 04-2018'!G104+'SNA 05-2018'!G104+'SNA 06-2018'!G104+'SNA 07-2018'!G104+'SNA 08-2018'!G104+'SNA 09-2018'!G104+'SNA 10-2018'!G104+'SNA 11-2018'!G104+'SNA 12-2018'!G104 -> -157453.23 | I104: ='SNA 01-2018'!I104+'SNA 02-2018'!I104+'SNA 03-2018'!I104+'SNA 04-2018'!I104+'SNA 05-2018'!I104+'SNA 06-2018'!I104+'SNA 07-2018'!I104+'SNA 08-2018'!I104+'SNA 09-2018'!I104+'SNA 10-2018'!I104+'SNA 11-2018'!I104+'SNA 12-2018'!I104 -> 0
A105: POWER CON | B105: ='SNA 01-2018'!B105+'SNA 02-2018'!B105+'SNA 03-2018'!B105+'SNA 04-2018'!B105+'SNA 05-2018'!B105+'SNA 06-2018'!B105+'SNA 07-2018'!B105+'SNA 08-2018'!B105+'SNA 09-2018'!B105+'SNA 10-2018'!B105+'SNA 11-2018'!B105+'SNA 12-2018'!B105 -> 0 | C105: ='SNA 01-2018'!C105+'SNA 02-2018'!C105+'SNA 03-2018'!C105+'SNA 04-2018'!C105+'SNA 05-2018'!C105+'SNA 06-2018'!C105+'SNA 07-2018'!C105+'SNA 08-2018'!C105+'SNA 09-2018'!C105+'SNA 10-2018'!C105+'SNA 11-2018'!C105+'SNA 12-2018'!C105 -> 0 | D105: ='SNA 01-2018'!D105+'SNA 02-2018'!D105+'SNA 03-2018'!D105+'SNA 04-2018'!D105+'SNA 05-2018'!D105+'SNA 06-2018'!D105+'SNA 07-2018'!D105+'SNA 08-2018'!D105+'SNA 09-2018'!D105+'SNA 10-2018'!D105+'SNA 11-2018'!D105+'SNA 12-2018'!D105 -> 0 | E105: =SUM(B105:D105) -> 0 | G105: ='SNA 01-2018'!G105+'SNA 02-2018'!G105+'SNA 03-2018'!G105+'SNA 04-2018'!G105+'SNA 05-2018'!G105+'SNA 06-2018'!G105+'SNA 07-2018'!G105+'SNA 08-2018'!G105+'SNA 09-2018'!G105+'SNA 10-2018'!G105+'SNA 11-2018'!G105+'SNA 12-2018'!G105 -> -5705.1 | I105: ='SNA 01-2018'!I105+'SNA 02-2018'!I105+'SNA 03-2018'!I105+'SNA 04-2018'!I105+'SNA 05-2018'!I105+'SNA 06-2018'!I105+'SNA 07-2018'!I105+'SNA 08-2018'!I105+'SNA 09-2018'!I105+'SNA 10-2018'!I105+'SNA 11-2018'!I105+'SNA 12-2018'!I105 -> 0
A106: METACONCEPT | B106: ='SNA 01-2018'!B106+'SNA 02-2018'!B106+'SNA 03-2018'!B106+'SNA 04-2018'!B106+'SNA 05-2018'!B106+'SNA 06-2018'!B106+'SNA 07-2018'!B106+'SNA 08-2018'!B106+'SNA 09-2018'!B106+'SNA 10-2018'!B106+'SNA 11-2018'!B106+'SNA 12-2018'!B106 -> 0 | C106: ='SNA 01-2018'!C106+'SNA 02-2018'!C106+'SNA 03-2018'!C106+'SNA 04-2018'!C106+'SNA 05-2018'!C106+'SNA 06-2018'!C106+'SNA 07-2018'!C106+'SNA 08-2018'!C106+'SNA 09-2018'!C106+'SNA 10-2018'!C106+'SNA 11-2018'!C106+'SNA 12-2018'!C106 -> 0 | D106: ='SNA 01-2018'!D106+'SNA 02-2018'!D106+'SNA 03-2018'!D106+'SNA 04-2018'!D106+'SNA 05-2018'!D106+'SNA 06-2018'!D106+'SNA 07-2018'!D106+'SNA 08-2018'!D106+'SNA 09-2018'!D106+'SNA 10-2018'!D106+'SNA 11-2018'!D106+'SNA 12-2018'!D106 -> 0 | E106: =SUM(B106:D106) -> 0 | G106: ='SNA 01-2018'!G106+'SNA 02-2018'!G106+'SNA 03-2018'!G106+'SNA 04-2018'!G106+'SNA 05-2018'!G106+'SNA 06-2018'!G106+'SNA 07-2018'!G106+'SNA 08-2018'!G106+'SNA 09-2018'!G106+'SNA 10-2018'!G106+'SNA 11-2018'!G106+'SNA 12-2018'!G106 -> 0 | I106: ='SNA 01-2018'!I106+'SNA 02-2018'!I106+'SNA 03-2018'!I106+'SNA 04-2018'!I106+'SNA 05-2018'!I106+'SNA 06-2018'!I106+'SNA 07-2018'!I106+'SNA 08-2018'!I106+'SNA 09-2018'!I106+'SNA 10-2018'!I106+'SNA 11-2018'!I106+'SNA 12-2018'!I106 -> 0
A107: T P I | B107: ='SNA 01-2018'!B107+'SNA 02-2018'!B107+'SNA 03-2018'!B107+'SNA 04-2018'!B107+'SNA 05-2018'!B107+'SNA 06-2018'!B107+'SNA 07-2018'!B107+'SNA 08-2018'!B107+'SNA 09-2018'!B107+'SNA 10-2018'!B107+'SNA 11-2018'!B107+'SNA 12-2018'!B107 -> 0 | C107: ='SNA 01-2018'!C107+'SNA 02-2018'!C107+'SNA 03-2018'!C107+'SNA 04-2018'!C107+'SNA 05-2018'!C107+'SNA 06-2018'!C107+'SNA 07-2018'!C107+'SNA 08-2018'!C107+'SNA 09-2018'!C107+'SNA 10-2018'!C107+'SNA 11-2018'!C107+'SNA 12-2018'!C107 -> 0 | D107: ='SNA 01-2018'!D107+'SNA 02-2018'!D107+'SNA 03-2018'!D107+'SNA 04-2018'!D107+'SNA 05-2018'!D107+'SNA 06-2018'!D107+'SNA 07-2018'!D107+'SNA 08-2018'!D107+'SNA 09-2018'!D107+'SNA 10-2018'!D107+'SNA 11-2018'!D107+'SNA 12-2018'!D107 -> 0 | E107: =SUM(B107:D107) -> 0 | G107: ='SNA 01-2018'!G107+'SNA 02-2018'!G107+'SNA 03-2018'!G107+'SNA 04-2018'!G107+'SNA 05-2018'!G107+'SNA 06-2018'!G107+'SNA 07-2018'!G107+'SNA 08-2018'!G107+'SNA 09-2018'!G107+'SNA 10-2018'!G107+'SNA 11-2018'!G107+'SNA 12-2018'!G107 -> -750.44 | I107: ='SNA 01-2018'!I107+'SNA 02-2018'!I107+'SNA 03-2018'!I107+'SNA 04-2018'!I107+'SNA 05-2018'!I107+'SNA 06-2018'!I107+'SNA 07-2018'!I107+'SNA 08-2018'!I107+'SNA 09-2018'!I107+'SNA 10-2018'!I107+'SNA 11-2018'!I107+'SNA 12-2018'!I107 -> 0
... A114: WIRTZ | B114: ='SNA 01-2018'!B114+'SNA 02-2018'!B114+'SNA 03-2018'!B114+'SNA 04-2018'!B114+'SNA 05-2018'!B114+'SNA 06-2018'!B114+'SNA 07-2018'!B114+'SNA 08-2018'!B114+'SNA 09-2018'!B114+'SNA 10-2018'!B114+'SNA 11-2018'!B114+'SNA 12-2018'!B114 -> 0 | C114: ='SNA 01-2018'!C114+'SNA 02-2018'!C114+'SNA 03-2018'!C114+'SNA 04-2018'!C114+'SNA 05-2018'!C114+'SNA 06-2018'!C114+'SNA 07-2018'!C114+'SNA 08-2018'!C114+'SNA 09-2018'!C114+'SNA 10-2018'!C114+'SNA 11-2018'!C114+'SNA 12-2018'!C114 -> 0 | D114: ='SNA 01-2018'!D114+'SNA 02-2018'!D114+'SNA 03-2018'!D114+'SNA 04-2018'!D114+'SNA 05-2018'!D114+'SNA 06-2018'!D114+'SNA 07-2018'!D114+'SNA 08-2018'!D114+'SNA 09-2018'!D114+'SNA 10-2018'!D114+'SNA 11-2018'!D114+'SNA 12-2018'!D114 -> 0 | E114: =SUM(B114:D114) -> 0 | G114: ='SNA 01-2018'!G114+'SNA 02-2018'!G114+'SNA 03-2018'!G114+'SNA 04-2018'!G114+'SNA 05-2018'!G114+'SNA 06-2018'!G114+'SNA 07-2018'!G114+'SNA 08-2018'!G114+'SNA 09-2018'!G114+'SNA 10-2018'!G114+'SNA 11-2018'!G114+'SNA 12-2018'!G114 -> -948.28 | I114: ='SNA 01-2018'!I114+'SNA 02-2018'!I114+'SNA 03-2018'!I114+'SNA 04-2018'!I114+'SNA 05-2018'!I114+'SNA 06-2018'!I114+'SNA 07-2018'!I114+'SNA 08-2018'!I114+'SNA 09-2018'!I114+'SNA 10-2018'!I114+'SNA 11-2018'!I114+'SNA 12-2018'!I114 -> 0
A115: PLOMB LOCAL | B115: =SUM(B116:B120) -> 0 | C115: =SUM(C116:C120) -> -9808903.2 | D115: =SUM(D116:D120) -> 0 | E115: =SUM(B115:D115) -> -9808903.2 | G115: =SUM(G116:G120) -> 0 | I115: =SUM(I116:I120) -> 0
A116: KAIS TAYACHI | B116: ='SNA 01-2018'!B116+'SNA 02-2018'!B116+'SNA 03-2018'!B116+'SNA 04-2018'!B116+'SNA 05-2018'!B116+'SNA 06-2018'!B116+'SNA 07-2018'!B116+'SNA 08-2018'!B116+'SNA 09-2018'!B116+'SNA 10-2018'!B116+'SNA 11-2018'!B116+'SNA 12-2018'!B116 -> 0 | C116: ='SNA 01-2018'!C116+'SNA 02-2018'!C116+'SNA 03-2018'!C116+'SNA 04-2018'!C116+'SNA 05-2018'!C116+'SNA 06-2018'!C116+'SNA 07-2018'!C116+'SNA 08-2018'!C116+'SNA 09-2018'!C116+'SNA 10-2018'!C116+'SNA 11-2018'!C116+'SNA 12-2018'!C116 -> -4968941.6 | D116: ='SNA 01-2018'!D116+'SNA 02-2018'!D116+'SNA 03-2018'!D116+'SNA 04-2018'!D116+'SNA 05-2018'!D116+'SNA 06-2018'!D116+'SNA 07-2018'!D116+'SNA 08-2018'!D116+'SNA 09-2018'!D116+'SNA 10-2018'!D116+'SNA 11-2018'!D116+'SNA 12-2018'!D116 -> 0 | E116: =SUM(B116:D116) -> -4968941.6 | G116: ='SNA 01-2018'!G116+'SNA 02-2018'!G116+'SNA 03-2018'!G116+'SNA 04-2018'!G116+'SNA 05-2018'!G116+'SNA 06-2018'!G116+'SNA 07-2018'!G116+'SNA 08-2018'!G116+'SNA 09-2018'!G116+'SNA 10-2018'!G116+'SNA 11-2018'!G116+'SNA 12-2018'!G116 -> 0 | I116: ='SNA 01-2018'!I116+'SNA 02-2018'!I116+'SNA 03-2018'!I116+'SNA 04-2018'!I116+'SNA 05-2018'!I116+'SNA 06-2018'!I116+'SNA 07-2018'!I116+'SNA 08-2018'!I116+'SNA 09-2018'!I116+'SNA 10-2018'!I116+'SNA 11-2018'!I116+'SNA 12-2018'!I116 -> 0
A117: HAZEM CHTOUROU | B117: ='SNA 01-2018'!B117+'SNA 02-2018'!B117+'SNA 03-2018'!B117+'SNA 04-2018'!B117+'SNA 05-2018'!B117+'SNA 06-2018'!B117+'SNA 07-2018'!B117+'SNA 08-2018'!B117+'SNA 09-2018'!B117+'SNA 10-2018'!B117+'SNA 11-2018'!B117+'SNA 12-2018'!B117 -> 0 | C117: ='SNA 01-2018'!C117+'SNA 02-2018'!C117+'SNA 03-2018'!C117+'SNA 04-2018'!C117+'SNA 05-2018'!C117+'SNA 06-2018'!C117+'SNA 07-2018'!C117+'SNA 08-2018'!C117+'SNA 09-2018'!C117+'SNA 10-2018'!C117+'SNA 11-2018'!C117+'SNA 12-2018'!C117 -> -3405128.6 | D117: ='SNA 01-2018'!D117+'SNA 02-2018'!D117+'SNA 03-2018'!D117+'SNA 04-2018'!D117+'SNA 05-2018'!D117+'SNA 06-2018'!D117+'SNA 07-2018'!D117+'SNA 08-2018'!D117+'SNA 09-2018'!D117+'SNA 10-2018'!D117+'SNA 11-2018'!D117+'SNA 12-2018'!D117 -> 0 | E117: =SUM(B117:D117) -> -3405128.6 | G117: ='SNA 01-2018'!G117+'SNA 02-2018'!G117+'SNA 03-2018'!G117+'SNA 04-2018'!G117+'SNA 05-2018'!G117+'SNA 06-2018'!G117+'SNA 07-2018'!G117+'SNA 08-2018'!G117+'SNA 09-2018'!G117+'SNA 10-2018'!G117+'SNA 11-2018'!G117+'SNA 12-2018'!G117 -> 0 | I117: ='SNA 01-2018'!I117+'SNA 02-2018'!I117+'SNA 03-2018'!I117+'SNA 04-2018'!I117+'SNA 05-2018'!I117+'SNA 06-2018'!I117+'SNA 07-2018'!I117+'SNA 08-2018'!I117+'SNA 09-2018'!I117+'SNA 10-2018'!I117+'SNA 11-2018'!I117+'SNA 12-2018'!I117 -> 0
A118: SOTRAM | B118: ='SNA 01-2018'!B118+'SNA 02-2018'!B118+'SNA 03-2018'!B118+'SNA 04-2018'!B118+'SNA 05-2018'!B118+'SNA 06-2018'!B118+'SNA 07-2018'!B118+'SNA 08-2018'!B118+'SNA 09-2018'!B118+'SNA 10-2018'!B118+'SNA 11-2018'!B118+'SNA 12-2018'!B118 -> 0 | C118: ='SNA 01-2018'!C118+'SNA 02-2018'!C118+'SNA 03-2018'!C118+'SNA 04-2018'!C118+'SNA 05-2018'!C118+'SNA 06-2018'!C118+'SNA 07-2018'!C118+'SNA 08-2018'!C118+'SNA 09-2018'!C118+'SNA 10-2018'!C118+'SNA 11-2018'!C118+'SNA 12-2018'!C118 -> -1014381.6 | D118: ='SNA 01-2018'!D118+'SNA 02-2018'!D118+'SNA 03-2018'!D118+'SNA 04-2018'!D118+'SNA 05-2018'!D118+'SNA 06-2018'!D118+'SNA 07-2018'!D118+'SNA 08-2018'!D118+'SNA 09-2018'!D118+'SNA 10-2018'!D118+'SNA 11-2018'!D118+'SNA 12-2018'!D118 -> 0 | E118: =SUM(B118:D118) -> -1014381.6 | G118: ='SNA 01-2018'!G118+'SNA 02-2018'!G118+'SNA 03-2018'!G118+'SNA 04-2018'!G118+'SNA 05-2018'!G118+'SNA 06-2018'!G118+'SNA 07-2018'!G118+'SNA 08-2018'!G118+'SNA 09-2018'!G118+'SNA 10-2018'!G118+'SNA 11-2018'!G118+'SNA 12-2018'!G118 -> 0 | I118: ='SNA 01-2018'!I118+'SNA 02-2018'!I118+'SNA 03-2018'!I118+'SNA 04-2018'!I118+'SNA 05-2018'!I118+'SNA 06-2018'!I118+'SNA 07-2018'!I118+'SNA 08-2018'!I118+'SNA 09-2018'!I118+'SNA 10-2018'!I118+'SNA 11-2018'!I118+'SNA 12-2018'!I118 -> 0
A119: KAMMOUN | B119: ='SNA 01-2018'!B119+'SNA 02-2018'!B119+'SNA 03-2018'!B119+'SNA 04-2018'!B119+'SNA 05-2018'!B119+'SNA 06-2018'!B119+'SNA 07-2018'!B119+'SNA 08-2018'!B119+'SNA 09-2018'!B119+'SNA 10-2018'!B119+'SNA 11-2018'!B119+'SNA 12-2018'!B119 -> 0 | C119: ='SNA 01-2018'!C119+'SNA 02-2018'!C119+'SNA 03-2018'!C119+'SNA 04-2018'!C119+'SNA 05-2018'!C119+'SNA 06-2018'!C119+'SNA 07-2018'!C119+'SNA 08-2018'!C119+'SNA 09-2018'!C119+'SNA 10-2018'!C119+'SNA 11-2018'!C119+'SNA 12-2018'!C119 -> -418957.02 | D119: ='SNA 01-2018'!D119+'SNA 02-2018'!D119+'SNA 03-2018'!D119+'SNA 04-2018'!D119+'SNA 05-2018'!D119+'SNA 06-2018'!D119+'SNA 07-2018'!D119+'SNA 08-2018'!D119+'SNA 09-2018'!D119+'SNA 10-2018'!D119+'SNA 11-2018'!D119+'SNA 12-2018'!D119 -> 0 | E119: =SUM(B119:D119) -> -418957.02 | G119: ='SNA 01-2018'!G119+'SNA 02-2018'!G119+'SNA 03-2018'!G119+'SNA 04-2018'!G119+'SNA 05-2018'!G119+'SNA 06-2018'!G119+'SNA 07-2018'!G119+'SNA 08-2018'!G119+'SNA 09-2018'!G119+'SNA 10-2018'!G119+'SNA 11-2018'!G119+'SNA 12-2018'!G119 -> 0 | I119: ='SNA 01-2018'!I119+'SNA 02-2018'!I119+'SNA 03-2018'!I119+'SNA 04-2018'!I119+'SNA 05-2018'!I119+'SNA 06-2018'!I119+'SNA 07-2018'!I119+'SNA 08-2018'!I119+'SNA 09-2018'!I119+'SNA 10-2018'!I119+'SNA 11-2018'!I119+'SNA 12-2018'!I119 -> 0
A120: TUDOR | B120: ='SNA 01-2018'!B120+'SNA 02-2018'!B120+'SNA 03-2018'!B120+'SNA 04-2018'!B120+'SNA 05-2018'!B120+'SNA 06-2018'!B120+'SNA 07-2018'!B120+'SNA 08-2018'!B120+'SNA 09-2018'!B120+'SNA 10-2018'!B120+'SNA 11-2018'!B120+'SNA 12-2018'!B120 -> 0 | C120: ='SNA 01-2018'!C120+'SNA 02-2018'!C120+'SNA 03-2018'!C120+'SNA 04-2018'!C120+'SNA 05-2018'!C120+'SNA 06-2018'!C120+'SNA 07-2018'!C120+'SNA 08-2018'!C120+'SNA 09-2018'!C120+'SNA 10-2018'!C120+'SNA 11-2018'!C120+'SNA 12-2018'!C120 -> -1494.273 | D120: ='SNA 01-2018'!D120+'SNA 02-2018'!D120+'SNA 03-2018'!D120+'SNA 04-2018'!D120+'SNA 05-2018'!D120+'SNA 06-2018'!D120+'SNA 07-2018'!D120+'SNA 08-2018'!D120+'SNA 09-2018'!D120+'SNA 10-2018'!D120+'SNA 11-2018'!D120+'SNA 12-2018'!D120 -> 0 | E120: =SUM(B120:D120) -> -1494.273 | G120: ='SNA 01-2018'!G120+'SNA 02-2018'!G120+'SNA 03-2018'!G120+'SNA 04-2018'!G120+'SNA 05-2018'!G120+'SNA 06-2018'!G120+'SNA 07-2018'!G120+'SNA 08-2018'!G120+'SNA 09-2018'!G120+'SNA 10-2018'!G120+'SNA 11-2018'!G120+'SNA 12-2018'!G120 -> 0 | I120: ='SNA 01-2018'!I120+'SNA 02-2018'!I120+'SNA 03-2018'!I120+'SNA 04-2018'!I120+'SNA 05-2018'!I120+'SNA 06-2018'!I120+'SNA 07-2018'!I120+'SNA 08-2018'!I120+'SNA 09-2018'!I120+'SNA 10-2018'!I120+'SNA 11-2018'!I120+'SNA 12-2018'!I120 -> 0
A121: ETAT ET ENERGIE | B121: =SUM(B122:B126) -> 0 | C121: =SUM(C122:C126) -> -2433486.8 | D121: =SUM(D122:D126) -> 0 | E121: =SUM(B121:D121) -> -2433486.8 | G121: =SUM(G122:G126) -> 0 | I121: =SUM(I122:I126) -> 0
A122: S O N E D E | B122: ='SNA 01-2018'!B122+'SNA 02-2018'!B122+'SNA 03-2018'!B122+'SNA 04-2018'!B122+'SNA 05-2018'!B122+'SNA 06-2018'!B122+'SNA 07-2018'!B122+'SNA 08-2018'!B122+'SNA 09-2018'!B122+'SNA 10-2018'!B122+'SNA 11-2018'!B122+'SNA 12-2018'!B122 -> 0 | C122: ='SNA 01-2018'!C122+'SNA 02-2018'!C122+'SNA 03-2018'!C122+'SNA 04-2018'!C122+'SNA 05-2018'!C122+'SNA 06-2018'!C122+'SNA 07-2018'!C122+'SNA 08-2018'!C122+'SNA 09-2018'!C122+'SNA 10-2018'!C122+'SNA 11-2018'!C122+'SNA 12-2018'!C122 -> -30993.5 | D122: ='SNA 01-2018'!D122+'SNA 02-2018'!D122+'SNA 03-2018'!D122+'SNA 04-2018'!D122+'SNA 05-2018'!D122+'SNA 06-2018'!D122+'SNA 07-2018'!D122+'SNA 08-2018'!D122+'SNA 09-2018'!D122+'SNA 10-2018'!D122+'SNA 11-2018'!D122+'SNA 12-2018'!D122 -> 0 | E122: =SUM(B122:D122) -> -30993.5 | G122: ='SNA 01-2018'!G122+'SNA 02-2018'!G122+'SNA 03-2018'!G122+'SNA 04-2018'!G122+'SNA 05-2018'!G122+'SNA 06-2018'!G122+'SNA 07-2018'!G122+'SNA 08-2018'!G122+'SNA 09-2018'!G122+'SNA 10-2018'!G122+'SNA 11-2018'!G122+'SNA 12-2018'!G122 -> 0 | I122: ='SNA 01-2018'!I122+'SNA 02-2018'!I122+'SNA 03-2018'!I122+'SNA 04-2018'!I122+'SNA 05-2018'!I122+'SNA 06-2018'!I122+'SNA 07-2018'!I122+'SNA 08-2018'!I122+'SNA 09-2018'!I122+'SNA 10-2018'!I122+'SNA 11-2018'!I122+'SNA 12-2018'!I122 -> 0
A123: SNDP | B123: ='SNA 01-2018'!B123+'SNA 02-2018'!B123+'SNA 03-2018'!B123+'SNA 04-2018'!B123+'SNA 05-2018'!B123+'SNA 06-2018'!B123+'SNA 07-2018'!B123+'SNA 08-2018'!B123+'SNA 09-2018'!B123+'SNA 10-2018'!B123+'SNA 11-2018'!B123+'SNA 12-2018'!B123 -> 0 | C123: ='SNA 01-2018'!C123+'SNA 02-2018'!C123+'SNA 03-2018'!C123+'SNA 04-2018'!C123+'SNA 05-2018'!C123+'SNA 06-2018'!C123+'SNA 07-2018'!C123+'SNA 08-2018'!C123+'SNA 09-2018'!C123+'SNA 10-2018'!C123+'SNA 11-2018'!C123+'SNA 12-2018'!C123 -> -40646.6 | D123: ='SNA 01-2018'!D123+'SNA 02-2018'!D123+'SNA 03-2018'!D123+'SNA 04-2018'!D123+'SNA 05-2018'!D123+'SNA 06-2018'!D123+'SNA 07-2018'!D123+'SNA 08-2018'!D123+'SNA 09-2018'!D123+'SNA 10-2018'!D123+'SNA 11-2018'!D123+'SNA 12-2018'!D123 -> 0 | E123: =SUM(B123:D123) -> -40646.6 | G123: ='SNA 01-2018'!G123+'SNA 02-2018'!G123+'SNA 03-2018'!G123+'SNA 04-2018'!G123+'SNA 05-2018'!G123+'SNA 06-2018'!G123+'SNA 07-2018'!G123+'SNA 08-2018'!G123+'SNA 09-2018'!G123+'SNA 10-2018'!G123+'SNA 11-2018'!G123+'SNA 12-2018'!G123 -> 0 | I123: ='SNA 01-2018'!I123+'SNA 02-2018'!I123+'SNA 03-2018'!I123+'SNA 04-2018'!I123+'SNA 05-2018'!I123+'SNA 06-2018'!I123+'SNA 07-2018'!I123+'SNA 08-2018'!I123+'SNA 09-2018'!I123+'SNA 10-2018'!I123+'SNA 11-2018'!I123+'SNA 12-2018'!I123 -> 0
A124: STEG | B124: ='SNA 01-2018'!B124+'SNA 02-2018'!B124+'SNA 03-2018'!B124+'SNA 04-2018'!B124+'SNA 05-2018'!B124+'SNA 06-2018'!B124+'SNA 07-2018'!B124+'SNA 08-2018'!B124+'SNA 09-2018'!B124+'SNA 10-2018'!B124+'SNA 11-2018'!B124+'SNA 12-2018'!B124 -> 0 | C124: ='SNA 01-2018'!C124+'SNA 02-2018'!C124+'SNA 03-2018'!C124+'SNA 04-2018'!C124+'SNA 05-2018'!C124+'SNA 06-2018'!C124+'SNA 07-2018'!C124+'SNA 08-2018'!C124+'SNA 09-2018'!C124+'SNA 10-2018'!C124+'SNA 11-2018'!C124+'SNA 12-2018'!C124 -> -916592.74 | D124: ='SNA 01-2018'!D124+'SNA 02-2018'!D124+'SNA 03-2018'!D124+'SNA 04-2018'!D124+'SNA 05-2018'!D124+'SNA 06-2018'!D124+'SNA 07-2018'!D124+'SNA 08-2018'!D124+'SNA 09-2018'!D124+'SNA 10-2018'!D124+'SNA 11-2018'!D124+'SNA 12-2018'!D124 -> 0 | E124: =SUM(B124:D124) -> -916592.74 | G124: ='SNA 01-2018'!G124+'SNA 02-2018'!G124+'SNA 03-2018'!G124+'SNA 04-2018'!G124+'SNA 05-2018'!G124+'SNA 06-2018'!G124+'SNA 07-2018'!G124+'SNA 08-2018'!G124+'SNA 09-2018'!G124+'SNA 10-2018'!G124+'SNA 11-2018'!G124+'SNA 12-2018'!G124 -> 0 | I124: ='SNA 01-2018'!I124+'SNA 02-2018'!I124+'SNA 03-2018'!I124+'SNA 04-2018'!I124+'SNA 05-2018'!I124+'SNA 06-2018'!I124+'SNA 07-2018'!I124+'SNA 08-2018'!I124+'SNA 09-2018'!I124+'SNA 10-2018'!I124+'SNA 11-2018'!I124+'SNA 12-2018'!I124 -> 0
A125: PRELEVEMENT MINISTERE DES FINANCE | B125: ='SNA 01-2018'!B125+'SNA 02-2018'!B125+'SNA 03-2018'!B125+'SNA 04-2018'!B125+'SNA 05-2018'!B125+'SNA 06-2018'!B125+'SNA 07-2018'!B125+'SNA 08-2018'!B125+'SNA 09-2018'!B125+'SNA 10-2018'!B125+'SNA 11-2018'!B125+'SNA 12-2018'!B125 -> 0 | C125: ='SNA 01-2018'!C125+'SNA 02-2018'!C125+'SNA 03-2018'!C125+'SNA 04-2018'!C125+'SNA 05-2018'!C125+'SNA 06-2018'!C125+'SNA 07-2018'!C125+'SNA 08-2018'!C125+'SNA 09-2018'!C125+'SNA 10-2018'!C125+'SNA 11-2018'!C125+'SNA 12-2018'!C125 -> -1416685.9 | D125: ='SNA 01-2018'!D125+'SNA 02-2018'!D125+'SNA 03-2018'!D125+'SNA 04-2018'!D125+'SNA 05-2018'!D125+'SNA 06-2018'!D125+'SNA 07-2018'!D125+'SNA 08-2018'!D125+'SNA 09-2018'!D125+'SNA 10-2018'!D125+'SNA 11-2018'!D125+'SNA 12-2018'!D125 -> 0 | E125: =SUM(B125:D125) -> -1416685.9 | G125: ='SNA 01-2018'!G125+'SNA 02-2018'!G125+'SNA 03-2018'!G125+'SNA 04-2018'!G125+'SNA 05-2018'!G125+'SNA 06-2018'!G125+'SNA 07-2018'!G125+'SNA 08-2018'!G125+'SNA 09-2018'!G125+'SNA 10-2018'!G125+'SNA 11-2018'!G125+'SNA 12-2018'!G125 -> 0 | I125: ='SNA 01-2018'!I125+'SNA 02-2018'!I125+'SNA 03-2018'!I125+'SNA 04-2018'!I125+'SNA 05-2018'!I125+'SNA 06-2018'!I125+'SNA 07-2018'!I125+'SNA 08-2018'!I125+'SNA 09-2018'!I125+'SNA 10-2018'!I125+'SNA 11-2018'!I125+'SNA 12-2018'!I125 -> 0
A126: RECETTE DES FINANCES | B126: ='SNA 01-2018'!B126+'SNA 02-2018'!B126+'SNA 03-2018'!B126+'SNA 04-2018'!B126+'SNA 05-2018'!B126+'SNA 06-2018'!B126+'SNA 07-2018'!B126+'SNA 08-2018'!B126+'SNA 09-2018'!B126+'SNA 10-2018'!B126+'SNA 11-2018'!B126+'SNA 12-2018'!B126 -> 0 | C126: ='SNA 01-2018'!C126+'SNA 02-2018'!C126+'SNA 03-2018'!C126+'SNA 04-2018'!C126+'SNA 05-2018'!C126+'SNA 06-2018'!C126+'SNA 07-2018'!C126+'SNA 08-2018'!C126+'SNA 09-2018'!C126+'SNA 10-2018'!C126+'SNA 11-2018'!C126+'SNA 12-2018'!C126 -> -28568 | D126: ='SNA 01-2018'!D126+'SNA 02-2018'!D126+'SNA 03-2018'!D126+'SNA 04-2018'!D126+'SNA 05-2018'!D126+'SNA 06-2018'!D126+'SNA 07-2018'!D126+'SNA 08-2018'!D126+'SNA 09-2018'!D126+'SNA 10-2018'!D126+'SNA 11-2018'!D126+'SNA 12-2018'!D126 -> 0 | E126: =SUM(B126:D126) -> -28568 | G126: ='SNA 01-2018'!G126+'SNA 02-2018'!G126+'SNA 03-2018'!G126+'SNA 04-2018'!G126+'SNA 05-2018'!G126+'SNA 06-2018'!G126+'SNA 07-2018'!G126+'SNA 08-2018'!G126+'SNA 09-2018'!G126+'SNA 10-2018'!G126+'SNA 11-2018'!G126+'SNA 12-2018'!G126 -> 0 | I126: ='SNA 01-2018'!I126+'SNA 02-2018'!I126+'SNA 03-2018'!I126+'SNA 04-2018'!I126+'SNA 05-2018'!I126+'SNA 06-2018'!I126+'SNA 07-2018'!I126+'SNA 08-2018'!I126+'SNA 09-2018'!I126+'SNA 10-2018'!I126+'SNA 11-2018'!I126+'SNA 12-2018'!I126 -> 0
A127: INVESTISSEMENT | B127: =SUM(B128:B148) -> 0 | C127: =SUM(C128:C148) -> -569184.24 | D127: =SUM(D128:D148) -> 0 | E127: =SUM(B127:D127) -> -569184.24 | G127: =SUM(G128:G148) -> 0 | I127: =SUM(I128:I148) -> 0
A128: SOCIETE R M B | B128: ='SNA 01-2018'!B128+'SNA 02-2018'!B128+'SNA 03-2018'!B128+'SNA 04-2018'!B128+'SNA 05-2018'!B128+'SNA 06-2018'!B128+'SNA 07-2018'!B128+'SNA 08-2018'!B128+'SNA 09-2018'!B128+'SNA 10-2018'!B128+'SNA 11-2018'!B128+'SNA 12-2018'!B128 -> 0 | C128: ='SNA 01-2018'!C128+'SNA 02-2018'!C128+'SNA 03-2018'!C128+'SNA 04-2018'!C128+'SNA 05-2018'!C128+'SNA 06-2018'!C128+'SNA 07-2018'!C128+'SNA 08-2018'!C128+'SNA 09-2018'!C128+'SNA 10-2018'!C128+'SNA 11-2018'!C128+'SNA 12-2018'!C128 -> -572.564 | D128: ='SNA 01-2018'!D128+'SNA 02-2018'!D128+'SNA 03-2018'!D128+'SNA 04-2018'!D128+'SNA 05-2018'!D128+'SNA 06-2018'!D128+'SNA 07-2018'!D128+'SNA 08-2018'!D128+'SNA 09-2018'!D128+'SNA 10-2018'!D128+'SNA 11-2018'!D128+'SNA 12-2018'!D128 -> 0 | E128: =SUM(B128:D128) -> -572.564 | G128: ='SNA 01-2018'!G128+'SNA 02-2018'!G128+'SNA 03-2018'!G128+'SNA 04-2018'!G128+'SNA 05-2018'!G128+'SNA 06-2018'!G128+'SNA 07-2018'!G128+'SNA 08-2018'!G128+'SNA 09-2018'!G128+'SNA 10-2018'!G128+'SNA 11-2018'!G128+'SNA 12-2018'!G128 -> 0 | I128: ='SNA 01-2018'!I128+'SNA 02-2018'!I128+'SNA 03-2018'!I128+'SNA 04-2018'!I128+'SNA 05-2018'!I128+'SNA 06-2018'!I128+'SNA 07-2018'!I128+'SNA 08-2018'!I128+'SNA 09-2018'!I128+'SNA 10-2018'!I128+'SNA 11-2018'!I128+'SNA 12-2018'!I128 -> 0
A129: STE GENERAL CON | B129: ='SNA 01-2018'!B129+'SNA 02-2018'!B129+'SNA 03-2018'!B129+'SNA 04-2018'!B129+'SNA 05-2018'!B129+'SNA 06-2018'!B129+'SNA 07-2018'!B129+'SNA 08-2018'!B129+'SNA 09-2018'!B129+'SNA 10-2018'!B129+'SNA 11-2018'!B129+'SNA 12-2018'!B129 -> 0 | C129: ='SNA 01-2018'!C129+'SNA 02-2018'!C129+'SNA 03-2018'!C129+'SNA 04-2018'!C129+'SNA 05-2018'!C129+'SNA 06-2018'!C129+'SNA 07-2018'!C129+'SNA 08-2018'!C129+'SNA 09-2018'!C129+'SNA 10-2018'!C129+'SNA 11-2018'!C129+'SNA 12-2018'!C129 -> -1791.322 | D129: ='SNA 01-2018'!D129+'SNA 02-2018'!D129+'SNA 03-2018'!D129+'SNA 04-2018'!D129+'SNA 05-2018'!D129+'SNA 06-2018'!D129+'SNA 07-2018'!D129+'SNA 08-2018'!D129+'SNA 09-2018'!D129+'SNA 10-2018'!D129+'SNA 11-2018'!D129+'SNA 12-2018'!D129 -> 0 | E129: =SUM(B129:D129) -> -1791.322 | G129: ='SNA 01-2018'!G129+'SNA 02-2018'!G129+'SNA 03-2018'!G129+'SNA 04-2018'!G129+'SNA 05-2018'!G129+'SNA 06-2018'!G129+'SNA 07-2018'!G129+'SNA 08-2018'!G129+'SNA 09-2018'!G129+'SNA 10-2018'!G129+'SNA 11-2018'!G129+'SNA 12-2018'!G129 -> 0 | I129: ='SNA 01-2018'!I129+'SNA 02-2018'!I129+'SNA 03-2018'!I129+'SNA 04-2018'!I129+'SNA 05-2018'!I129+'SNA 06-2018'!I129+'SNA 07-2018'!I129+'SNA 08-2018'!I129+'SNA 09-2018'!I129+'SNA 10-2018'!I129+'SNA 11-2018'!I129+'SNA 12-2018'!I129 -> 0
A130: CAPRARI TUNISE S.A. | B130: ='SNA 01-2018'!B130+'SNA 02-2018'!B130+'SNA 03-2018'!B130+'SNA 04-2018'!B130+'SNA 05-2018'!B130+'SNA 06-2018'!B130+'SNA 07-2018'!B130+'SNA 08-2018'!B130+'SNA 09-2018'!B130+'SNA 10-2018'!B130+'SNA 11-2018'!B130+'SNA 12-2018'!B130 -> 0 | C130: ='SNA 01-2018'!C130+'SNA 02-2018'!C130+'SNA 03-2018'!C130+'SNA 04-2018'!C130+'SNA 05-2018'!C130+'SNA 06-2018'!C130+'SNA 07-2018'!C130+'SNA 08-2018'!C130+'SNA 09-2018'!C130+'SNA 10-2018'!C130+'SNA 11-2018'!C130+'SNA 12-2018'!C130 -> -1548.816 | D130: ='SNA 01-2018'!D130+'SNA 02-2018'!D130+'SNA 03-2018'!D130+'SNA 04-2018'!D130+'SNA 05-2018'!D130+'SNA 06-2018'!D130+'SNA 07-2018'!D130+'SNA 08-2018'!D130+'SNA 09-2018'!D130+'SNA 10-2018'!D130+'SNA 11-2018'!D130+'SNA 12-2018'!D130 -> 0 | E130: =SUM(B130:D130) -> -1548.816 | G130: ='SNA 01-2018'!G130+'SNA 02-2018'!G130+'SNA 03-2018'!G130+'SNA 04-2018'!G130+'SNA 05-2018'!G130+'SNA 06-2018'!G130+'SNA 07-2018'!G130+'SNA 08-2018'!G130+'SNA 09-2018'!G130+'SNA 10-2018'!G130+'SNA 11-2018'!G130+'SNA 12-2018'!G130 -> 0 | I130: ='SNA 01-2018'!I130+'SNA 02-2018'!I130+'SNA 03-2018'!I130+'SNA 04-2018'!I130+'SNA 05-2018'!I130+'SNA 06-2018'!I130+'SNA 07-2018'!I130+'SNA 08-2018'!I130+'SNA 09-2018'!I130+'SNA 10-2018'!I130+'SNA 11-2018'!I130+'SNA 12-2018'!I130 -> 0
A131: HDJ AMOR TAREK | B131: ='SNA 01-2018'!B131+'SNA 02-2018'!B131+'SNA 03-2018'!B131+'SNA 04-2018'!B131+'SNA 05-2018'!B131+'SNA 06-2018'!B131+'SNA 07-2018'!B131+'SNA 08-2018'!B131+'SNA 09-2018'!B131+'SNA 10-2018'!B131+'SNA 11-2018'!B131+'SNA 12-2018'!B131 -> 0 | C131: ='SNA 01-2018'!C131+'SNA 02-2018'!C131+'SNA 03-2018'!C131+'SNA 04-2018'!C131+'SNA 05-2018'!C131+'SNA 06-2018'!C131+'SNA 07-2018'!C131+'SNA 08-2018'!C131+'SNA 09-2018'!C131+'SNA 10-2018'!C131+'SNA 11-2018'!C131+'SNA 12-2018'!C131 -> -7432.615 | D131: ='SNA 01-2018'!D131+'SNA 02-2018'!D131+'SNA 03-2018'!D131+'SNA 04-2018'!D131+'SNA 05-2018'!D131+'SNA 06-2018'!D131+'SNA 07-2018'!D131+'SNA 08-2018'!D131+'SNA 09-2018'!D131+'SNA 10-2018'!D131+'SNA 11-2018'!D131+'SNA 12-2018'!D131 -> 0 | E131: =SUM(B131:D131) -> -7432.615 | G131: ='SNA 01-2018'!G131+'SNA 02-2018'!G131+'SNA 03-2018'!G131+'SNA 04-2018'!G131+'SNA 05-2018'!G131+'SNA 06-2018'!G131+'SNA 07-2018'!G131+'SNA 08-2018'!G131+'SNA 09-2018'!G131+'SNA 10-2018'!G131+'SNA 11-2018'!G131+'SNA 12-2018'!G131 -> 0 | I131: ='SNA 01-2018'!I131+'SNA 02-2018'!I131+'SNA 03-2018'!I131+'SNA 04-2018'!I131+'SNA 05-2018'!I131+'SNA 06-2018'!I131+'SNA 07-2018'!I131+'SNA 08-2018'!I131+'SNA 09-2018'!I131+'SNA 10-2018'!I131+'SNA 11-2018'!I131+'SNA 12-2018'!I131 -> 0
A132: LE RIDEAU METALIQUE | B132: ='SNA 01-2018'!B132+'SNA 02-2018'!B132+'SNA 03-2018'!B132+'SNA 04-2018'!B132+'SNA 05-2018'!B132+'SNA 06-2018'!B132+'SNA 07-2018'!B132+'SNA 08-2018'!B132+'SNA 09-2018'!B132+'SNA 10-2018'!B132+'SNA 11-2018'!B132+'SNA 12-2018'!B132 -> 0 | C132: ='SNA 01-2018'!C132+'SNA 02-2018'!C132+'SNA 03-2018'!C132+'SNA 04-2018'!C132+'SNA 05-2018'!C132+'SNA 06-2018'!C132+'SNA 07-2018'!C132+'SNA 08-2018'!C132+'SNA 09-2018'!C132+'SNA 10-2018'!C132+'SNA 11-2018'!C132+'SNA 12-2018'!C132 -> -6398.487 | D132: ='SNA 01-2018'!D132+'SNA 02-2018'!D132+'SNA 03-2018'!D132+'SNA 04-2018'!D132+'SNA 05-2018'!D132+'SNA 06-2018'!D132+'SNA 07-2018'!D132+'SNA 08-2018'!D132+'SNA 09-2018'!D132+'SNA 10-2018'!D132+'SNA 11-2018'!D132+'SNA 12-2018'!D132 -> 0 | E132: =SUM(B132:D132) -> -6398.487 | G132: ='SNA 01-2018'!G132+'SNA 02-2018'!G132+'SNA 03-2018'!G132+'SNA 04-2018'!G132+'SNA 05-2018'!G132+'SNA 06-2018'!G132+'SNA 07-2018'!G132+'SNA 08-2018'!G132+'SNA 09-2018'!G132+'SNA 10-2018'!G132+'SNA 11-2018'!G132+'SNA 12-2018'!G132 -> 0 | I132: ='SNA 01-2018'!I132+'SNA 02-2018'!I132+'SNA 03-2018'!I132+'SNA 04-2018'!I132+'SNA 05-2018'!I132+'SNA 06-2018'!I132+'SNA 07-2018'!I132+'SNA 08-2018'!I132+'SNA 09-2018'!I132+'SNA 10-2018'!I132+'SNA 11-2018'!I132+'SNA 12-2018'!I132 -> 0
A133: MAISON DE LA BALANCE + | B133: ='SNA 01-2018'!B133+'SNA 02-2018'!B133+'SNA 03-2018'!B133+'SNA 04-2018'!B133+'SNA 05-2018'!B133+'SNA 06-2018'!B133+'SNA 07-2018'!B133+'SNA 08-2018'!B133+'SNA 09-2018'!B133+'SNA 10-2018'!B133+'SNA 11-2018'!B133+'SNA 12-2018'!B133 -> 0 | C133: ='SNA 01-2018'!C133+'SNA 02-2018'!C133+'SNA 03-2018'!C133+'SNA 04-2018'!C133+'SNA 05-2018'!C133+'SNA 06-2018'!C133+'SNA 07-2018'!C133+'SNA 08-2018'!C133+'SNA 09-2018'!C133+'SNA 10-2018'!C133+'SNA 11-2018'!C133+'SNA 12-2018'!C133 -> -4109.026 | D133: ='SNA 01-2018'!D133+'SNA 02-2018'!D133+'SNA 03-2018'!D133+'SNA 04-2018'!D133+'SNA 05-2018'!D133+'SNA 06-2018'!D133+'SNA 07-2018'!D133+'SNA 08-2018'!D133+'SNA 09-2018'!D133+'SNA 10-2018'!D133+'SNA 11-2018'!D133+'SNA 12-2018'!D133 -> 0 | E133: =SUM(B133:D133) -> -4109.026 | G133: ='SNA 01-2018'!G133+'SNA 02-2018'!G133+'SNA 03-2018'!G133+'SNA 04-2018'!G133+'SNA 05-2018'!G133+'SNA 06-2018'!G133+'SNA 07-2018'!G133+'SNA 08-2018'!G133+'SNA 09-2018'!G133+'SNA 10-2018'!G133+'SNA 11-2018'!G133+'SNA 12-2018'!G133 -> 0 | I133: ='SNA 01-2018'!I133+'SNA 02-2018'!I133+'SNA 03-2018'!I133+'SNA 04-2018'!I133+'SNA 05-2018'!I133+'SNA 06-2018'!I133+'SNA 07-2018'!I133+'SNA 08-2018'!I133+'SNA 09-2018'!I133+'SNA 10-2018'!I133+'SNA 11-2018'!I133+'SNA 12-2018'!I133 -> 0
A134: SAADA AGENCEMENT RESEAUX S TER | B134: ='SNA 01-2018'!B134+'SNA 02-2018'!B134+'SNA 03-2018'!B134+'SNA 04-2018'!B134+'SNA 05-2018'!B134+'SNA 06-2018'!B134+'SNA 07-2018'!B134+'SNA 08-2018'!B134+'SNA 09-2018'!B134+'SNA 10-2018'!B134+'SNA 11-2018'!B134+'SNA 12-2018'!B134 -> 0 | C134: ='SNA 01-2018'!C134+'SNA 02-2018'!C134+'SNA 03-2018'!C134+'SNA 04-2018'!C134+'SNA 05-2018'!C134+'SNA 06-2018'!C134+'SNA 07-2018'!C134+'SNA 08-2018'!C134+'SNA 09-2018'!C134+'SNA 10-2018'!C134+'SNA 11-2018'!C134+'SNA 12-2018'!C134 -> -7266.276 | D134: ='SNA 01-2018'!D134+'SNA 02-2018'!D134+'SNA 03-2018'!D134+'SNA 04-2018'!D134+'SNA 05-2018'!D134+'SNA 06-2018'!D134+'SNA 07-2018'!D134+'SNA 08-2018'!D134+'SNA 09-2018'!D134+'SNA 10-2018'!D134+'SNA 11-2018'!D134+'SNA 12-2018'!D134 -> 0 | E134: =SUM(B134:D134) -> -7266.276 | G134: ='SNA 01-2018'!G134+'SNA 02-2018'!G134+'SNA 03-2018'!G134+'SNA 04-2018'!G134+'SNA 05-2018'!G134+'SNA 06-2018'!G134+'SNA 07-2018'!G134+'SNA 08-2018'!G134+'SNA 09-2018'!G134+'SNA 10-2018'!G134+'SNA 11-2018'!G134+'SNA 12-2018'!G134 -> 0 | I134: ='SNA 01-2018'!I134+'SNA 02-2018'!I134+'SNA 03-2018'!I134+'SNA 04-2018'!I134+'SNA 05-2018'!I134+'SNA 06-2018'!I134+'SNA 07-2018'!I134+'SNA 08-2018'!I134+'SNA 09-2018'!I134+'SNA 10-2018'!I134+'SNA 11-2018'!I134+'SNA 12-2018'!I134 -> 0
A135: SEMAT | B135: ='SNA 01-2018'!B135+'SNA 02-2018'!B135+'SNA 03-2018'!B135+'SNA 04-2018'!B135+'SNA 05-2018'!B135+'SNA 06-2018'!B135+'SNA 07-2018'!B135+'SNA 08-2018'!B135+'SNA 09-2018'!B135+'SNA 10-2018'!B135+'SNA 11-2018'!B135+'SNA 12-2018'!B135 -> 0 | C135: ='SNA 01-2018'!C135+'SNA 02-2018'!C135+'SNA 03-2018'!C135+'SNA 04-2018'!C135+'SNA 05-2018'!C135+'SNA 06-2018'!C135+'SNA 07-2018'!C135+'SNA 08-2018'!C135+'SNA 09-2018'!C135+'SNA 10-2018'!C135+'SNA 11-2018'!C135+'SNA 12-2018'!C135 -> -2006.124 | D135: ='SNA 01-2018'!D135+'SNA 02-2018'!D135+'SNA 03-2018'!D135+'SNA 04-2018'!D135+'SNA 05-2018'!D135+'SNA 06-2018'!D135+'SNA 07-2018'!D135+'SNA 08-2018'!D135+'SNA 09-2018'!D135+'SNA 10-2018'!D135+'SNA 11-2018'!D135+'SNA 12-2018'!D135 -> 0 | E135: =SUM(B135:D135) -> -2006.124 | G135: ='SNA 01-2018'!G135+'SNA 02-2018'!G135+'SNA 03-2018'!G135+'SNA 04-2018'!G135+'SNA 05-2018'!G135+'SNA 06-2018'!G135+'SNA 07-2018'!G135+'SNA 08-2018'!G135+'SNA 09-2018'!G135+'SNA 10-2018'!G135+'SNA 11-2018'!G135+'SNA 12-2018'!G135 -> 0 | I135: ='SNA 01-2018'!I135+'SNA 02-2018'!I135+'SNA 03-2018'!I135+'SNA 04-2018'!I135+'SNA 05-2018'!I135+'SNA 06-2018'!I135+'SNA 07-2018'!I135+'SNA 08-2018'!I135+'SNA 09-2018'!I135+'SNA 10-2018'!I135+'SNA 11-2018'!I135+'SNA 12-2018'!I135 -> 0
A136: SITEM | B136: ='SNA 01-2018'!B136+'SNA 02-2018'!B136+'SNA 03-2018'!B136+'SNA 04-2018'!B136+'SNA 05-2018'!B136+'SNA 06-2018'!B136+'SNA 07-2018'!B136+'SNA 08-2018'!B136+'SNA 09-2018'!B136+'SNA 10-2018'!B136+'SNA 11-2018'!B136+'SNA 12-2018'!B136 -> 0 | C136: ='SNA 01-2018'!C136+'SNA 02-2018'!C136+'SNA 03-2018'!C136+'SNA 04-2018'!C136+'SNA 05-2018'!C136+'SNA 06-2018'!C136+'SNA 07-2018'!C136+'SNA 08-2018'!C136+'SNA 09-2018'!C136+'SNA 10-2018'!C136+'SNA 11-2018'!C136+'SNA 12-2018'!C136 -> -54475 | D136: ='SNA 01-2018'!D136+'SNA 02-2018'!D136+'SNA 03-2018'!D136+'SNA 04-2018'!D136+'SNA 05-2018'!D136+'SNA 06-2018'!D136+'SNA 07-2018'!D136+'SNA 08-2018'!D136+'SNA 09-2018'!D136+'SNA 10-2018'!D136+'SNA 11-2018'!D136+'SNA 12-2018'!D136 -> 0 | E136: =SUM(B136:D136) -> -54475 | G136: ='SNA 01-2018'!G136+'SNA 02-2018'!G136+'SNA 03-2018'!G136+'SNA 04-2018'!G136+'SNA 05-2018'!G136+'SNA 06-2018'!G136+'SNA 07-2018'!G136+'SNA 08-2018'!G136+'SNA 09-2018'!G136+'SNA 10-2018'!G136+'SNA 11-2018'!G136+'SNA 12-2018'!G136 -> 0 | I136: ='SNA 01-2018'!I136+'SNA 02-2018'!I136+'SNA 03-2018'!I136+'SNA 04-2018'!I136+'SNA 05-2018'!I136+'SNA 06-2018'!I136+'SNA 07-2018'!I136+'SNA 08-2018'!I136+'SNA 09-2018'!I136+'SNA 10-2018'!I136+'SNA 11-2018'!I136+'SNA 12-2018'!I136 -> 0
A137: SOGIC | B137: ='SNA 01-2018'!B137+'SNA 02-2018'!B137+'SNA 03-2018'!B137+'SNA 04-2018'!B137+'SNA 05-2018'!B137+'SNA 06-2018'!B137+'SNA 07-2018'!B137+'SNA 08-2018'!B137+'SNA 09-2018'!B137+'SNA 10-2018'!B137+'SNA 11-2018'!B137+'SNA 12-2018'!B137 -> 0 | C137: ='SNA 01-2018'!C137+'SNA 02-2018'!C137+'SNA 03-2018'!C137+'SNA 04-2018'!C137+'SNA 05-2018'!C137+'SNA 06-2018'!C137+'SNA 07-2018'!C137+'SNA 08-2018'!C137+'SNA 09-2018'!C137+'SNA 10-2018'!C137+'SNA 11-2018'!C137+'SNA 12-2018'!C137 -> -406.864 | D137: ='SNA 01-2018'!D137+'SNA 02-2018'!D137+'SNA 03-2018'!D137+'SNA 04-2018'!D137+'SNA 05-2018'!D137+'SNA 06-2018'!D137+'SNA 07-2018'!D137+'SNA 08-2018'!D137+'SNA 09-2018'!D137+'SNA 10-2018'!D137+'SNA 11-2018'!D137+'SNA 12-2018'!D137 -> 0 | E137: =SUM(B137:D137) -> -406.864 | G137: ='SNA 01-2018'!G137+'SNA 02-2018'!G137+'SNA 03-2018'!G137+'SNA 04-2018'!G137+'SNA 05-2018'!G137+'SNA 06-2018'!G137+'SNA 07-2018'!G137+'SNA 08-2018'!G137+'SNA 09-2018'!G137+'SNA 10-2018'!G137+'SNA 11-2018'!G137+'SNA 12-2018'!G137 -> 0 | I137: ='SNA 01-2018'!I137+'SNA 02-2018'!I137+'SNA 03-2018'!I137+'SNA 04-2018'!I137+'SNA 05-2018'!I137+'SNA 06-2018'!I137+'SNA 07-2018'!I137+'SNA 08-2018'!I137+'SNA 09-2018'!I137+'SNA 10-2018'!I137+'SNA 11-2018'!I137+'SNA 12-2018'!I137 -> 0
A138: SOTRAPRO | B138: ='SNA 01-2018'!B138+'SNA 02-2018'!B138+'SNA 03-2018'!B138+'SNA 04-2018'!B138+'SNA 05-2018'!B138+'SNA 06-2018'!B138+'SNA 07-2018'!B138+'SNA 08-2018'!B138+'SNA 09-2018'!B138+'SNA 10-2018'!B138+'SNA 11-2018'!B138+'SNA 12-2018'!B138 -> 0 | C138: ='SNA 01-2018'!C138+'SNA 02-2018'!C138+'SNA 03-2018'!C138+'SNA 04-2018'!C138+'SNA 05-2018'!C138+'SNA 06-2018'!C138+'SNA 07-2018'!C138+'SNA 08-2018'!C138+'SNA 09-2018'!C138+'SNA 10-2018'!C138+'SNA 11-2018'!C138+'SNA 12-2018'!C138 -> -58456.298 | D138: ='SNA 01-2018'!D138+'SNA 02-2018'!D138+'SNA 03-2018'!D138+'SNA 04-2018'!D138+'SNA 05-2018'!D138+'SNA 06-2018'!D138+'SNA 07-2018'!D138+'SNA 08-2018'!D138+'SNA 09-2018'!D138+'SNA 10-2018'!D138+'SNA 11-2018'!D138+'SNA 12-2018'!D138 -> 0 | E138: =SUM(B138:D138) -> -58456.298 | G138: ='SNA 01-2018'!G138+'SNA 02-2018'!G138+'SNA 03-2018'!G138+'SNA 04-2018'!G138+'SNA 05-2018'!G138+'SNA 06-2018'!G138+'SNA 07-2018'!G138+'SNA 08-2018'!G138+'SNA 09-2018'!G138+'SNA 10-2018'!G138+'SNA 11-2018'!G138+'SNA 12-2018'!G138 -> 0 | I138: ='SNA 01-2018'!I138+'SNA 02-2018'!I138+'SNA 03-2018'!I138+'SNA 04-2018'!I138+'SNA 05-2018'!I138+'SNA 06-2018'!I138+'SNA 07-2018'!I138+'SNA 08-2018'!I138+'SNA 09-2018'!I138+'SNA 10-2018'!I138+'SNA 11-2018'!I138+'SNA 12-2018'!I138 -> 0
...
